Workbook

Sheet DADOS DA OBRA
A6: ESTADO DO PARÁ
A7: PREFEITURA MUNICIPAL DE ÓBIDOS
A8: CNPJ: 05.131.180/0001-64
A10: OBJETO: PAVIMENTAÇÃO E QUALIFICAÇÃO ASFALTICA DE VIAS URBANAS NO MUNICIPIO DE ÓBIDOS
A11: LOCAL: MUNCÍPIO DE ÓBIDOS
A13: DADOS DA OBRA
A15: PAVIMENTAÇÃO - CBUQ = 0,03M
A16: Item | B16: Vias Contempladas | C16: Comprimento | D16: Largura | E16: Área
C17: m | D17: m | E17: m²
A18: 1 | B18: TRAV MARIO TORRES | C18: 425 | D18: 7 | E18: =C18*D18 -> 2975
A19: 2 | B19: ISAAC HAMOY | C19: 420 | D19: 7 | E19: =C19*D19 -> 2940
A20: 3 | B20: JOSÉ SARAZIM FLORENZANO | C20: 730 | D20: 7 | E20: =C20*D20 -> 5110
A21: 4 | B21: RAIMUNDA ANTONIETA CANTO | C21: 1005 | D21: 7 | E21: =C21*D21 -> 7035
A22: 5 | B22: RUA BELA VISTA | C22: 210 | D22: 7 | E22: =C22*D22 -> 1470
A23: 6 | B23: RUA 26 DE JULHO | C23: 98 | D23: 7 | E23: =C23*D23 -> 686
A24: 7 | B24: RUA 4 DE OUTUBRO | C24: 165 | D24: 7 | E24: =C24*D24 -> 1155
A25: 8 | B25: RUA 1 DE JANEIRO | C25: 165 | D25: 7 | E25: =C25*D25 -> 1155
A26: 9 | B26: RUA 25 DE DEZEMBRO | C26: 170 | D26: 7 | E26: =C26*D26 -> 1190
A27: 10 | B27: RUA 13 DE MAIO | D27: 7 | E27: =C27*D27 -> 0 | G27: 98
A28: 11 | B28: RUA SEM DENOMINAÇÃO 1 | C28: 170 | D28: 7 | E28: =C28*D28 -> 1190
A29: 12 | B29: RUA SEM DENOMINAÇÃO 2 | D29: 7 | E29: =C29*D29 -> 0 | G29: 114
A30: 13 | B30: RUA SEM DENOMINAÇÃO 3 | C30: 172 | D30: 7 | E30: =C30*D30 -> 1204
A31: 14 | B31: RUA SEM DENOMINAÇÃO 4 | C31: 170 | D31: 7 | E31: =C31*D31 -> 1190
A32: 15 | B32: RUA SEM DENOMINAÇÃO 5 | D32: 7 | E32: =C32*D32 -> 0 | G32: =85+33 -> 118
A33: 16 | B33: TRAV INCONFIDENCIA | D33: 7 | E33: =C33*D33 -> 0 | G33: 160
A34: 17 | B34: TRAV JOSÉ TOMAS DE AQUINO | D34: 7 | E34: =C34*D34 -> 0 | G34: 180
A35: 18 | B35: TRAV INDEPENDENCIA | D35: 7 | E35: =C35*D35 -> 0 | G35: 280
A36: 19 | B36: TRAV 02 DE OUTUBRO | D36: 7 | E36: =C36*D36 -> 0 | G36: 290
A37: 20 | B37: RUA SANTOS DUMONT | D37: 9 | E37: =C37*D37 -> 0 | G37: 280
B38: TOTAL | C38: =SUM(C18:C37) -> 3900 | E38: =SUM(E18:E37) -> 27300
A40: Distância Média de Transporte (DMT)
B41: VIAS | C41: Usina de Asfalto
C42: km
B43: USINA DE ASFALTO - até a sede | C43: 6
B44: DMT ÓBIDOS-SANTARÉM | C44: 265.9

Sheet ORÇAMENTO  DESONERAÇÃO
A5: ='DADOS DA OBRA'!$A$6:$E$6 -> ESTADO DO PARÁ
A6: ='DADOS DA OBRA'!$A$7:$E$7 -> PREFEITURA MUNICIPAL DE ÓBIDOS
A7: ='DADOS DA OBRA'!A8:E8 -> CNPJ: 05.131.180/0001-64
A9: ='DADOS DA OBRA'!$A$10:$E$10 -> OBJETO: PAVIMENTAÇÃO E QUALIFICAÇÃO ASFALTICA DE VIAS URBANAS NO MUNICIPIO DE ÓBIDOS
A10: ='DADOS DA OBRA'!$A$11:$E$11 -> LOCAL: MUNCÍPIO DE ÓBIDOS
A11: PLANILHA ORÇAMENTÁRIA COM DESONERAÇÃO - BDI: | G11: =B.D.I!I28 -> 0.2977 | H11: REFERÊNCIA: | I11: SINAPI JUN/2023 DES
I12: SEDOP MAI/2023
I13: SICRO JAN/2023
H14: PRAZO: | I14: 180 DIAS
A16: Fonte | B16: Item | C16: Código | D16: Descrição | E16: Unidade | F16: Quantidade | G16: =IF(TIPOORCAMENTO="Licitado","","Custo Unitário (sem BDI) (R$)") -> Custo Unitário (sem BDI) (R$) | H16: Preço Unitário (com BDI) (R$) | I16: Preço Total (R$)
B18: 1 | D18: MOBILIZAÇÃO E DESMOBILIZAÇÃO
A19: Composição | B19: 1.1 | C19: ='CPU 01- MOBILIZAÇÃO'!A14 -> CPU 001 | D19: Mobilização e Desmobilização da Obra | E19: uni | F19: ='1.MOB.'!M45 -> 1 | G19: ='CPU 01- MOBILIZAÇÃO'!M14 -> 21943.83 | H19: =G19+(G19*$G$11) -> 28476.51 | I19: =ROUND((H19*F19),2) -> 28476.51
H20: TOTAL DO ITEM 02 | I20: =SUM(I19:I19) -> 28476.51
B22: 2 | D22: SERVIÇOS PRELIMINARES
A23: SEDOP | B23: 2.1 | C23: 10004 | D23: Placa da obra em chapa galvanizada | E23: m² | F23: ='2.SER.PREL.'!F21 -> 7.5 | G23: 548.96 | H23: =G23+(G23*$G$11) -> 712.39 | I23: =ROUND((H23*F23),2) -> 5342.93
H24: TOTAL DO ITEM 02 | I24: =SUM(I23:I23) -> 5342.93
B26: 3 | D26: PAVIMENTAÇÃO ÁSFALTICA
A27: Composição | B27: 3.1 | C27: CPU 02 | D27: Imprimação com asfalto diluído | E27: m² | F27: ='3.PAV.'!C43 -> 27300 | G27: 9.17 | H27: =G27+(G27*$G$11) -> 11.9 | I27: =ROUND((H27*F27),2) -> 324870
A28: Composição | B28: 3.2 | C28: CPU 03 | D28: Execução de pintura de ligação | E28: m² | F28: =F27 -> 27300 | G28: 2.95 | H28: =G28+(G28*$G$11) -> 3.83 | I28: =ROUND((H28*F28),2) -> 104559
A29: SINAPI | B29: 3.3 | C29: 95955 | D29: Execução de pavimento com aplicação de concreto asfaltico, camada de rolamento- exclusive carga e transporte. AF_11/2019 | E29: m³ | F29: ='3.PAV.'!C99 -> 819 | G29: 2634.97 | H29: =G29+(G29*$G$11) -> 3419.4 | I29: =ROUND((H29*F29),2) -> 2800488.6
A30: SINAPI | B30: 3.4 | C30: 95878 | D30: Transporte com caminhão basculante 10 m3 de massa asfáltica para pavimentação urbana | E30: m³xkm | F30: ='3.PAV.'!C128 -> 4914 | G30: 1.51 | H30: =G30+(G30*$G$11) -> 1.96 | I30: =ROUND((H30*F30),2) -> 9631.44
H31: TOTAL DO ITEM 04 | I31: =SUM(I27:I30) -> 3239549
A33: TOTAL GERAL | I33: =I20+I24+I31 -> 3273368.5
J34: concedente 3x | K34: =I33-K35 -> 2946031.6
J35: convenente 3x | K35: =I33*0.1 -> 327336.85
J37: concedente 3x | K37: =K34/3 -> 982010.54
J38: convenente 3x | K38: =K35/3 -> 109112.28

Sheet 1.MOB.
A4: ='DADOS DA OBRA'!$A$6:$E$6 -> ESTADO DO PARÁ
A5: ='DADOS DA OBRA'!$A$7:$E$7 -> PREFEITURA MUNICIPAL DE ÓBIDOS
A6: ='DADOS DA OBRA'!$A$8:$E$8 -> CNPJ: 05.131.180/0001-64
A7: ='DADOS DA OBRA'!$A$10:$E$10 -> OBJETO: PAVIMENTAÇÃO E QUALIFICAÇÃO ASFALTICA DE VIAS URBANAS NO MUNICIPIO DE ÓBIDOS
A8: ='DADOS DA OBRA'!$A$11:$E$11 -> LOCAL: MUNCÍPIO DE ÓBIDOS
A10: 2 | B10: MOBILIZAÇÃO E DESMOBILIZAÇÃO
A12: MEMÓRIA DE CÁLCULO - CAVALO MECÂNICO
A13: FONTE | B13: CÓDIGO | C13: SERVIÇOS | D13: EQUIPAMENTOS TRANSPORTADOS
D14: DESCRIÇÃO | H14: QUANT. | I14: FU | J14: QUANT. X FU | K14: FONTE | L14: CÓDIGO | M14: TRANSPORTE VIA
A15: SINAPI | B15: 96402 | C15: EXECUÇÃO DE PINTURA DE LIGAÇÃO COM EMULSÃO ASFÁLTICA RR-2C. AF_11/2019 | D15: TRATOR DE PNEUS, POTÊNCIA 85 CV, TRAÇÃO 4X4, PESO COM LASTRO DE 4.675 KG | H15: 1 | I15: 1 | J15: 1 | K15: SINAPI | L15: 5837 | M15: Cavalo mecânico com semi-reboque e capacidade de 35 t - 210 Kw
A17: SINAPI | B17: 95995 | C17: CONSTRUÇÃO DE PAVIMENTO COM APLICAÇÃO DE CONCRETO BETUMINOSO USINADO A QUENTE (CBUQ), CAMADA DE ROLAMENTO, COM ESPESSURA DE 3,0 CM - EXCLUSIVE TRANSPORTE. AF_03/2017 | D17: VIBROACABADORA DE ASFALTO SOBRE ESTEIRAS, LARGURA DE PAVIMENTAÇÃO 1,90M A 5,30 M, POTÊNCIA 105 HP CAPACIDADE 450 T/H | H17: 2 | I17: 1 | J17: 2 | K17: SINAPI | L17: 5837 | M17: Cavalo mecânico com semi-reboque e capacidade de 35 t - 210 Kw
D18: ROLO COMPACTADOR VIBRATORIO TANDEM, ACO LISO, POTENCIA 125 HP, PESO SEM/COM LASTRO 10,20/11,65 T, LARGURA DE TRABALHO 1,73 M | H18: 2 | I18: 1 | K18: SINAPI | L18: 95632 | M18: Cavalo mecânico com semi-reboque e capacidade de 35 t - 210 Kw
A19: TOTAL DE VEÍCULOS TRANSPORTADOS | J19: =ROUNDUP(SUM(J15:J18),0) -> 3
A21: MEMÓRIA DE CÁLCULO - CAMINHÃO TOCO
A22: FONTE | B22: CÓDIGO | C22: SERVIÇOS | D22: EQUIPAMENTOS
D23: DESCRIÇÃO | H23: QUANT. | I23: FU | J23: QUANT. X FU | K23: FONTE | L23: CÓDIGO | M23: TRANSPORTE VIA
A24: SINAPI | B24: 72943 | C24: EXECUÇÃO DE PINTURA DE LIGAÇÃO COM EMULSÃO ASFÁLTICA RR-2C. AF_11/2019 | D24: VASSOURA MECÂNICA REBOCÁVEL COM ESCOVA CILÍNDRICA, LARGURA ÚTIL DE VARRIMENTO DE 2,44 M | H24: 1 | I24: 1 | J24: =H24*I24 -> 1 | K24: SINAPI | L24: 5841 | M24: Caminhão Toco
A26: SINAPI | B26: 72947 | C26: SINALIZACAO HORIZONTAL COM TINTA RETRORREFLETIVA A BASE DE RESINA ACRILICA COM MICROESFERAS DE VIDRO | D26: MÁQUINA DEMARCADORA DE FAIXA DE TRÁFEGO À FRIO, AUTOPROPELIDA, POTÊNCIA 38 HP | H26: 1 | I26: 1 | J26: =H26*I26 -> 1 | K26: SINAPI | L26: 96159 | M26: Caminhão Toco
A27: SINAPI | B27: 72947 | C27: SINALIZACAO HORIZONTAL COM TINTA RETRORREFLETIVA A BASE DE RESINA ACRILICA COM MICROESFERAS DE VIDRO | D27: CAMINHÃO TOCO, PBT 16.000 KG, CARGA ÚTIL MÁX. 10.685 KG, DIST. ENTRE EIXOS 4,8 M, POTÊNCIA 189 CV, INCLUSIVE CARROCERIA FIXA ABERTA DE MADEIRA P/ TRANSPORTE GERAL DE CARGA SECA, DIMEN. APROX. 2,5 X 7,00 X 0,50 M | H27: 1 | I27: 1 | J27: =H27*I27 -> 1 | K27: SINAPI | L27: 5824 | M27: Condução por Conta Própria
A28: TOTAL DE VEÍCULOS TRANSPORTADOS | J28: =ROUNDUP(SUM(J24:J27),0) -> 3
A30: MEMÓRIA DE CÁLCULO - CAMINHÃO BASCULANTE 10 M3
A31: FONTE | B31: CÓDIGO | C31: SERVIÇOS | D31: EQUIPAMENTOS
D32: DESCRIÇÃO | H32: QUANT. | I32: FU | J32: QUANT. X FU | K32: FONTE | L32: CÓDIGO | M32: TRANSPORTE VIA
A33: SINAPI | B33: 95303 | C33: TRANSPORTE COM CAMINHÃO BASCULANTE DE 18 M³, EM VIA URBANA PAVIMENTADA, ADICIONAL PARA DMT EXCEDENTE A 30 KM (UNIDADE: M3XKM). AF_07/2020 | D33: CAMINHÃO BASCULANTE 10 M3, TRUCADO CABINE SIMPLES, PESO BRUTO TOTAL 23.000 KG, CARGA ÚTIL MÁXIMA 15.935 KG, DISTÂNCIA ENTRE EIXOS 4,80 M, POTÊNCIA 230 CV INCLUSIVE CAÇAMBA METÁLICA - CHP DIURNO. AF_06/2014 | H33: 2 | I33: 1 | J33: =ROUND(H33*I33,2) -> 2 | K33: SINAPI | L33: 91386 | M33: Condução por Conta Própria
A35: TOTAL DE VEÍCULOS TRANSPORTADOS | J35: =ROUNDUP(SUM(J33),0) -> 2
A37: MEMÓRIA DE CÁLCULO - ESPARGIDOR DE ASFALTO PRESSURIZADO
A38: FONTE | B38: CÓDIGO | C38: SERVIÇOS | D38: EQUIPAMENTOS
D39: DESCRIÇÃO | H39: QUANT. | I39: FU | J39: QUANT. X FU | K39: FONTE | L39: CÓDIGO | M39: TRANSPORTE VIA
A40: SINAPI | B40: 72943 | C40: EXECUÇÃO DE PINTURA DE LIGAÇÃO COM EMULSÃO ASFÁLTICA RR-2C. AF_11/2019 | D40: ESPARGIDOR DE ASFALTO PRESSURIZADO, TANQUE 6 M3 COM ISOLAÇÃO TÉRMICA, AQUECIDO COM 2 MAÇARICOS, COM BARRA ESPARGIDORA 3,60 M, MONTADO SOBRE CAMINHÃO TOCO, PBT 14.300 KG, POTÊNCIA 185 CV - CHP DIURNO. AF_08/2015 | H40: 1 | I40: 1 | J40: =ROUND(H40*I40,2) -> 1 | K40: SINAPI | L40: 83362 | M40: Condução por Conta Própria
A42: TOTAL DE VEÍCULOS TRANSPORTADOS | J42: =ROUNDUP(SUM(J40),0) -> 1
G44: MOBILIZAÇÃO | M44: 1
M45: =SUM(M44:M44) -> 1
A47: CALCULA-SE O FRETE UTILIZANDO A DURAÇÃO DO PERCURSO (EM HORAS), ATRAVÉS DA DISTÂNCIA DIVIDA PELA VELOCIDADE MÉDIA:
A48: DISTÂNCIA DE 50 KM (Quatipuru/Capanama)
A49: VELOCIDADE MÉDIA EM RODOVIA PAVIMENTADA = 60KM/H;
A50: CMob = REPRESENTA O CUSTO DE MOBILIZAÇÃO;
A51: DM = REPRESENTA A DISTÂNCIA DE MOBILIZAÇÃO, EM QUILÔMETROS (KM) OU EM MILHAS NÁUTICAS (MI);
A52: K = REPRESENTA O FATOR RELACIONADO À NECESSIDADE DE RETORNO DO VEÍCULO A SUA ORIGEM;
A53: FU = REPRESENTA O FATOR DE UTILIZAÇÃO DO VEÍCULO TRANSPORTADOR
A54: V = REPRESENTA A VELOCIDADE MÉDIA DE TRANSPORTE, EM KM/H OU NÓS;
A55: CH = REPRESENTA O CUSTO HORÁRIO DO VEÍCULO TRANSPORTADOR.

Sheet 2.SER.PREL.
A6: ='DADOS DA OBRA'!$A$6:$E$6 -> ESTADO DO PARÁ
A7: ='DADOS DA OBRA'!$A$7:$E$7 -> PREFEITURA MUNICIPAL DE ÓBIDOS
A8: ='DADOS DA OBRA'!$A$8:$E$8 -> CNPJ: 05.131.180/0001-64
A10: ='DADOS DA OBRA'!$A$10:$E$10 -> OBJETO: PAVIMENTAÇÃO E QUALIFICAÇÃO ASFALTICA DE VIAS URBANAS NO MUNICIPIO DE ÓBIDOS
A11: ='DADOS DA OBRA'!$A$11:$E$11 -> LOCAL: MUNCÍPIO DE ÓBIDOS
A13: MEMORIAL DE CALCULO E QUANTITATIVOS
A15: ='ORÇAMENTO DESONERAÇÃO'!B22 -> 2 | B15: ='ORÇAMENTO DESONERAÇÃO'!D22 -> SERVIÇOS PRELIMINARES
A17: ='ORÇAMENTO DESONERAÇÃO'!B23 -> 2.1 | B17: ='ORÇAMENTO DESONERAÇÃO'!D23 -> Placa da obra em chapa galvanizada
A18: Comp. | C18: Altura | E18: Quant | G18: Área
A19: 3 | B19: x | C19: 2.5 | D19: x | E19: 1 | F19: x | G19: =A19*C19*E19 -> 7.5
E21: Total | F21: =G19 -> 7.5 | G21: m²

Sheet 3. REV PRI
A6: ='DADOS DA OBRA'!$A$6:$E$6 -> ESTADO DO PARÁ
A7: ='DADOS DA OBRA'!$A$7:$E$7 -> PREFEITURA MUNICIPAL DE ÓBIDOS
A8: ='DADOS DA OBRA'!$A$8:$E$8 -> CNPJ: 05.131.180/0001-64
A10: ='DADOS DA OBRA'!$A$10:$E$10 -> OBJETO: PAVIMENTAÇÃO E QUALIFICAÇÃO ASFALTICA DE VIAS URBANAS NO MUNICIPIO DE ÓBIDOS
A11: ='DADOS DA OBRA'!$A$11:$E$11 -> LOCAL: MUNCÍPIO DE ÓBIDOS
A13: MEMORIA DE CALCULO
A15: ='ORÇAMENTO DESONERAÇÃO'!#REF! -> #REF! | B15: ='ORÇAMENTO DESONERAÇÃO'!#REF! -> #REF!
A17: ='ORÇAMENTO DESONERAÇÃO'!#REF! -> #REF! | B17: ='ORÇAMENTO DESONERAÇÃO'!#REF! -> #REF!
B18: Vias Contempladas | C18: Comp. | D18: x | E18: Largura | F18: = | G18: Área
C19: m | E19: m | G19: m²
A20: ='DADOS DA OBRA'!A15:E15 -> PAVIMENTAÇÃO - CBUQ = 0,03M
A21: ='DADOS DA OBRA'!A18 -> 1 | B21: ='DADOS DA OBRA'!B18 -> TRAV MARIO TORRES | C21: ='DADOS DA OBRA'!C18 -> 425 | D21: x | E21: ='DADOS DA OBRA'!D18 -> 7 | F21: = | G21: =C21*E21 -> 2975
A22: ='DADOS DA OBRA'!A19 -> 2 | B22: ='DADOS DA OBRA'!B19 -> ISAAC HAMOY | C22: ='DADOS DA OBRA'!C19 -> 420 | D22: x | E22: ='DADOS DA OBRA'!D19 -> 7 | F22: = | G22: =C22*E22 -> 2940
A23: ='DADOS DA OBRA'!A20 -> 3 | B23: ='DADOS DA OBRA'!B20 -> JOSÉ SARAZIM FLORENZANO | C23: ='DADOS DA OBRA'!C20 -> 730 | D23: x | E23: ='DADOS DA OBRA'!D20 -> 7 | F23: = | G23: =C23*E23 -> 5110
A24: ='DADOS DA OBRA'!A21 -> 4 | B24: ='DADOS DA OBRA'!B21 -> RAIMUNDA ANTONIETA CANTO | C24: ='DADOS DA OBRA'!C21 -> 1005 | D24: x | E24: ='DADOS DA OBRA'!D21 -> 7 | F24: = | G24: =C24*E24 -> 7035
A25: ='DADOS DA OBRA'!A22 -> 5 | B25: ='DADOS DA OBRA'!B22 -> RUA BELA VISTA | C25: ='DADOS DA OBRA'!C22 -> 210 | D25: x | E25: ='DADOS DA OBRA'!D22 -> 7 | F25: = | G25: =C25*E25 -> 1470
A26: ='DADOS DA OBRA'!A23 -> 6 | B26: ='DADOS DA OBRA'!B23 -> RUA 26 DE JULHO | C26: ='DADOS DA OBRA'!C23 -> 98 | D26: x | E26: ='DADOS DA OBRA'!D23 -> 7 | F26: = | G26: =C26*E26 -> 686
A27: ='DADOS DA OBRA'!A24 -> 7 | B27: ='DADOS DA OBRA'!B24 -> RUA 4 DE OUTUBRO | C27: ='DADOS DA OBRA'!C24 -> 165 | D27: x | E27: ='DADOS DA OBRA'!D24 -> 7 | F27: = | G27: =C27*E27 -> 1155
A28: ='DADOS DA OBRA'!A25 -> 8 | B28: ='DADOS DA OBRA'!B25 -> RUA 1 DE JANEIRO | C28: ='DADOS DA OBRA'!C25 -> 165 | D28: x | E28: ='DADOS DA OBRA'!D25 -> 7 | F28: = | G28: =C28*E28 -> 1155
A29: ='DADOS DA OBRA'!A26 -> 9 | B29: ='DADOS DA OBRA'!B26 -> RUA 25 DE DEZEMBRO | C29: ='DADOS DA OBRA'!C26 -> 170 | D29: x | E29: ='DADOS DA OBRA'!D26 -> 7 | F29: = | G29: =C29*E29 -> 1190
A30: ='DADOS DA OBRA'!A27 -> 10 | B30: ='DADOS DA OBRA'!B27 -> RUA 13 DE MAIO | C30: ='DADOS DA OBRA'!C27 -> 0 | D30: x | E30: ='DADOS DA OBRA'!D28 -> 7 | F30: = | G30: =C30*E30 -> 0
A31: ='DADOS DA OBRA'!A28 -> 11 | B31: ='DADOS DA OBRA'!B28 -> RUA SEM DENOMINAÇÃO 1 | C31: ='DADOS DA OBRA'!C28 -> 170 | D31: x | E31: ='DADOS DA OBRA'!D29 -> 7 | F31: = | G31: =C31*E31 -> 1190
A32: ='DADOS DA OBRA'!A29 -> 12 | B32: ='DADOS DA OBRA'!B29 -> RUA SEM DENOMINAÇÃO 2 | C32: ='DADOS DA OBRA'!C29 -> 0 | D32: x | E32: ='DADOS DA OBRA'!D30 -> 7 | F32: = | G32: =C32*E32 -> 0
A33: ='DADOS DA OBRA'!A30 -> 13 | B33: ='DADOS DA OBRA'!B30 -> RUA SEM DENOMINAÇÃO 3 | C33: ='DADOS DA OBRA'!C30 -> 172 | D33: x | E33: ='DADOS DA OBRA'!D31 -> 7 | F33: = | G33: =C33*E33 -> 1204
A34: ='DADOS DA OBRA'!A31 -> 14 | B34: ='DADOS DA OBRA'!B31 -> RUA SEM DENOMINAÇÃO 4 | C34: ='DADOS DA OBRA'!C31 -> 170 | D34: x | E34: ='DADOS DA OBRA'!D32 -> 7 | F34: = | G34: =C34*E34 -> 1190
A35: ='DADOS DA OBRA'!A32 -> 15 | B35: ='DADOS DA OBRA'!B32 -> RUA SEM DENOMINAÇÃO 5 | C35: ='DADOS DA OBRA'!C32 -> 0 | D35: x | E35: ='DADOS DA OBRA'!D33 -> 7 | F35: = | G35: =C35*E35 -> 0
A36: ='DADOS DA OBRA'!A33 -> 16 | B36: ='DADOS DA OBRA'!B33 -> TRAV INCONFIDENCIA | C36: ='DADOS DA OBRA'!C33 -> 0 | D36: x | E36: ='DADOS DA OBRA'!D34 -> 7 | F36: = | G36: =C36*E36 -> 0
A37: ='DADOS DA OBRA'!A34 -> 17 | B37: ='DADOS DA OBRA'!B34 -> TRAV JOSÉ TOMAS DE AQUINO | C37: ='DADOS DA OBRA'!C34 -> 0 | D37: x | E37: ='DADOS DA OBRA'!D35 -> 7 | F37: = | G37: =C37*E37 -> 0
A38: ='DADOS DA OBRA'!A35 -> 18 | B38: ='DADOS DA OBRA'!B35 -> TRAV INDEPENDENCIA | C38: ='DADOS DA OBRA'!C35 -> 0 | D38: x | E38: ='DADOS DA OBRA'!D36 -> 7 | F38: = | G38: =C38*E38 -> 0
A39: ='DADOS DA OBRA'!A36 -> 19 | B39: ='DADOS DA OBRA'!B36 -> TRAV 02 DE OUTUBRO | C39: ='DADOS DA OBRA'!C36 -> 0 | D39: x | E39: ='DADOS DA OBRA'!D37 -> 9 | F39: = | G39: =C39*E39 -> 0
G40: =SUM(G21:G39) -> 27300
B42: TOTAL | C42: =G40 -> 27300 | D42: m²
A44: ='ORÇAMENTO DESONERAÇÃO'!#REF! -> #REF! | B44: ='ORÇAMENTO DESONERAÇÃO'!#REF! -> #REF!
B45: Vias Contempladas | C45: Comp. | D45: x | E45: Largura | F45: = | G45: Área
C46: m | E46: m | G46: m²
A47: ='DADOS DA OBRA'!A15:E15 -> PAVIMENTAÇÃO - CBUQ = 0,03M
A48: ='DADOS DA OBRA'!A18 -> 1 | B48: ='DADOS DA OBRA'!B18 -> TRAV MARIO TORRES | C48: ='DADOS DA OBRA'!C18 -> 425 | D48: x | E48: ='DADOS DA OBRA'!D18 -> 7 | F48: = | G48: =C48*E48 -> 2975
A49: ='DADOS DA OBRA'!A19 -> 2 | B49: ='DADOS DA OBRA'!B19 -> ISAAC HAMOY | C49: ='DADOS DA OBRA'!C19 -> 420 | D49: x | E49: ='DADOS DA OBRA'!D19 -> 7 | F49: = | G49: =C49*E49 -> 2940
A50: ='DADOS DA OBRA'!A20 -> 3 | B50: ='DADOS DA OBRA'!B20 -> JOSÉ SARAZIM FLORENZANO | C50: ='DADOS DA OBRA'!C20 -> 730 | D50: x | E50: ='DADOS DA OBRA'!D20 -> 7 | F50: = | G50: =C50*E50 -> 5110
A51: ='DADOS DA OBRA'!A21 -> 4 | B51: ='DADOS DA OBRA'!B21 -> RAIMUNDA ANTONIETA CANTO | C51: ='DADOS DA OBRA'!C21 -> 1005 | D51: x | E51: ='DADOS DA OBRA'!D21 -> 7 | F51: = | G51: =C51*E51 -> 7035
A52: ='DADOS DA OBRA'!A22 -> 5 | B52: ='DADOS DA OBRA'!B22 -> RUA BELA VISTA | C52: ='DADOS DA OBRA'!C22 -> 210 | D52: x | E52: ='DADOS DA OBRA'!D22 -> 7 | F52: = | G52: =C52*E52 -> 1470
A53: ='DADOS DA OBRA'!A23 -> 6 | B53: ='DADOS DA OBRA'!B23 -> RUA 26 DE JULHO | C53: ='DADOS DA OBRA'!C23 -> 98 | D53: x | E53: ='DADOS DA OBRA'!D23 -> 7 | F53: = | G53: =C53*E53 -> 686
A54: ='DADOS DA OBRA'!A24 -> 7 | B54: ='DADOS DA OBRA'!B24 -> RUA 4 DE OUTUBRO | C54: ='DADOS DA OBRA'!C24 -> 165 | D54: x | E54: ='DADOS DA OBRA'!D24 -> 7 | F54: = | G54: =C54*E54 -> 1155
A55: ='DADOS DA OBRA'!A25 -> 8 | B55: ='DADOS DA OBRA'!B25 -> RUA 1 DE JANEIRO | C55: ='DADOS DA OBRA'!C25 -> 165 | D55: x | E55: ='DADOS DA OBRA'!D25 -> 7 | F55: = | G55: =C55*E55 -> 1155
A56: ='DADOS DA OBRA'!A26 -> 9 | B56: ='DADOS DA OBRA'!B26 -> RUA 25 DE DEZEMBRO | C56: ='DADOS DA OBRA'!C26 -> 170 | D56: x | E56: ='DADOS DA OBRA'!D26 -> 7 | F56: = | G56: =C56*E56 -> 1190
A57: ='DADOS DA OBRA'!A27 -> 10 | B57: ='DADOS DA OBRA'!B27 -> RUA 13 DE MAIO | C57: ='DADOS DA OBRA'!C27 -> 0 | D57: x | E57: ='DADOS DA OBRA'!D27 -> 7 | F57: = | G57: =C57*E57 -> 0
A58: ='DADOS DA OBRA'!A28 -> 11 | B58: ='DADOS DA OBRA'!B28 -> RUA SEM DENOMINAÇÃO 1 | C58: ='DADOS DA OBRA'!C28 -> 170 | D58: x | E58: ='DADOS DA OBRA'!D28 -> 7 | F58: = | G58: =C58*E58 -> 1190
A59: ='DADOS DA OBRA'!A29 -> 12 | B59: ='DADOS DA OBRA'!B29 -> RUA SEM DENOMINAÇÃO 2 | C59: ='DADOS DA OBRA'!C29 -> 0 | D59: x | E59: ='DADOS DA OBRA'!D29 -> 7 | F59: = | G59: =C59*E59 -> 0
... A62: ='DADOS DA OBRA'!A32 -> 15 | B62: ='DADOS DA OBRA'!B32 -> RUA SEM DENOMINAÇÃO 5 | C62: ='DADOS DA OBRA'!C32 -> 0 | D62: x | E62: ='DADOS DA OBRA'!D32 -> 7 | F62: = | G62: =C62*E62 -> 0
A63: ='DADOS DA OBRA'!A37 -> 20 | B63: ='DADOS DA OBRA'!B37 -> RUA SANTOS DUMONT | C63: ='DADOS DA OBRA'!C37 -> 0 | D63: x | E63: ='DADOS DA OBRA'!D33 -> 7 | F63: = | G63: =C63*E63 -> 0
G64: =SUM(G48:G63) -> 27300
B66: TOTAL | C66: =G64 -> 27300 | D66: m²
A68: ='ORÇAMENTO DESONERAÇÃO'!#REF! -> #REF! | B68: ='ORÇAMENTO DESONERAÇÃO'!#REF! -> #REF!
B69: Vias Contempladas | C69: Comp. | D69: x | E69: Largura | F69: = | G69: Esp | H69: = | I69: Vol
C70: m | E70: m | G70: m | I70: m³
A71: =A47 -> PAVIMENTAÇÃO - CBUQ = 0,03M
A72: ='DADOS DA OBRA'!A18 -> 1 | B72: ='DADOS DA OBRA'!B18 -> TRAV MARIO TORRES | C72: ='DADOS DA OBRA'!C18 -> 425 | E72: ='DADOS DA OBRA'!D18 -> 7 | G72: 0.15 | I72: =E72*G72*C72 -> 446.25
A73: ='DADOS DA OBRA'!A19 -> 2 | B73: ='DADOS DA OBRA'!B19 -> ISAAC HAMOY | C73: ='DADOS DA OBRA'!C19 -> 420 | E73: ='DADOS DA OBRA'!D22 -> 7 | G73: 0.15 | I73: =E73*G73*C73 -> 441
A74: ='DADOS DA OBRA'!A20 -> 3 | B74: ='DADOS DA OBRA'!B20 -> JOSÉ SARAZIM FLORENZANO | C74: ='DADOS DA OBRA'!C20 -> 730 | E74: ='DADOS DA OBRA'!D23 -> 7 | G74: 0.15 | I74: =E74*G74*C74 -> 766.5
A75: ='DADOS DA OBRA'!A21 -> 4 | B75: ='DADOS DA OBRA'!B21 -> RAIMUNDA ANTONIETA CANTO | C75: ='DADOS DA OBRA'!C21 -> 1005 | E75: ='DADOS DA OBRA'!D24 -> 7 | G75: 0.15 | I75: =E75*G75*C75 -> 1055.25
A76: ='DADOS DA OBRA'!A22 -> 5 | B76: ='DADOS DA OBRA'!B22 -> RUA BELA VISTA | C76: ='DADOS DA OBRA'!C22 -> 210 | E76: ='DADOS DA OBRA'!D25 -> 7 | G76: 0.15 | I76: =E76*G76*C76 -> 220.5
A77: ='DADOS DA OBRA'!A23 -> 6 | B77: ='DADOS DA OBRA'!B23 -> RUA 26 DE JULHO | C77: ='DADOS DA OBRA'!C23 -> 98 | E77: ='DADOS DA OBRA'!D26 -> 7 | G77: 0.15 | I77: =E77*G77*C77 -> 102.9
A78: ='DADOS DA OBRA'!A24 -> 7 | B78: ='DADOS DA OBRA'!B24 -> RUA 4 DE OUTUBRO | C78: ='DADOS DA OBRA'!C24 -> 165 | E78: ='DADOS DA OBRA'!D28 -> 7 | G78: 0.15 | I78: =E78*G78*C78 -> 173.25
A79: ='DADOS DA OBRA'!A25 -> 8 | B79: ='DADOS DA OBRA'!B25 -> RUA 1 DE JANEIRO | C79: ='DADOS DA OBRA'!C25 -> 165 | E79: ='DADOS DA OBRA'!D29 -> 7 | G79: 0.15 | I79: =E79*G79*C79 -> 173.25
A80: ='DADOS DA OBRA'!A26 -> 9 | B80: ='DADOS DA OBRA'!B26 -> RUA 25 DE DEZEMBRO | C80: ='DADOS DA OBRA'!C26 -> 170 | E80: ='DADOS DA OBRA'!D30 -> 7 | G80: 0.15 | I80: =E80*G80*C80 -> 178.5
A81: ='DADOS DA OBRA'!A27 -> 10 | B81: ='DADOS DA OBRA'!B27 -> RUA 13 DE MAIO | C81: ='DADOS DA OBRA'!C27 -> 0 | E81: ='DADOS DA OBRA'!D31 -> 7 | G81: 0.15 | I81: =E81*G81*C81 -> 0
A82: ='DADOS DA OBRA'!A28 -> 11 | B82: ='DADOS DA OBRA'!B28 -> RUA SEM DENOMINAÇÃO 1 | C82: ='DADOS DA OBRA'!C28 -> 170 | E82: ='DADOS DA OBRA'!D32 -> 7 | G82: 0.15 | I82: =E82*G82*C82 -> 178.5
A83: ='DADOS DA OBRA'!A29 -> 12 | B83: ='DADOS DA OBRA'!B29 -> RUA SEM DENOMINAÇÃO 2 | C83: ='DADOS DA OBRA'!C29 -> 0 | E83: ='DADOS DA OBRA'!D33 -> 7 | G83: 0.15 | I83: =E83*G83*C83 -> 0
A84: ='DADOS DA OBRA'!A30 -> 13 | B84: ='DADOS DA OBRA'!B30 -> RUA SEM DENOMINAÇÃO 3 | C84: ='DADOS DA OBRA'!C30 -> 172 | E84: ='DADOS DA OBRA'!D34 -> 7 | G84: 0.15 | I84: =E84*G84*C84 -> 180.6
A85: ='DADOS DA OBRA'!A31 -> 14 | B85: ='DADOS DA OBRA'!B31 -> RUA SEM DENOMINAÇÃO 4 | C85: ='DADOS DA OBRA'!C31 -> 170 | E85: ='DADOS DA OBRA'!D35 -> 7 | G85: 0.15 | I85: =E85*G85*C85 -> 178.5
A86: ='DADOS DA OBRA'!A32 -> 15 | B86: ='DADOS DA OBRA'!B32 -> RUA SEM DENOMINAÇÃO 5 | C86: ='DADOS DA OBRA'!C32 -> 0 | E86: ='DADOS DA OBRA'!D36 -> 7 | G86: 0.15 | I86: =E86*G86*C86 -> 0
A87: ='DADOS DA OBRA'!A33 -> 16 | B87: ='DADOS DA OBRA'!B33 -> TRAV INCONFIDENCIA | C87: ='DADOS DA OBRA'!C33 -> 0 | E87: ='DADOS DA OBRA'!D37 -> 9 | G87: 0.15 | I87: =E87*G87*C87 -> 0
A88: ='DADOS DA OBRA'!A34 -> 17 | B88: ='DADOS DA OBRA'!B34 -> TRAV JOSÉ TOMAS DE AQUINO | C88: ='DADOS DA OBRA'!C34 -> 0 | E88: ='DADOS DA OBRA'!D38 -> 0 | G88: 1.15 | I88: =E88*G88*C88 -> 0
A89: ='DADOS DA OBRA'!A35 -> 18 | B89: ='DADOS DA OBRA'!B35 -> TRAV INDEPENDENCIA | C89: ='DADOS DA OBRA'!C35 -> 0 | E89: ='DADOS DA OBRA'!D39 -> 0 | G89: 2.15 | I89: =E89*G89*C89 -> 0
... A91: ='DADOS DA OBRA'!A37 -> 20 | B91: ='DADOS DA OBRA'!B37 -> RUA SANTOS DUMONT | C91: ='DADOS DA OBRA'!C37 -> 0 | E91: ='DADOS DA OBRA'!D41 -> 0 | G91: 4.15 | I91: =E91*G91*C91 -> 0
I92: =SUM(I72:I91) -> 4095
B94: TOTAL | C94: =I92 -> 4095 | D94: m²
A96: ='ORÇAMENTO DESONERAÇÃO'!#REF! -> #REF! | B96: ='ORÇAMENTO DESONERAÇÃO'!#REF! -> #REF!
B97: Vias Contempladas | C97: Volume | D97: x | E97: Distancia | F97: x | G97: Área
C98: m³ | E98: km | G98: t*km
A99: RECAPEAMENTO
A100: ='DADOS DA OBRA'!A18 -> 1 | B100: ='DADOS DA OBRA'!B18 -> TRAV MARIO TORRES | C100: =I72 -> 446.25 | D100: x | E100: ='DADOS DA OBRA'!$C$43 -> 6 | F100: x | G100: =ROUND(C100*E100,2) -> 2677.5
A101: ='DADOS DA OBRA'!A19 -> 2 | B101: ='DADOS DA OBRA'!B19 -> ISAAC HAMOY | C101: =I73 -> 441 | D101: x | E101: ='DADOS DA OBRA'!$C$43 -> 6 | F101: x | G101: =ROUND(C101*E101,2) -> 2646
A102: ='DADOS DA OBRA'!A20 -> 3 | B102: ='DADOS DA OBRA'!B20 -> JOSÉ SARAZIM FLORENZANO | C102: =I74 -> 766.5 | D102: x | E102: ='DADOS DA OBRA'!$C$43 -> 6 | F102: x | G102: =ROUND(C102*E102,2) -> 4599
A103: ='DADOS DA OBRA'!A21 -> 4 | B103: ='DADOS DA OBRA'!B21 -> RAIMUNDA ANTONIETA CANTO | C103: =I75 -> 1055.25 | D103: x | E103: ='DADOS DA OBRA'!$C$43 -> 6 | F103: x | G103: =ROUND(C103*E103,2) -> 6331.5
A104: ='DADOS DA OBRA'!A22 -> 5 | B104: ='DADOS DA OBRA'!B22 -> RUA BELA VISTA | C104: =I76 -> 220.5 | D104: x | E104: ='DADOS DA OBRA'!$C$43 -> 6 | F104: x | G104: =ROUND(C104*E104,2) -> 1323
A105: ='DADOS DA OBRA'!A23 -> 6 | B105: ='DADOS DA OBRA'!B23 -> RUA 26 DE JULHO | C105: =I77 -> 102.9 | D105: x | E105: ='DADOS DA OBRA'!$C$43 -> 6 | F105: x | G105: =ROUND(C105*E105,2) -> 617.4
A106: ='DADOS DA OBRA'!A24 -> 7 | B106: ='DADOS DA OBRA'!B24 -> RUA 4 DE OUTUBRO | C106: =I78 -> 173.25 | D106: x | E106: ='DADOS DA OBRA'!$C$43 -> 6 | F106: x | G106: =ROUND(C106*E106,2) -> 1039.5
A107: ='DADOS DA OBRA'!A25 -> 8 | B107: ='DADOS DA OBRA'!B25 -> RUA 1 DE JANEIRO | C107: =I79 -> 173.25 | D107: x | E107: ='DADOS DA OBRA'!$C$43 -> 6 | F107: x | G107: =ROUND(C107*E107,2) -> 1039.5
A108: ='DADOS DA OBRA'!A26 -> 9 | B108: ='DADOS DA OBRA'!B26 -> RUA 25 DE DEZEMBRO | C108: =I80 -> 178.5 | D108: x | E108: ='DADOS DA OBRA'!$C$43 -> 6 | F108: x | G108: =ROUND(C108*E108,2) -> 1071
A109: ='DADOS DA OBRA'!A27 -> 10 | B109: ='DADOS DA OBRA'!B27 -> RUA 13 DE MAIO | C109: =I81 -> 0 | D109: x | E109: ='DADOS DA OBRA'!$C$43 -> 6 | F109: x | G109: =ROUND(C109*E109,2) -> 0
A110: ='DADOS DA OBRA'!A28 -> 11 | B110: ='DADOS DA OBRA'!B28 -> RUA SEM DENOMINAÇÃO 1 | C110: =I82 -> 178.5 | D110: x | E110: ='DADOS DA OBRA'!$C$43 -> 6 | F110: x | G110: =ROUND(C110*E110,2) -> 1071
A111: ='DADOS DA OBRA'!A29 -> 12 | B111: ='DADOS DA OBRA'!B29 -> RUA SEM DENOMINAÇÃO 2 | C111: =I83 -> 0 | D111: x | E111: ='DADOS DA OBRA'!$C$43 -> 6 | F111: x | G111: =ROUND(C111*E111,2) -> 0
... A119: ='DADOS DA OBRA'!A37 -> 20 | B119: ='DADOS DA OBRA'!B37 -> RUA SANTOS DUMONT | C119: =I91 -> 0 | D119: x | E119: ='DADOS DA OBRA'!$C$43 -> 6 | F119: x | G119: =ROUND(C119*E119,2) -> 0
G120: =SUM(G100:G119) -> 24570
B122: TOTAL | C122: =G120 -> 24570 | D122: m²

Sheet 3.PAV.
A6: ='DADOS DA OBRA'!$A$6:$E$6 -> ESTADO DO PARÁ
A7: ='DADOS DA OBRA'!$A$7:$E$7 -> PREFEITURA MUNICIPAL DE ÓBIDOS
A8: ='DADOS DA OBRA'!$A$8:$E$8 -> CNPJ: 05.131.180/0001-64
A10: ='DADOS DA OBRA'!$A$10:$E$10 -> OBJETO: PAVIMENTAÇÃO E QUALIFICAÇÃO ASFALTICA DE VIAS URBANAS NO MUNICIPIO DE ÓBIDOS
A11: ='DADOS DA OBRA'!$A$11:$E$11 -> LOCAL: MUNCÍPIO DE ÓBIDOS
A13: ='3. REV PRI'!A13:J13 -> MEMORIA DE CALCULO
A15: ='ORÇAMENTO DESONERAÇÃO'!B26 -> 3 | B15: ='ORÇAMENTO DESONERAÇÃO'!D26 -> PAVIMENTAÇÃO ÁSFALTICA
A17: ='ORÇAMENTO DESONERAÇÃO'!B27 -> 3.1 | B17: ='ORÇAMENTO DESONERAÇÃO'!D27 -> Imprimação com asfalto diluído
B18: Vias Contempladas | C18: Comp. | D18: x | E18: Largura | F18: = | G18: Área
C19: m | E19: m | G19: m²
A20: RECAPEAMENTO
A21: ='DADOS DA OBRA'!A18 -> 1 | B21: ='DADOS DA OBRA'!B18 -> TRAV MARIO TORRES | C21: ='DADOS DA OBRA'!C18 -> 425 | D21: x | E21: ='DADOS DA OBRA'!D18 -> 7 | F21: = | G21: =C21*E21 -> 2975
A22: ='DADOS DA OBRA'!A19 -> 2 | B22: ='DADOS DA OBRA'!B19 -> ISAAC HAMOY | C22: ='DADOS DA OBRA'!C19 -> 420 | D22: x | E22: ='DADOS DA OBRA'!D19 -> 7 | F22: = | G22: =C22*E22 -> 2940
A23: ='DADOS DA OBRA'!A20 -> 3 | B23: ='DADOS DA OBRA'!B20 -> JOSÉ SARAZIM FLORENZANO | C23: ='DADOS DA OBRA'!C20 -> 730 | D23: x | E23: ='DADOS DA OBRA'!D20 -> 7 | F23: = | G23: =C23*E23 -> 5110
A24: ='DADOS DA OBRA'!A21 -> 4 | B24: ='DADOS DA OBRA'!B21 -> RAIMUNDA ANTONIETA CANTO | C24: ='DADOS DA OBRA'!C21 -> 1005 | D24: x | E24: ='DADOS DA OBRA'!D21 -> 7 | F24: = | G24: =C24*E24 -> 7035
A25: ='DADOS DA OBRA'!A22 -> 5 | B25: ='DADOS DA OBRA'!B22 -> RUA BELA VISTA | C25: ='DADOS DA OBRA'!C22 -> 210 | D25: x | E25: ='DADOS DA OBRA'!D22 -> 7 | F25: = | G25: =C25*E25 -> 1470
A26: ='DADOS DA OBRA'!A23 -> 6 | B26: ='DADOS DA OBRA'!B23 -> RUA 26 DE JULHO | C26: ='DADOS DA OBRA'!C23 -> 98 | D26: x | E26: ='DADOS DA OBRA'!D23 -> 7 | F26: = | G26: =C26*E26 -> 686
A27: ='DADOS DA OBRA'!A24 -> 7 | B27: ='DADOS DA OBRA'!B24 -> RUA 4 DE OUTUBRO | C27: ='DADOS DA OBRA'!C24 -> 165 | D27: x | E27: ='DADOS DA OBRA'!D24 -> 7 | F27: = | G27: =C27*E27 -> 1155
A28: ='DADOS DA OBRA'!A25 -> 8 | B28: ='DADOS DA OBRA'!B25 -> RUA 1 DE JANEIRO | C28: ='DADOS DA OBRA'!C25 -> 165 | D28: x | E28: ='DADOS DA OBRA'!D25 -> 7 | F28: = | G28: =C28*E28 -> 1155
A29: ='DADOS DA OBRA'!A26 -> 9 | B29: ='DADOS DA OBRA'!B26 -> RUA 25 DE DEZEMBRO | C29: ='DADOS DA OBRA'!C26 -> 170 | D29: x | E29: ='DADOS DA OBRA'!D26 -> 7 | F29: = | G29: =C29*E29 -> 1190
A30: ='DADOS DA OBRA'!A27 -> 10 | B30: ='DADOS DA OBRA'!B27 -> RUA 13 DE MAIO | C30: ='DADOS DA OBRA'!C27 -> 0 | D30: x | E30: ='DADOS DA OBRA'!D27 -> 7 | F30: = | G30: =C30*E30 -> 0
A31: ='DADOS DA OBRA'!A28 -> 11 | B31: ='DADOS DA OBRA'!B28 -> RUA SEM DENOMINAÇÃO 1 | C31: ='DADOS DA OBRA'!C28 -> 170 | D31: x | E31: ='DADOS DA OBRA'!D28 -> 7 | F31: = | G31: =C31*E31 -> 1190
A32: ='DADOS DA OBRA'!A29 -> 12 | B32: ='DADOS DA OBRA'!B29 -> RUA SEM DENOMINAÇÃO 2 | C32: ='DADOS DA OBRA'!C29 -> 0 | D32: x | E32: ='DADOS DA OBRA'!D29 -> 7 | F32: = | G32: =C32*E32 -> 0
... A40: ='DADOS DA OBRA'!A37 -> 20 | B40: ='DADOS DA OBRA'!B37 -> RUA SANTOS DUMONT | C40: ='DADOS DA OBRA'!C37 -> 0 | D40: x | E40: ='DADOS DA OBRA'!D37 -> 9 | F40: = | G40: =C40*E40 -> 0
F41: TOTAL | G41: =SUM(G21:G40) -> 27300
B43: TOTAL | C43: =G41 -> 27300 | D43: m²
A45: ='ORÇAMENTO DESONERAÇÃO'!B28 -> 3.2 | B45: ='ORÇAMENTO DESONERAÇÃO'!D28 -> Execução de pintura de ligação
B46: Vias Contempladas | C46: Comp. | D46: x | E46: Largura | F46: = | G46: Área
C47: m | E47: m | G47: m²
A48: RECAPEAMENTO
A49: =A21 -> 1 | B49: =B21 -> TRAV MARIO TORRES | C49: =C21 -> 425 | D49: x | E49: =E21 -> 7 | F49: = | G49: =C49*E49 -> 2975
A50: =A22 -> 2 | B50: =B22 -> ISAAC HAMOY | C50: =C22 -> 420 | D50: x | E50: =E22 -> 7 | F50: = | G50: =C50*E50 -> 2940
A51: =A23 -> 3 | B51: =B23 -> JOSÉ SARAZIM FLORENZANO | C51: =C23 -> 730 | D51: x | E51: =E23 -> 7 | F51: = | G51: =C51*E51 -> 5110
A52: =A24 -> 4 | B52: =B24 -> RAIMUNDA ANTONIETA CANTO | C52: =C24 -> 1005 | D52: x | E52: =E24 -> 7 | F52: = | G52: =C52*E52 -> 7035
A53: =A25 -> 5 | B53: =B25 -> RUA BELA VISTA | C53: =C25 -> 210 | D53: x | E53: =E25 -> 7 | F53: = | G53: =C53*E53 -> 1470
A54: =A26 -> 6 | B54: =B26 -> RUA 26 DE JULHO | C54: =C26 -> 98 | D54: x | E54: =E26 -> 7 | F54: = | G54: =C54*E54 -> 686
A55: =A27 -> 7 | B55: =B27 -> RUA 4 DE OUTUBRO | C55: =C27 -> 165 | D55: x | E55: =E27 -> 7 | F55: = | G55: =C55*E55 -> 1155
A56: =A28 -> 8 | B56: =B28 -> RUA 1 DE JANEIRO | C56: =C28 -> 165 | D56: x | E56: =E28 -> 7 | F56: = | G56: =C56*E56 -> 1155
A57: =A29 -> 9 | B57: =B29 -> RUA 25 DE DEZEMBRO | C57: =C29 -> 170 | D57: x | E57: =E29 -> 7 | F57: = | G57: =C57*E57 -> 1190
A58: =A30 -> 10 | B58: =B30 -> RUA 13 DE MAIO | C58: =C30 -> 0 | D58: x | E58: =E30 -> 7 | F58: = | G58: =C58*E58 -> 0
A59: =A31 -> 11 | B59: =B31 -> RUA SEM DENOMINAÇÃO 1 | C59: =C31 -> 170 | D59: x | E59: =E31 -> 7 | F59: = | G59: =C59*E59 -> 1190
A60: =A32 -> 12 | B60: =B32 -> RUA SEM DENOMINAÇÃO 2 | C60: =C32 -> 0 | D60: x | E60: =E32 -> 7 | F60: = | G60: =C60*E60 -> 0
... A68: =A40 -> 20 | B68: =B40 -> RUA SANTOS DUMONT | C68: =C40 -> 0 | D68: x | E68: =E40 -> 9 | F68: = | G68: =C68*E68 -> 0
F69: TOTAL | G69: =SUM(G49:G68) -> 27300
B71: TOTAL | C71: =G69 -> 27300 | D71: m²
A73: ='ORÇAMENTO DESONERAÇÃO'!B29 -> 3.3 | B73: ='ORÇAMENTO DESONERAÇÃO'!D29 -> Execução de pavimento com aplicação de concreto asfaltico, camada de rolamento- exclusive carga e transporte. AF_11/2019
B74: Vias Contempladas | C74: Área | D74: x | E74: Espessura | F74: X | G74: Vol.Parcial | H74: X | I74: Peso Esp | J74: = | K74: Vol
C75: m² | E75: m | G75: m³ | I75: t/m³ | K75: T
A76: RECAPEAMENTO
A77: =A21 -> 1 | B77: =B21 -> TRAV MARIO TORRES | C77: =G49 -> 2975 | D77: x | E77: 0.03 | F77: x | G77: =C77*E77 -> 89.25 | H77: x | I77: 2.2 | J77: = | K77: =G77*I77 -> 196.35
A78: =A22 -> 2 | B78: =B22 -> ISAAC HAMOY | C78: =G50 -> 2940 | D78: x | E78: 0.03 | F78: x | G78: =C78*E78 -> 88.2 | H78: x | I78: 2.2 | J78: = | K78: =G78*I78 -> 194.04
A79: =A23 -> 3 | B79: =B23 -> JOSÉ SARAZIM FLORENZANO | C79: =G51 -> 5110 | D79: x | E79: 0.03 | F79: x | G79: =C79*E79 -> 153.3 | H79: x | I79: 2.2 | J79: = | K79: =G79*I79 -> 337.26
A80: =A24 -> 4 | B80: =B24 -> RAIMUNDA ANTONIETA CANTO | C80: =G52 -> 7035 | D80: x | E80: 0.03 | F80: x | G80: =C80*E80 -> 211.05 | H80: x | I80: 2.2 | J80: = | K80: =G80*I80 -> 464.31
A81: =A25 -> 5 | B81: =B25 -> RUA BELA VISTA | C81: =G53 -> 1470 | D81: x | E81: 0.03 | F81: x | G81: =C81*E81 -> 44.1 | H81: x | I81: 2.2 | J81: = | K81: =G81*I81 -> 97.02
A82: =A26 -> 6 | B82: =B26 -> RUA 26 DE JULHO | C82: =G54 -> 686 | D82: x | E82: 0.03 | F82: x | G82: =C82*E82 -> 20.58 | H82: x | I82: 2.2 | J82: = | K82: =G82*I82 -> 45.276
A83: =A27 -> 7 | B83: =B27 -> RUA 4 DE OUTUBRO | C83: =G55 -> 1155 | D83: x | E83: 0.03 | F83: x | G83: =C83*E83 -> 34.65 | H83: x | I83: 2.2 | J83: = | K83: =G83*I83 -> 76.23
A84: =A28 -> 8 | B84: =B28 -> RUA 1 DE JANEIRO | C84: =G56 -> 1155 | D84: x | E84: 0.03 | F84: x | G84: =C84*E84 -> 34.65 | H84: x | I84: 2.2 | J84: = | K84: =G84*I84 -> 76.23
A85: =A29 -> 9 | B85: =B29 -> RUA 25 DE DEZEMBRO | C85: =G57 -> 1190 | D85: x | E85: 0.03 | F85: x | G85: =C85*E85 -> 35.7 | H85: x | I85: 2.2 | J85: = | K85: =G85*I85 -> 78.54
A86: =A30 -> 10 | B86: =B30 -> RUA 13 DE MAIO | C86: =G58 -> 0 | D86: x | E86: 0.03 | F86: x | G86: =C86*E86 -> 0 | H86: x | I86: 2.2 | J86: = | K86: =G86*I86 -> 0
A87: =A31 -> 11 | B87: =B31 -> RUA SEM DENOMINAÇÃO 1 | C87: =G59 -> 1190 | D87: x | E87: 0.03 | F87: x | G87: =C87*E87 -> 35.7 | H87: x | I87: 2.2 | J87: = | K87: =G87*I87 -> 78.54
A88: =A32 -> 12 | B88: =B32 -> RUA SEM DENOMINAÇÃO 2 | C88: =G60 -> 0 | D88: x | E88: 0.03 | F88: x | G88: =C88*E88 -> 0 | H88: x | I88: 2.2 | J88: = | K88: =G88*I88 -> 0
... A96: =A40 -> 20 | B96: =B40 -> RUA SANTOS DUMONT | C96: =G68 -> 0 | D96: x | E96: 0.03 | F96: x | G96: =C96*E96 -> 0 | H96: x | I96: 2.2 | J96: = | K96: =G96*I96 -> 0
F97: TOTAL | G97: =SUM(G77:G96) -> 819 | J97: TOTAL | K97: =SUM(K77:K96) -> 1801.8
B99: TOTAL | C99: =G97 -> 819 | D99: m³
A102: ='ORÇAMENTO DESONERAÇÃO'!B30 -> 3.4 | B102: ='ORÇAMENTO DESONERAÇÃO'!D30 -> Transporte com caminhão basculante 10 m3 de massa asfáltica para pavimentação urbana
B103: Vias Contempladas | C103: Volume | D103: x | E103: Distancia | F103: x | G103: Área
C104: m³ | E104: km | G104: t*km
A105: RECAPEAMENTO
A106: =A77 -> 1 | B106: =B77 -> TRAV MARIO TORRES | C106: =G77 -> 89.25 | D106: x | E106: ='DADOS DA OBRA'!$C$43 -> 6 | F106: x | G106: =ROUND(C106*E106,2) -> 535.5
A107: =A78 -> 2 | B107: =B78 -> ISAAC HAMOY | C107: =G78 -> 88.2 | D107: x | E107: ='DADOS DA OBRA'!$C$43 -> 6 | F107: x | G107: =ROUND(C107*E107,2) -> 529.2
A108: =A79 -> 3 | B108: =B79 -> JOSÉ SARAZIM FLORENZANO | C108: =G79 -> 153.3 | D108: x | E108: ='DADOS DA OBRA'!$C$43 -> 6 | F108: x | G108: =ROUND(C108*E108,2) -> 919.8
A109: =A80 -> 4 | B109: =B80 -> RAIMUNDA ANTONIETA CANTO | C109: =G80 -> 211.05 | D109: x | E109: ='DADOS DA OBRA'!$C$43 -> 6 | F109: x | G109: =ROUND(C109*E109,2) -> 1266.3
A110: =A81 -> 5 | B110: =B81 -> RUA BELA VISTA | C110: =G81 -> 44.1 | D110: x | E110: ='DADOS DA OBRA'!$C$43 -> 6 | F110: x | G110: =ROUND(C110*E110,2) -> 264.6
A111: =A82 -> 6 | B111: =B82 -> RUA 26 DE JULHO | C111: =G82 -> 20.58 | D111: x | E111: ='DADOS DA OBRA'!$C$43 -> 6 | F111: x | G111: =ROUND(C111*E111,2) -> 123.48
A112: =A83 -> 7 | B112: =B83 -> RUA 4 DE OUTUBRO | C112: =G83 -> 34.65 | D112: x | E112: ='DADOS DA OBRA'!$C$43 -> 6 | F112: x | G112: =ROUND(C112*E112,2) -> 207.9
A113: =A84 -> 8 | B113: =B84 -> RUA 1 DE JANEIRO | C113: =G84 -> 34.65 | D113: x | E113: ='DADOS DA OBRA'!$C$43 -> 6 | F113: x | G113: =ROUND(C113*E113,2) -> 207.9
A114: =A85 -> 9 | B114: =B85 -> RUA 25 DE DEZEMBRO | C114: =G85 -> 35.7 | D114: x | E114: ='DADOS DA OBRA'!$C$43 -> 6 | F114: x | G114: =ROUND(C114*E114,2) -> 214.2
A115: =A86 -> 10 | B115: =B86 -> RUA 13 DE MAIO | C115: =G86 -> 0 | D115: x | E115: ='DADOS DA OBRA'!$C$43 -> 6 | F115: x | G115: =ROUND(C115*E115,2) -> 0
A116: =A87 -> 11 | B116: =B87 -> RUA SEM DENOMINAÇÃO 1 | C116: =G87 -> 35.7 | D116: x | E116: ='DADOS DA OBRA'!$C$43 -> 6 | F116: x | G116: =ROUND(C116*E116,2) -> 214.2
A117: =A88 -> 12 | B117: =B88 -> RUA SEM DENOMINAÇÃO 2 | C117: =G88 -> 0 | D117: x | E117: ='DADOS DA OBRA'!$C$43 -> 6 | F117: x | G117: =ROUND(C117*E117,2) -> 0
... A125: =A96 -> 20 | B125: =B96 -> RUA SANTOS DUMONT | C125: =G96 -> 0 | D125: x | E125: ='DADOS DA OBRA'!$C$43 -> 6 | F125: x | G125: =ROUND(C125*E125,2) -> 0
F126: TOTAL | G126: =SUM(G106:G125) -> 4914
B128: TOTAL | C128: =G126 -> 4914 | D128: t*km

Sheet 5.DREN.
A4: ='ORÇAMENTO DESONERAÇÃO'!A5:I5 -> ESTADO DO PARÁ
A5: ='ORÇAMENTO DESONERAÇÃO'!A6:I6 -> PREFEITURA MUNICIPAL DE ÓBIDOS
A6: ='ORÇAMENTO DESONERAÇÃO'!A7:I7 -> CNPJ: 05.131.180/0001-64
A7: ='ORÇAMENTO DESONERAÇÃO'!A9:I9 -> OBJETO: PAVIMENTAÇÃO E QUALIFICAÇÃO ASFALTICA DE VIAS URBANAS NO MUNICIPIO DE ÓBIDOS
A9: ='3.PAV.'!A13:K13 -> MEMORIA DE CALCULO
A11: ='ORÇAMENTO DESONERAÇÃO'!#REF! -> #REF! | B11: ='ORÇAMENTO DESONERAÇÃO'!#REF! -> #REF!
A13: ='ORÇAMENTO DESONERAÇÃO'!#REF! -> #REF! | B13: ='ORÇAMENTO DESONERAÇÃO'!#REF! -> #REF!
A15: ='ORÇAMENTO DESONERAÇÃO'!#REF! -> #REF! | B15: ='ORÇAMENTO DESONERAÇÃO'!#REF! -> #REF!
A17: OBS.: Será considerado a extensão de cada rua e multiplicado por "2", sendo o bordo esquerdo e direito
B19: rua | E19: comp. (m) | F19: x | G19: quant. lados | H19: total (m)
B20: ='DADOS DA OBRA'!B18 -> TRAV MARIO TORRES | E20: ='DADOS DA OBRA'!C18 -> 425 | F20: x | G20: 2 | H20: =ROUND((E20*G20),2) -> 850
B21: ='DADOS DA OBRA'!B19 -> ISAAC HAMOY | E21: ='DADOS DA OBRA'!C19 -> 420 | F21: x | G21: 2 | H21: =ROUND((E21*G21),2) -> 840
B22: ='DADOS DA OBRA'!B20 -> JOSÉ SARAZIM FLORENZANO | E22: ='DADOS DA OBRA'!C20 -> 730 | F22: x | G22: 2 | H22: =ROUND((E22*G22),2) -> 1460
B23: ='DADOS DA OBRA'!B21 -> RAIMUNDA ANTONIETA CANTO | E23: ='DADOS DA OBRA'!C21 -> 1005 | F23: x | G23: 2 | H23: =ROUND((E23*G23),2) -> 2010
B24: ='DADOS DA OBRA'!B22 -> RUA BELA VISTA | E24: ='DADOS DA OBRA'!C22 -> 210 | F24: x | G24: 2 | H24: =ROUND((E24*G24),2) -> 420
B25: ='DADOS DA OBRA'!B23 -> RUA 26 DE JULHO | E25: ='DADOS DA OBRA'!C23 -> 98 | F25: x | G25: 2 | H25: =ROUND((E25*G25),2) -> 196
B26: ='DADOS DA OBRA'!B24 -> RUA 4 DE OUTUBRO | E26: ='DADOS DA OBRA'!C24 -> 165 | F26: x | G26: 2 | H26: =ROUND((E26*G26),2) -> 330
B27: ='DADOS DA OBRA'!B25 -> RUA 1 DE JANEIRO | E27: ='DADOS DA OBRA'!C25 -> 165 | F27: x | G27: 2 | H27: =ROUND((E27*G27),2) -> 330
B28: ='DADOS DA OBRA'!B26 -> RUA 25 DE DEZEMBRO | E28: ='DADOS DA OBRA'!C26 -> 170 | F28: x | G28: 2 | H28: =ROUND((E28*G28),2) -> 340
B29: ='DADOS DA OBRA'!B28 -> RUA SEM DENOMINAÇÃO 1 | E29: ='DADOS DA OBRA'!C28 -> 170 | F29: x | G29: 2 | H29: =ROUND((E29*G29),2) -> 340
B30: ='DADOS DA OBRA'!B29 -> RUA SEM DENOMINAÇÃO 2 | E30: ='DADOS DA OBRA'!C29 -> 0 | F30: x | G30: 2 | H30: =ROUND((E30*G30),2) -> 0
B31: ='DADOS DA OBRA'!B30 -> RUA SEM DENOMINAÇÃO 3 | E31: ='DADOS DA OBRA'!C30 -> 172 | F31: x | G31: 2 | H31: =ROUND((E31*G31),2) -> 344
B32: ='DADOS DA OBRA'!B31 -> RUA SEM DENOMINAÇÃO 4 | E32: ='DADOS DA OBRA'!C31 -> 170 | F32: x | G32: 2 | H32: =ROUND((E32*G32),2) -> 340
B33: ='DADOS DA OBRA'!B32 -> RUA SEM DENOMINAÇÃO 5 | E33: ='DADOS DA OBRA'!C32 -> 0 | F33: x | G33: 2 | H33: =ROUND((E33*G33),2) -> 0
B34: ='DADOS DA OBRA'!B33 -> TRAV INCONFIDENCIA | E34: ='DADOS DA OBRA'!C33 -> 0 | F34: x | G34: 2 | H34: =ROUND((E34*G34),2) -> 0
B35: ='DADOS DA OBRA'!B34 -> TRAV JOSÉ TOMAS DE AQUINO | E35: ='DADOS DA OBRA'!C34 -> 0 | F35: x | G35: 2 | H35: =ROUND((E35*G35),2) -> 0
B36: ='DADOS DA OBRA'!B35 -> TRAV INDEPENDENCIA | E36: ='DADOS DA OBRA'!C35 -> 0 | F36: x | G36: 2 | H36: =ROUND((E36*G36),2) -> 0
B37: ='DADOS DA OBRA'!B36 -> TRAV 02 DE OUTUBRO | E37: ='DADOS DA OBRA'!C36 -> 0 | F37: x | G37: 2 | H37: =ROUND((E37*G37),2) -> 0
B38: ='DADOS DA OBRA'!B37 -> RUA SANTOS DUMONT | E38: ='DADOS DA OBRA'!C37 -> 0 | F38: x | G38: 2 | H38: =ROUND((E38*G38),2) -> 0
B39: TOTAL | E39: =SUM(E20:E38) -> 3900 | F39: x | G39: 2 | H39: =SUM(H20:H38) -> 7800
B41: COMP. TOTAL MEIO-FIO = | E41: =H39 -> 7800 | F41: M
A44: ='ORÇAMENTO DESONERAÇÃO'!#REF! -> #REF! | B44: ='ORÇAMENTO DESONERAÇÃO'!#REF! -> #REF!
A46: ='ORÇAMENTO DESONERAÇÃO'!#REF! -> #REF! | B46: ='ORÇAMENTO DESONERAÇÃO'!#REF! -> #REF!
A48: OBS.: Para o calculo do corpo do bueiro será considerado a largura total da rua e somado com um ascrecimo para cada lado, para que assim evite desmoronamentos.
A49: OBS.: Apenas a rua Boa Esperança possui a necessidade da execução de um bueiro.
B51: rua | E51: TAM | F51: x | G51: acréscimo | H51: x | I51: lados | J51: = | K51: total
E52: m | G52: m | I52: und
B53: ='DADOS DA OBRA'!B18 -> TRAV MARIO TORRES | E53: 180 | F53: x | G53: 0 | H53: x | I53: 1 | J53: = | K53: =ROUND((G53*I53)+E53,2) -> 180
B54: ='DADOS DA OBRA'!B19 -> ISAAC HAMOY | F54: x | G54: 0 | H54: x | I54: 0 | J54: = | K54: =ROUND((G54*I54)+E54,2) -> 0
B55: ='DADOS DA OBRA'!B20 -> JOSÉ SARAZIM FLORENZANO | F55: x | G55: 0 | H55: x | I55: 0 | J55: = | K55: =ROUND((G55*I55)+E55,2) -> 0
B56: ='DADOS DA OBRA'!B21 -> RAIMUNDA ANTONIETA CANTO | F56: x | G56: 0 | H56: x | I56: 0 | J56: = | K56: =ROUND((G56*I56)+E56,2) -> 0
B57: ='DADOS DA OBRA'!B22 -> RUA BELA VISTA | E57: 105 | F57: x | G57: 0 | H57: x | I57: 1 | J57: = | K57: =ROUND((G57*I57)+E57,2) -> 105
B58: ='DADOS DA OBRA'!B23 -> RUA 26 DE JULHO | F58: x | G58: 0 | H58: x | I58: 0 | J58: = | K58: =ROUND((G58*I58)+E58,2) -> 0
B59: ='DADOS DA OBRA'!B24 -> RUA 4 DE OUTUBRO | F59: x | G59: 0 | H59: x | I59: 0 | J59: = | K59: =ROUND((G59*I59)+E59,2) -> 0
B60: ='DADOS DA OBRA'!B25 -> RUA 1 DE JANEIRO | F60: x | G60: 0 | H60: x | I60: 0 | J60: = | K60: =ROUND((G60*I60)+E60,2) -> 0
B61: ='DADOS DA OBRA'!B26 -> RUA 25 DE DEZEMBRO | F61: x | G61: 0 | H61: x | I61: 0 | J61: = | K61: =ROUND((G61*I61)+E61,2) -> 0
B62: ='DADOS DA OBRA'!B28 -> RUA SEM DENOMINAÇÃO 1 | F62: x | G62: 0 | H62: x | I62: 0 | J62: = | K62: =ROUND((G62*I62)+E62,2) -> 0
B63: ='DADOS DA OBRA'!B29 -> RUA SEM DENOMINAÇÃO 2 | F63: x | G63: 0 | H63: x | I63: 0 | J63: = | K63: =ROUND((G63*I63)+E63,2) -> 0
B64: ='DADOS DA OBRA'!B30 -> RUA SEM DENOMINAÇÃO 3 | F64: x | G64: 0 | H64: x | I64: 0 | J64: = | K64: =ROUND((G64*I64)+E64,2) -> 0
B65: ='DADOS DA OBRA'!B31 -> RUA SEM DENOMINAÇÃO 4 | F65: x | G65: 0 | H65: x | I65: 0 | J65: = | K65: =ROUND((G65*I65)+E65,2) -> 0
B66: ='DADOS DA OBRA'!B32 -> RUA SEM DENOMINAÇÃO 5 | F66: x | G66: 0 | H66: x | I66: 0 | J66: = | K66: =ROUND((G66*I66)+E66,2) -> 0
B67: ='DADOS DA OBRA'!B33 -> TRAV INCONFIDENCIA | F67: x | G67: 0 | H67: x | I67: 0 | J67: = | K67: =ROUND((G67*I67)+E67,2) -> 0
B68: ='DADOS DA OBRA'!B34 -> TRAV JOSÉ TOMAS DE AQUINO | F68: x | G68: 0 | H68: x | I68: 0 | J68: = | K68: =ROUND((G68*I68)+E68,2) -> 0
B69: ='DADOS DA OBRA'!B35 -> TRAV INDEPENDENCIA | F69: x | G69: 0 | H69: x | I69: 0 | J69: = | K69: =ROUND((G69*I69)+E69,2) -> 0
B70: ='DADOS DA OBRA'!B36 -> TRAV 02 DE OUTUBRO | F70: x | G70: 0 | H70: x | I70: 0 | J70: = | K70: =ROUND((G70*I70)+E70,2) -> 0
B71: ='DADOS DA OBRA'!B37 -> RUA SANTOS DUMONT | F71: x | G71: 0 | H71: x | I71: 0 | J71: = | K71: =ROUND((G71*I71)+E71,2) -> 0
B72: TOTAL | K72: =SUM(K53:K71) -> 285
B75: TOTAL | E75: =K72 -> 285 | F75: M
A77: ='ORÇAMENTO DESONERAÇÃO'!#REF! -> #REF! | B77: ='ORÇAMENTO DESONERAÇÃO'!#REF! -> #REF!
A79: OBS.: Para o calculo do corpo do bueiro será considerado a largura total da rua e somado com um ascrecimo para cada lado, para que assim evite desmoronamentos.
A80: OBS.: Apenas a rua Boa Esperança possui a necessidade da execução de um bueiro.
B82: rua | E82: TAM | F82: x | G82: acréscimo | H82: x | I82: lados | J82: = | K82: total
E83: m | G83: m | I83: und
B84: =B53 -> TRAV MARIO TORRES | E84: 180 | F84: x | G84: 0 | H84: x | I84: 1 | J84: = | K84: =ROUND((G84*I84)+E84,2) -> 180
B85: =B54 -> ISAAC HAMOY | F85: x | G85: 0 | H85: x | I85: 0 | J85: = | K85: =ROUND((G85*I85)+E85,2) -> 0
B86: =B55 -> JOSÉ SARAZIM FLORENZANO | F86: x | G86: 0 | H86: x | I86: 0 | J86: = | K86: =ROUND((G86*I86)+E86,2) -> 0
B87: =B56 -> RAIMUNDA ANTONIETA CANTO | F87: x | G87: 0 | H87: x | I87: 0 | J87: = | K87: =ROUND((G87*I87)+E87,2) -> 0
B88: =B57 -> RUA BELA VISTA | E88: 105 | F88: x | G88: 0 | H88: x | I88: 1 | J88: = | K88: =ROUND((G88*I88)+E88,2) -> 105
B89: =B58 -> RUA 26 DE JULHO | F89: x | G89: 0 | H89: x | I89: 0 | J89: = | K89: =ROUND((G89*I89)+E89,2) -> 0
B90: =B59 -> RUA 4 DE OUTUBRO | F90: x | G90: 0 | H90: x | I90: 0 | J90: = | K90: =ROUND((G90*I90)+E90,2) -> 0
B91: =B60 -> RUA 1 DE JANEIRO | F91: x | G91: 0 | H91: x | I91: 0 | J91: = | K91: =ROUND((G91*I91)+E91,2) -> 0
B92: =B61 -> RUA 25 DE DEZEMBRO | F92: x | G92: 0 | H92: x | I92: 0 | J92: = | K92: =ROUND((G92*I92)+E92,2) -> 0
B93: =B62 -> RUA SEM DENOMINAÇÃO 1 | F93: x | G93: 0 | H93: x | I93: 0 | J93: = | K93: =ROUND((G93*I93)+E93,2) -> 0
B94: =B63 -> RUA SEM DENOMINAÇÃO 2 | F94: x | G94: 0 | H94: x | I94: 0 | J94: = | K94: =ROUND((G94*I94)+E94,2) -> 0
B95: =B64 -> RUA SEM DENOMINAÇÃO 3 | F95: x | G95: 0 | H95: x | I95: 0 | J95: = | K95: =ROUND((G95*I95)+E95,2) -> 0
B96: =B65 -> RUA SEM DENOMINAÇÃO 4 | F96: x | G96: 0 | H96: x | I96: 0 | J96: = | K96: =ROUND((G96*I96)+E96,2) -> 0
B97: =B66 -> RUA SEM DENOMINAÇÃO 5 | F97: x | G97: 0 | H97: x | I97: 0 | J97: = | K97: =ROUND((G97*I97)+E97,2) -> 0
B98: =B67 -> TRAV INCONFIDENCIA | F98: x | G98: 0 | H98: x | I98: 0 | J98: = | K98: =ROUND((G98*I98)+E98,2) -> 0
B99: =B68 -> TRAV JOSÉ TOMAS DE AQUINO | F99: x | G99: 0 | H99: x | I99: 0 | J99: = | K99: =ROUND((G99*I99)+E99,2) -> 0
B100: =B69 -> TRAV INDEPENDENCIA | F100: x | G100: 0 | H100: x | I100: 0 | J100: = | K100: =ROUND((G100*I100)+E100,2) -> 0
... B102: =B71 -> RUA SANTOS DUMONT | F102: x | G102: 0 | H102: x | I102: 0 | J102: = | K102: =ROUND((G102*I102)+E102,2) -> 0
B103: TOTAL | K103: =SUM(K84:K102) -> 285
B106: TOTAL | E106: =K103 -> 285 | F106: M
A112: ='ORÇAMENTO DESONERAÇÃO'!#REF! -> #REF! | B112: ='ORÇAMENTO DESONERAÇÃO'!#REF! -> #REF!
B114: rua | E114: bocas | F114: = | G114: total
E115: und
B116: =B53 -> TRAV MARIO TORRES | E116: 1 | F116: = | G116: =E116 -> 1
B117: =B54 -> ISAAC HAMOY | E117: 0 | F117: = | G117: =E117 -> 0
B118: =B55 -> JOSÉ SARAZIM FLORENZANO | E118: 0 | F118: = | G118: =E118 -> 0
B119: =B56 -> RAIMUNDA ANTONIETA CANTO | E119: 0 | F119: = | G119: =E119 -> 0
B120: =B57 -> RUA BELA VISTA | E120: 1 | F120: = | G120: =E120 -> 1
B121: =B58 -> RUA 26 DE JULHO | E121: 0 | F121: = | G121: =E121 -> 0
B122: =B59 -> RUA 4 DE OUTUBRO | E122: 0 | F122: = | G122: =E122 -> 0
B123: =B60 -> RUA 1 DE JANEIRO | E123: 0 | F123: = | G123: =E123 -> 0
B124: =B61 -> RUA 25 DE DEZEMBRO | E124: 0 | F124: = | G124: =E124 -> 0
B125: =B62 -> RUA SEM DENOMINAÇÃO 1 | E125: 0 | F125: = | G125: =E125 -> 0
B126: =B63 -> RUA SEM DENOMINAÇÃO 2 | E126: 0 | F126: = | G126: =E126 -> 0
B127: =B64 -> RUA SEM DENOMINAÇÃO 3 | E127: 0 | F127: = | G127: =E127 -> 0
... B134: =B71 -> RUA SANTOS DUMONT | E134: 0 | F134: = | G134: =E134 -> 0
B135: TOTAL | E135: 2 | F135: x | G135: =E135 -> 2
...

Sheet CPU 01- MOBILIZAÇÃO
A5: ='DADOS DA OBRA'!$A$6:$E$6 -> ESTADO DO PARÁ
A6: ='DADOS DA OBRA'!$A$7:$E$7 -> PREFEITURA MUNICIPAL DE ÓBIDOS
A7: ='DADOS DA OBRA'!$A$8:$E$8 -> CNPJ: 05.131.180/0001-64
A9: ='DADOS DA OBRA'!$A$10:$E$10 -> OBJETO: PAVIMENTAÇÃO E QUALIFICAÇÃO ASFALTICA DE VIAS URBANAS NO MUNICIPIO DE ÓBIDOS
A10: ='DADOS DA OBRA'!$A$11:$E$11 -> LOCAL: MUNCÍPIO DE ÓBIDOS
A12: COMPOSIÇÃO DE PREÇO UNITARIO - CPU
A14: CPU 001 | B14: ='ORÇAMENTO DESONERAÇÃO'!D19 -> Mobilização e Desmobilização da Obra | L14: UND | M14: =SUM(M18:M21) -> 21943.83
A17: FONTE | B17: CÓDIGO | C17: EQUIPAMENTOS TRANSPORTADORES | D17: ORIGEM | E17: DESTINO | F17: K (Nº VIAGENS) | G17: DIST. MÉDIA | H17: VELOCIDADE (KM/H) | I17: QUANTIDADE DE EQUIPAMENTOS | L17: PREÇO UNIT. | M17: PREÇO TOTAL
A18: SICRO | B18: E9665 | C18: CAVALO MECÂNICO COM SEMI-REBOQUE E CAPACIDADE DE 22 T - 240 KW | D18: SANTARÉM | E18: ÓBIDOS | F18: 2 | G18: 260 | H18: 60 | I18: ='1.MOB.'!J19 -> 3 | L18: 397.67 | M18: =ROUND((F18*G18*I18/H18)*L18,2) -> 10339.42
A19: SINAPI | B19: 5824 | C19: CAMINHÃO TOCO, PBT 16.000 KG, CARGA ÚTIL MÁX. 10.685 KG, DIST. ENTRE EIXOS 4,8 M, POTÊNCIA 189 CV, INCLUSIVE CARROCERIA FIXA ABERTA DE MADEIRA P/ TRANSPORTE GERAL DE CARGA SECA, DIMEN. APROX. 2,5 X 7,00 X 0,50 M - CHP DIURNO. AF_06/2014 | D19: SANTARÉM | E19: ÓBIDOS | F19: 2 | G19: =G18 -> 260 | H19: 60 | I19: ='1.MOB.'!J28 -> 3 | L19: 197.46 | M19: =ROUND((F19*G19*I19/H19)*L19,2) -> 5133.96
A20: SINAPI | B20: 91386 | C20: CAMINHÃO BASCULANTE 10 M3, TRUCADO CABINE SIMPLES, PESO BRUTO TOTAL 23.000 KG, CARGA ÚTIL MÁXIMA 15.935 KG, DISTÂNCIA ENTRE EIXOS 4,80 M, POTÊNCIA 230 CV INCLUSIVE CAÇAMBA METÁLICA - CHP DIURNO. AF_06/2014 | D20: SANTARÉM | E20: ÓBIDOS | F20: 2 | G20: =G18 -> 260 | H20: 60 | I20: ='1.MOB.'!J35 -> 2 | L20: 245.79 | M20: =ROUND((F20*G20*I20/H20)*L20,2) -> 4260.36
A21: SINAPI | B21: 83362 | C21: ESPARGIDOR DE ASFALTO PRESSURIZADO, TANQUE 6 M3 COM ISOLAÇÃO TÉRMICA, AQUECIDO COM 2 MAÇARICOS, COM BARRA ESPARGIDORA 3,60 M, MONTADO SOBRE CAMINHÃO TOCO, PBT 14.300 KG, POTÊNCIA 185 CV - CHP DIURNO. AF_08/2015 | D21: SANTARÉM | E21: ÓBIDOS | F21: 2 | G21: =G18 -> 260 | H21: 60 | I21: ='1.MOB.'!J42 -> 1 | L21: 255.01 | M21: =ROUND((F21*G21*I21/H21)*L21,2) -> 2210.09

Sheet CPU 03- SER.TOPOGR.
A5: ='DADOS DA OBRA'!A6:E6 -> ESTADO DO PARÁ
A6: ='DADOS DA OBRA'!#REF! -> #REF!
A7: ='ORÇAMENTO DESONERAÇÃO'!#REF! -> #REF!
A8: ='DADOS DA OBRA'!A10:E10 -> OBJETO: PAVIMENTAÇÃO E QUALIFICAÇÃO ASFALTICA DE VIAS URBANAS NO MUNICIPIO DE ÓBIDOS
A10: COMPOSIÇÃO DE PREÇO UNITARIO - CPU
A12: CPU 003 | B12: ='ORÇAMENTO DESONERAÇÃO'!#REF! -> #REF! | J12: ='ORÇAMENTO DESONERAÇÃO'!#REF! -> #REF! | K12: =SUM(K15:K20) -> 0.31
A14: Código | B14: Descrição | H14: Uni | I14: Quant | J14: R$ | K14: R$ Total
A15: 20206 | B15: Sarrafo de madeira não aparelhada *2,5 x 10* cm, maçaranduba, angelim ou equivalente da região | H15: m | I15: 0.002886 | J15: 7.36 | K15: =ROUND((I15*J15),2) -> 0.02
A16: 88253 | B16: Auxiliar de topógrafo com encargos complementares | H16: h | I16: 0.0025 | J16: 7.88 | K16: =ROUND((I16*J16),2) -> 0.02
A17: 88288 | B17: Nivelador com encargos complementares | H17: h | I17: 0.0025 | J17: 9.52 | K17: =ROUND((I17*J17),2) -> 0.02
A18: 88316 | B18: Servente com encargos complementares | H18: h | I18: 0.0075 | J18: 17.09 | K18: =ROUND((I18*J18),2) -> 0.13
A19: 88597 | B19: Desenhista detalhista com encargos complementares | H19: h | I19: 0.002 | J19: 27.36 | K19: =ROUND((I19*J19),2) -> 0.05
A20: 92145 | B20: Caminhonete cabine simples com motor 1.6 flex., câmbio manual, potência 101/104 cv, 2 portas - CHP diurno. Af_11/2015 | H20: chp | I20: 0.001 | J20: 68.38 | K20: =ROUND((I20*J20),2) -> 0.07
A26: CESAR EDUARDO MEDEIROS CANELAS FILHO
A27: ENG.CIVIL
A28: CREA-PA 1502763729

Sheet CPU 05-Placa Esmaltada
A5: ='DADOS DA OBRA'!A6:E6 -> ESTADO DO PARÁ
A6: ='DADOS DA OBRA'!#REF! -> #REF!
A7: ='ORÇAMENTO DESONERAÇÃO'!#REF! -> #REF!
A8: ='DADOS DA OBRA'!A10:E10 -> OBJETO: PAVIMENTAÇÃO E QUALIFICAÇÃO ASFALTICA DE VIAS URBANAS NO MUNICIPIO DE ÓBIDOS
A10: COMPOSIÇÃO DE PREÇO UNITARIO - CPU
A12: CPU 005 | B12: ='ORÇAMENTO DESONERAÇÃO'!#REF! -> #REF! | J12: ='ORÇAMENTO DESONERAÇÃO'!#REF! -> #REF! | K12: =SUM(K15:K21) -> 379.17
A14: Código | B14: Descrição | H14: Uni | I14: Quant | J14: R$ | K14: R$ Total
A15: 13521 | B15: Placa de aço esmaltada para identificação de rua, *45 cm x 20* cm | H15: Uni | I15: 2 | J15: 82.5 | K15: =ROUND((I15*J15),2) -> 165
A16: 21013 | B16: Tubo aço galvanizado com costura, classe leve, dn 50 mm ( 2"), e = 3,00 mm, *4,40*kg/m (NBR 5580) | H16: uni | I16: 1.8 | J16: 92.12 | K16: =ROUND((I16*J16),2) -> 165.82
A17: 11026 | B17: Chapa de aço galvanizada bitola GSG 14, e = 1,95 mm (15,60 kg/m2) | H17: m | I17: 0.234 | J17: 13.97 | K17: =ROUND((I17*J17),2) -> 3.27
A18: 13246 | B18: Parafuso de ferro polido, sextavado, com rosca inteira, diâmetro 5/16" | H18: kg | I18: 4 | J18: 0.35 | K18: =ROUND((I18*J18),2) -> 1.4
A19: 88317 | B19: Soldador com encargos complementares | H19: Uni | I19: 0.65 | J19: 22.01 | K19: =ROUND((I19*J19),2) -> 14.31
A20: 93358 | B20: Escavação manual de vala -30x30cm - prof. 0,85m | H20: h | I20: =(0.3*0.3*0.85) -> 0.0765 | J20: 67.6 | K20: =ROUND((I20*J20),2) -> 5.17
A21: 102487 | B21: Base em concreto ciclópico | H21: m³ | I21: =(0.3*0.3*0.85)-0.03 -> 0.0465 | J21: 520.33 | K21: =ROUND((I21*J21),2) -> 24.2
A27: CESAR EDUARDO MEDEIROS CANELAS FILHO
A28: ENG.CIVIL
A29: CREA-PA 1502763729

Sheet CPU 02 E 03 - PAV
A4: ='DADOS DA OBRA'!$A$6:$E$6 -> ESTADO DO PARÁ
A5: ='DADOS DA OBRA'!$A$7:$E$7 -> PREFEITURA MUNICIPAL DE ÓBIDOS
A6: ='DADOS DA OBRA'!$A$8:$E$8 -> CNPJ: 05.131.180/0001-64
A7: ='DADOS DA OBRA'!$A$10:$E$10 -> OBJETO: PAVIMENTAÇÃO E QUALIFICAÇÃO ASFALTICA DE VIAS URBANAS NO MUNICIPIO DE ÓBIDOS
A8: ='DADOS DA OBRA'!$A$11:$E$11 -> LOCAL: MUNCÍPIO DE ÓBIDOS
A10: COMPOSIÇÃO DE PREÇO UNITARIO - CPU
A12: Nº ITEM | B12: BASE | C12: CODIGO | D12: DESCRIÇÃO DO SERVIÇO | I12: (P) PROD EQUI | L12: UNID.
A13: CPU 02 | B13: SICRO3 | C13: 4011351 | D13: Imprimação com asfalto diluído | I13: 1125 | L13: m2
A14: COMPOSIÇÃO DE PREÇO PADRÃO DNIT
A15: BASE | B15: CÓDIGO | C15: EQUIPAMENTO | E15: UND | F15: QTD | G15: ULTILIZAÇÃO OPERATIVA | H15: ULTILIZAÇÃO OPERATIVA | I15: CUSTO OPERATIVO | J15: CUSTO IMPRODUTIVO | L15: CUSTO TOTAL
A16: SICRO3 | B16: E9509 | C16: Caminhão tanque distribuidor de asfalto com capacidade de 6.000 l - 7 kw/136 kw | E16: h | F16: 1 | G16: 1 | H16: 0 | I16: 278.33 | J16: 72.4 | L16: =(F16*G16*I16)+(F16*H16*J16) -> 278.33
A17: SICRO3 | B17: E9558 | C17: Tanque de estocagem de asfalto com capacidade de 30.000 l | E17: h | F17: 2 | G17: 1 | H17: 0 | I17: 56.96 | J17: 38.91 | L17: =(F17*G17*I17)+(F17*H17*J17) -> 113.92
A18: (E) CUSTO HORÁRIO DE EQUIPAMENTO | L18: =SUM(L16:L17) -> 392.25
A19: BASE | B19: CÓDIGO | C19: MÃO DE OBRA | H19: UND | I19: QTD | J19: SALARIO HORA | L19: CUSTO TOTAL
A20: SICRO3 | B20: P9824 | C20: Servente | H20: h | I20: 2 | J20: 19.66 | L20: =I20*J20 -> 39.32
A21: (O) CUSTO HORÁRIO DE MÃO-DE-OBRA | L21: =L20 -> 39.32
A22: (E + O + A) CUSTO HORÁRIO DE EXECUÇÃO | L22: =L18+L21 -> 431.57
A23: ( [E + O + A] / P ) CUSTO UNITÁRIO DE EXECUÇÃO | L23: =L22/I13 -> 0.38
A24: CUSTO DO FIC | L24: 0
A25: CUSTO DO FIT
A26: BASE | B26: CÓDIGO | C26: MATERIAL | H26: UND | I26: QTD | J26: CUSTO UNITÁRIO | L26: CUSTO TOTAL
A27: SICRO3 | B27: M0104 | C27: Asfalto diluído de petróleo - cm-30 | H27: t | I27: 0.0012 | J27: 7638 | L27: =I27*J27 -> 9.17
A28: CUSTO TOTAL DO MATERIAL | L28: =L27 -> 9.17
A30: CUSTO TOTAL | K30: =L28+L23 -> 9.55
A32: Nº ITEM | B32: BASE | C32: CODIGO | D32: DESCRIÇÃO DO SERVIÇO | I32: (P) PROD EQUI | L32: UNID.
A33: CPU 03 | B33: SICRO3 | C33: 4011353 | D33: Pintura de ligação | I33: 1500 | L33: m2
A34: COMPOSIÇÃO DE PREÇO PADRÃO DNIT
A35: BASE | B35: CÓDIGO | C35: EQUIPAMENTO | E35: UND | F35: QTD | G35: ULTILIZAÇÃO OPERATIVA | H35: ULTILIZAÇÃO OPERATIVA | I35: CUSTO OPERATIVO | J35: CUSTO IMPRODUTIVO | L35: CUSTO TOTAL
A36: SICRO3 | B36: E9509 | C36: Caminhão tanque distribuidor de asfalto com capacidade de 6.000 l - 7 kw/136 kw | E36: h | F36: 1 | G36: 1 | H36: 0 | I36: 278.33 | J36: 72.4 | L36: =(F36*G36*I36)+(F36*H36*J36) -> 278.33
A37: SICRO3 | B37: E9558 | C37: Tanque de estocagem de asfalto com capacidade de 30.000 l | E37: h | F37: 2 | G37: 1 | H37: 0 | I37: 56.96 | J37: 38.91 | L37: =(F37*G37*I37)+(F37*H37*J37) -> 113.92
A38: (E) CUSTO HORÁRIO DE EQUIPAMENTO | L38: =SUM(L36:L37) -> 392.25
A39: BASE | B39: CÓDIGO | C39: MÃO DE OBRA | H39: UND | I39: QTD | J39: SALARIO HORA | L39: CUSTO TOTAL
A40: SICRO3 | B40: P9824 | C40: Servente | H40: h | I40: 2 | J40: 19.66 | L40: =I40*J40 -> 39.32
A41: (O) CUSTO HORÁRIO DE MÃO-DE-OBRA | L41: =L40 -> 39.32
A42: (E + O + A) CUSTO HORÁRIO DE EXECUÇÃO | L42: =L41+L38 -> 431.57
A43: ( [E + O + A] / P ) CUSTO UNITÁRIO DE EXECUÇÃO | L43: =L42/I33 -> 0.29
A44: CUSTO DO FIC | L44: 0
A45: CUSTO DO FIT
A46: BASE | B46: CÓDIGO | C46: MATERIAL | H46: UND | I46: QTD | J46: CUSTO UNITÁRIO | L46: CUSTO TOTAL
A47: SICRO3 | B47: M1946 | C47: Emulsão asfáltica - rr-1c | H47: t | I47: 0.00045 | J47: 5922 | L47: =I47*J47 -> 2.66
A48: CUSTO TOTAL DO MATERIAL | L48: =L47 -> 2.66
A50: CUSTO TOTAL | K50: =L48+L43 -> 2.95

Sheet CPU 02- Sinal.Hor.
A4: ='DADOS DA OBRA'!$A$6:$E$6 -> ESTADO DO PARÁ
A5: ='DADOS DA OBRA'!$A$7:$E$7 -> PREFEITURA MUNICIPAL DE ÓBIDOS
A6: ='DADOS DA OBRA'!$A$8:$E$8 -> CNPJ: 05.131.180/0001-64
A7: ='DADOS DA OBRA'!$A$10:$E$10 -> OBJETO: PAVIMENTAÇÃO E QUALIFICAÇÃO ASFALTICA DE VIAS URBANAS NO MUNICIPIO DE ÓBIDOS
A8: ='DADOS DA OBRA'!$A$11:$E$11 -> LOCAL: MUNCÍPIO DE ÓBIDOS
A10: COMPOSIÇÃO DE PREÇO UNITARIO - CPU
A12: CPU 002 | B12: ='ORÇAMENTO DESONERAÇÃO'!#REF! -> #REF! | K12: =SUM(K15:K21) -> 25.18
A14: Código | B14: Descrição | H14: Uni | I14: Quant | J14: R$ | K14: R$ Total
A15: 5318 | B15: Solvente diluente a base de aguarrás | H15: l | I15: 0.13 | J15: 22.87 | K15: =ROUND((I15*J15),2) -> 2.97
A16: 5824 | B16: Caminhão toco, PBT 16.000 kg, carga útil máx. 10.685 kg, dist. Entre eixos 4,8 m, potência 189 cv, inclusive carroceria fixa aberta de madeira p/ transporte geral de carga seca, dimen. Aprox. 2,5 x 7,00 x 0,50m - chp diurno. Af_06/2014 | H16: chp | I16: 0.003333 | J16: 197.46 | K16: =ROUND((I16*J16),2) -> 0.66
A17: 7348 | B17: Tinta acrílica Premium para piso | H17: l | I17: 0.03 | J17: 22.51 | K17: =ROUND((I17*J17),2) -> 0.68
A18: 7343 | B18: Tinta a base de resina acrilica, para sinalização horizontal viaria (NBR 11862) | H18: l | I18: 0.6 | J18: 13.16 | K18: =ROUND((I18*J18),2) -> 7.9
A19: 44477 | B19: Microesferas de vidro para sinalização horizontal viária, tipo i-b (premix) - nbr 16184 | H19: kg | I19: 0.4 | J19: 13.95 | K19: =ROUND((I19*J19),2) -> 5.58
A20: 88316 | B20: Servente com encargos complementares | H20: h | I20: 0.095 | J20: 19.22 | K20: =ROUND((I20*J20),2) -> 1.83
A21: 95133 | B21: Máquina demarcadora de faixa de tráfego à frio, autopropelida, potência 38 hp - chp diurno. Af_07/2016 | H21: chp | I21: 0.03333 | J21: 166.84 | K21: =ROUND((I21*J21),2) -> 5.56
A27: IANÊ TAÍNA DE CARVALHO FARIAS
A28: ENG.CIVIL - CREA-PA 26389D

Sheet CFF Desonerado
AA4: GOVERNO DO ESTADO DO PARÁ | AQ4: GOVERNO DO ESTADO DO PARÁ | BG4: GOVERNO DO ESTADO DO PARÁ | BW4: GOVERNO DO ESTADO DO PARÁ | CM4: GOVERNO DO ESTADO DO PARÁ | DC4: GOVERNO DO ESTADO DO PARÁ | DS4: GOVERNO DO ESTADO DO PARÁ | EI4: GOVERNO DO ESTADO DO PARÁ | EY4: GOVERNO DO ESTADO DO PARÁ | FO4: GOVERNO DO ESTADO DO PARÁ | GE4: GOVERNO DO ESTADO DO PARÁ | GU4: GOVERNO DO ESTADO DO PARÁ | HK4: GOVERNO DO ESTADO DO PARÁ | IA4: GOVERNO DO ESTADO DO PARÁ | IQ4: GOVERNO DO ESTADO DO PARÁ | JG4: GOVERNO DO ESTADO DO PARÁ | JW4: GOVERNO DO ESTADO DO PARÁ | KM4: GOVERNO DO ESTADO DO PARÁ | LC4: GOVERNO DO ESTADO DO PARÁ | LS4: GOVERNO DO ESTADO DO PARÁ | MI4: GOVERNO DO ESTADO DO PARÁ | MY4: GOVERNO DO ESTADO DO PARÁ | NO4: GOVERNO DO ESTADO DO PARÁ | OE4: GOVERNO DO ESTADO DO PARÁ | OU4: GOVERNO DO ESTADO DO PARÁ | PK4: GOVERNO DO ESTADO DO PARÁ | QA4: GOVERNO DO ESTADO DO PARÁ | QQ4: GOVERNO DO ESTADO DO PARÁ | RG4: GOVERNO DO ESTADO DO PARÁ | RW4: GOVERNO DO ESTADO DO PARÁ | SM4: GOVERNO DO ESTADO DO PARÁ | TC4: GOVERNO DO ESTADO DO PARÁ | TS4: GOVERNO DO ESTADO DO PARÁ | UI4: GOVERNO DO ESTADO DO PARÁ | UY4: GOVERNO DO ESTADO DO PARÁ | VO4: GOVERNO DO ESTADO DO PARÁ | WE4: GOVERNO DO ESTADO DO PARÁ | WU4: GOVERNO DO ESTADO DO PARÁ | XK4: GOVERNO DO ESTADO DO PARÁ | YA4: GOVERNO DO ESTADO DO PARÁ | YQ4: GOVERNO DO ESTADO DO PARÁ | ZG4: GOVERNO DO ESTADO DO PARÁ | ZW4: GOVERNO DO ESTADO DO PARÁ | AAM4: GOVERNO DO ESTADO DO PARÁ | ABC4: GOVERNO DO ESTADO DO PARÁ | ABS4: GOVERNO DO ESTADO DO PARÁ | ACI4: GOVERNO DO ESTADO DO PARÁ | ACY4: GOVERNO DO ESTADO DO PARÁ | ADO4: GOVERNO DO ESTADO DO PARÁ | AEE4: GOVERNO DO ESTADO DO PARÁ | AEU4: GOVERNO DO ESTADO DO PARÁ | AFK4: GOVERNO DO ESTADO DO PARÁ | AGA4: GOVERNO DO ESTADO DO PARÁ | AGQ4: GOVERNO DO ESTADO DO PARÁ | AHG4: GOVERNO DO ESTADO DO PARÁ | AHW4: GOVERNO DO ESTADO DO PARÁ | AIM4: GOVERNO DO ESTADO DO PARÁ | AJC4: GOVERNO DO ESTADO DO PARÁ | AJS4: GOVERNO DO ESTADO DO PARÁ | AKI4: GOVERNO DO ESTADO DO PARÁ | AKY4: GOVERNO DO ESTADO DO PARÁ | ALO4: GOVERNO DO ESTADO DO PARÁ | AME4: GOVERNO DO ESTADO DO PARÁ | AMU4: GOVERNO DO ESTADO DO PARÁ | ANK4: GOVERNO DO ESTADO DO PARÁ | AOA4: GOVERNO DO ESTADO DO PARÁ | AOQ4: GOVERNO DO ESTADO DO PARÁ | APG4: GOVERNO DO ESTADO DO PARÁ | APW4: GOVERNO DO ESTADO DO PARÁ | AQM4: GOVERNO DO ESTADO DO PARÁ | ARC4: GOVERNO DO ESTADO DO PARÁ | ARS4: GOVERNO DO ESTADO DO PARÁ | ASI4: GOVERNO DO ESTADO DO PARÁ | ASY4: GOVERNO DO ESTADO DO PARÁ | ATO4: GOVERNO DO ESTADO DO PARÁ | AUE4: GOVERNO DO ESTADO DO PARÁ | AUU4: GOVERNO DO ESTADO DO PARÁ | AVK4: GOVERNO DO ESTADO DO PARÁ | AWA4: GOVERNO DO ESTADO DO PARÁ | AWQ4: GOVERNO DO ESTADO DO PARÁ | AXG4: GOVERNO DO ESTADO DO PARÁ | AXW4: GOVERNO DO ESTADO DO PARÁ | AYM4: GOVERNO DO ESTADO DO PARÁ | AZC4: GOVERNO DO ESTADO DO PARÁ | AZS4: GOVERNO DO ESTADO DO PARÁ | BAI4: GOVERNO DO ESTADO DO PARÁ | BAY4: GOVERNO DO ESTADO DO PARÁ | BBO4: GOVERNO DO ESTADO DO PARÁ | BCE4: GOVERNO DO ESTADO DO PARÁ | BCU4: GOVERNO DO ESTADO DO PARÁ | BDK4: GOVERNO DO ESTADO DO PARÁ | BEA4: GOVERNO DO ESTADO DO PARÁ | BEQ4: GOVERNO DO ESTADO DO PARÁ | BFG4: GOVERNO DO ESTADO DO PARÁ | BFW4: GOVERNO DO ESTADO DO PARÁ | BGM4: GOVERNO DO ESTADO DO PARÁ | BHC4: GOVERNO DO ESTADO DO PARÁ | BHS4: GOVERNO DO ESTADO DO PARÁ | BII4: GOVERNO DO ESTADO DO PARÁ | BIY4: GOVERNO DO ESTADO DO PARÁ | BJO4: GOVERNO DO ESTADO DO PARÁ | BKE4: GOVERNO DO ESTADO DO PARÁ | BKU4: GOVERNO DO ESTADO DO PARÁ | BLK4: GOVERNO DO ESTADO DO PARÁ | BMA4: GOVERNO DO ESTADO DO PARÁ | BMQ4: GOVERNO DO ESTADO DO PARÁ | BNG4: GOVERNO DO ESTADO DO PARÁ | BNW4: GOVERNO DO ESTADO DO PARÁ | BOM4: GOVERNO DO ESTADO DO PARÁ | BPC4: GOVERNO DO ESTADO DO PARÁ | BPS4: GOVERNO DO ESTADO DO PARÁ | BQI4: GOVERNO DO ESTADO DO PARÁ | BQY4: GOVERNO DO ESTADO DO PARÁ | BRO4: GOVERNO DO ESTADO DO PARÁ | BSE4: GOVERNO DO ESTADO DO PARÁ | BSU4: GOVERNO DO ESTADO DO PARÁ | BTK4: GOVERNO DO ESTADO DO PARÁ | BUA4: GOVERNO DO ESTADO DO PARÁ | BUQ4: GOVERNO DO ESTADO DO PARÁ | BVG4: GOVERNO DO ESTADO DO PARÁ | BVW4: GOVERNO DO ESTADO DO PARÁ | BWM4: GOVERNO DO ESTADO DO PARÁ | BXC4: GOVERNO DO ESTADO DO PARÁ | BXS4: GOVERNO DO ESTADO DO PARÁ | BYI4: GOVERNO DO ESTADO DO PARÁ | BYY4: GOVERNO DO ESTADO DO PARÁ | BZO4: GOVERNO DO ESTADO DO PARÁ | CAE4: GOVERNO DO ESTADO DO PARÁ | CAU4: GOVERNO DO ESTADO DO PARÁ | CBK4: GOVERNO DO ESTADO DO PARÁ | CCA4: GOVERNO DO ESTADO DO PARÁ | CCQ4: GOVERNO DO ESTADO DO PARÁ | CDG4: GOVERNO DO ESTADO DO PARÁ | CDW4: GOVERNO DO ESTADO DO PARÁ | CEM4: GOVERNO DO ESTADO DO PARÁ | CFC4: GOVERNO DO ESTADO DO PARÁ | CFS4: GOVERNO DO ESTADO DO PARÁ | CGI4: GOVERNO DO ESTADO DO PARÁ | CGY4: GOVERNO DO ESTADO DO PARÁ | CHO4: GOVERNO DO ESTADO DO PARÁ | CIE4: GOVERNO DO ESTADO DO PARÁ | CIU4: GOVERNO DO ESTADO DO PARÁ | CJK4: GOVERNO DO ESTADO DO PARÁ | CKA4: GOVERNO DO ESTADO DO PARÁ | CKQ4: GOVERNO DO ESTADO DO PARÁ | CLG4: GOVERNO DO ESTADO DO PARÁ | CLW4: GOVERNO DO ESTADO DO PARÁ | CMM4: GOVERNO DO ESTADO DO PARÁ | CNC4: GOVERNO DO ESTADO DO PARÁ | CNS4: GOVERNO DO ESTADO DO PARÁ | COI4: GOVERNO DO ESTADO DO PARÁ | COY4: GOVERNO DO ESTADO DO PARÁ | CPO4: GOVERNO DO ESTADO DO PARÁ | CQE4: GOVERNO DO ESTADO DO PARÁ | CQU4: GOVERNO DO ESTADO DO PARÁ | CRK4: GOVERNO DO ESTADO DO PARÁ | CSA4: GOVERNO DO ESTADO DO PARÁ | CSQ4: GOVERNO DO ESTADO DO PARÁ | CTG4: GOVERNO DO ESTADO DO PARÁ | CTW4: GOVERNO DO ESTADO DO PARÁ | CUM4: GOVERNO DO ESTADO DO PARÁ | CVC4: GOVERNO DO ESTADO DO PARÁ | CVS4: GOVERNO DO ESTADO DO PARÁ | CWI4: GOVERNO DO ESTADO DO PARÁ | CWY4: GOVERNO DO ESTADO DO PARÁ | CXO4: GOVERNO DO ESTADO DO PARÁ | CYE4: GOVERNO DO ESTADO DO PARÁ | CYU4: GOVERNO DO ESTADO DO PARÁ | CZK4: GOVERNO DO ESTADO DO PARÁ | DAA4: GOVERNO DO ESTADO DO PARÁ | DAQ4: GOVERNO DO ESTADO DO PARÁ | DBG4: GOVERNO DO ESTADO DO PARÁ | DBW4: GOVERNO DO ESTADO DO PARÁ | DCM4: GOVERNO DO ESTADO DO PARÁ | DDC4: GOVERNO DO ESTADO DO PARÁ | DDS4: GOVERNO DO ESTADO DO PARÁ | DEI4: GOVERNO DO ESTADO DO PARÁ | DEY4: GOVERNO DO ESTADO DO PARÁ | DFO4: GOVERNO DO ESTADO DO PARÁ | DGE4: GOVERNO DO ESTADO DO PARÁ | DGU4: GOVERNO DO ESTADO DO PARÁ | DHK4: GOVERNO DO ESTADO DO PARÁ | DIA4: GOVERNO DO ESTADO DO PARÁ | DIQ4: GOVERNO DO ESTADO DO PARÁ | DJG4: GOVERNO DO ESTADO DO PARÁ | DJW4: GOVERNO DO ESTADO DO PARÁ | DKM4: GOVERNO DO ESTADO DO PARÁ | DLC4: GOVERNO DO ESTADO DO PARÁ | DLS4: GOVERNO DO ESTADO DO PARÁ | DMI4: GOVERNO DO ESTADO DO PARÁ | DMY4: GOVERNO DO ESTADO DO PARÁ | DNO4: GOVERNO DO ESTADO DO PARÁ | DOE4: GOVERNO DO ESTADO DO PARÁ | DOU4: GOVERNO DO ESTADO DO PARÁ | DPK4: GOVERNO DO ESTADO DO PARÁ | DQA4: GOVERNO DO ESTADO DO PARÁ | DQQ4: GOVERNO DO ESTADO DO PARÁ | DRG4: GOVERNO DO ESTADO DO PARÁ | DRW4: GOVERNO DO ESTADO DO PARÁ | DSM4: GOVERNO DO ESTADO DO PARÁ | DTC4: GOVERNO DO ESTADO DO PARÁ | DTS4: GOVERNO DO ESTADO DO PARÁ | DUI4: GOVERNO DO ESTADO DO PARÁ | DUY4: GOVERNO DO ESTADO DO PARÁ | DVO4: GOVERNO DO ESTADO DO PARÁ | DWE4: GOVERNO DO ESTADO DO PARÁ | DWU4: GOVERNO DO ESTADO DO PARÁ | DXK4: GOVERNO DO ESTADO DO PARÁ | DYA4: GOVERNO DO ESTADO DO PARÁ | DYQ4: GOVERNO DO ESTADO DO PARÁ | DZG4: GOVERNO DO ESTADO DO PARÁ | DZW4: GOVERNO DO ESTADO DO PARÁ | EAM4: GOVERNO DO ESTADO DO PARÁ | EBC4: GOVERNO DO ESTADO DO PARÁ | EBS4: GOVERNO DO ESTADO DO PARÁ | ECI4: GOVERNO DO ESTADO DO PARÁ | ECY4: GOVERNO DO ESTADO DO PARÁ | EDO4: GOVERNO DO ESTADO DO PARÁ | EEE4: GOVERNO DO ESTADO DO PARÁ | EEU4: GOVERNO DO ESTADO DO PARÁ | EFK4: GOVERNO DO ESTADO DO PARÁ | EGA4: GOVERNO DO ESTADO DO PARÁ | EGQ4: GOVERNO DO ESTADO DO PARÁ | EHG4: GOVERNO DO ESTADO DO PARÁ | EHW4: GOVERNO DO ESTADO DO PARÁ | EIM4: GOVERNO DO ESTADO DO PARÁ | EJC4: GOVERNO DO ESTADO DO PARÁ | EJS4: GOVERNO DO ESTADO DO PARÁ | EKI4: GOVERNO DO ESTADO DO PARÁ | EKY4: GOVERNO DO ESTADO DO PARÁ | ELO4: GOVERNO DO ESTADO DO PARÁ | EME4: GOVERNO DO ESTADO DO PARÁ | EMU4: GOVERNO DO ESTADO DO PARÁ | ENK4: GOVERNO DO ESTADO DO PARÁ | EOA4: GOVERNO DO ESTADO DO PARÁ | EOQ4: GOVERNO DO ESTADO DO PARÁ | EPG4: GOVERNO DO ESTADO DO PARÁ | EPW4: GOVERNO DO ESTADO DO PARÁ | EQM4: GOVERNO DO ESTADO DO PARÁ | ERC4: GOVERNO DO ESTADO DO PARÁ | ERS4: GOVERNO DO ESTADO DO PARÁ | ESI4: GOVERNO DO ESTADO DO PARÁ | ESY4: GOVERNO DO ESTADO DO PARÁ | ETO4: GOVERNO DO ESTADO DO PARÁ | EUE4: GOVERNO DO ESTADO DO PARÁ | EUU4: GOVERNO DO ESTADO DO PARÁ | EVK4: GOVERNO DO ESTADO DO PARÁ | EWA4: GOVERNO DO ESTADO DO PARÁ | EWQ4: GOVERNO DO ESTADO DO PARÁ | EXG4: GOVERNO DO ESTADO DO PARÁ | EXW4: GOVERNO DO ESTADO DO PARÁ | EYM4: GOVERNO DO ESTADO DO PARÁ | EZC4: GOVERNO DO ESTADO DO PARÁ | EZS4: GOVERNO DO ESTADO DO PARÁ | FAI4: GOVERNO DO ESTADO DO PARÁ | FAY4: GOVERNO DO ESTADO DO PARÁ | FBO4: GOVERNO DO ESTADO DO PARÁ | FCE4: GOVERNO DO ESTADO DO PARÁ | FCU4: GOVERNO DO ESTADO DO PARÁ | FDK4: GOVERNO DO ESTADO DO PARÁ | FEA4: GOVERNO DO ESTADO DO PARÁ | FEQ4: GOVERNO DO ESTADO DO PARÁ | FFG4: GOVERNO DO ESTADO DO PARÁ | FFW4: GOVERNO DO ESTADO DO PARÁ | FGM4: GOVERNO DO ESTADO DO PARÁ | FHC4: GOVERNO DO ESTADO DO PARÁ | FHS4: GOVERNO DO ESTADO DO PARÁ | FII4: GOVERNO DO ESTADO DO PARÁ | FIY4: GOVERNO DO ESTADO DO PARÁ | FJO4: GOVERNO DO ESTADO DO PARÁ | FKE4: GOVERNO DO ESTADO DO PARÁ | FKU4: GOVERNO DO ESTADO DO PARÁ | FLK4: GOVERNO DO ESTADO DO PARÁ | FMA4: GOVERNO DO ESTADO DO PARÁ | FMQ4: GOVERNO DO ESTADO DO PARÁ | FNG4: GOVERNO DO ESTADO DO PARÁ | FNW4: GOVERNO DO ESTADO DO PARÁ | FOM4: GOVERNO DO ESTADO DO PARÁ | FPC4: GOVERNO DO ESTADO DO PARÁ | FPS4: GOVERNO DO ESTADO DO PARÁ | FQI4: GOVERNO DO ESTADO DO PARÁ | FQY4: GOVERNO DO ESTADO DO PARÁ | FRO4: GOVERNO DO ESTADO DO PARÁ | FSE4: GOVERNO DO ESTADO DO PARÁ | FSU4: GOVERNO DO ESTADO DO PARÁ | FTK4: GOVERNO DO ESTADO DO PARÁ | FUA4: GOVERNO DO ESTADO DO PARÁ | FUQ4: GOVERNO DO ESTADO DO PARÁ | FVG4: GOVERNO DO ESTADO DO PARÁ | FVW4: GOVERNO DO ESTADO DO PARÁ | FWM4: GOVERNO DO ESTADO DO PARÁ | FXC4: GOVERNO DO ESTADO DO PARÁ | FXS4: GOVERNO DO ESTADO DO PARÁ | FYI4: GOVERNO DO ESTADO DO PARÁ | FYY4: GOVERNO DO ESTADO DO PARÁ | FZO4: GOVERNO DO ESTADO DO PARÁ | GAE4: GOVERNO DO ESTADO DO PARÁ | GAU4: GOVERNO DO ESTADO DO PARÁ | GBK4: GOVERNO DO ESTADO DO PARÁ | GCA4: GOVERNO DO ESTADO DO PARÁ | GCQ4: GOVERNO DO ESTADO DO PARÁ | GDG4: GOVERNO DO ESTADO DO PARÁ | GDW4: GOVERNO DO ESTADO DO PARÁ | GEM4: GOVERNO DO ESTADO DO PARÁ | GFC4: GOVERNO DO ESTADO DO PARÁ | GFS4: GOVERNO DO ESTADO DO PARÁ | GGI4: GOVERNO DO ESTADO DO PARÁ | GGY4: GOVERNO DO ESTADO DO PARÁ | GHO4: GOVERNO DO ESTADO DO PARÁ | GIE4: GOVERNO DO ESTADO DO PARÁ | GIU4: GOVERNO DO ESTADO DO PARÁ | GJK4: GOVERNO DO ESTADO DO PARÁ | GKA4: GOVERNO DO ESTADO DO PARÁ | GKQ4: GOVERNO DO ESTADO DO PARÁ | GLG4: GOVERNO DO ESTADO DO PARÁ | GLW4: GOVERNO DO ESTADO DO PARÁ | GMM4: GOVERNO DO ESTADO DO PARÁ | GNC4: GOVERNO DO ESTADO DO PARÁ | GNS4: GOVERNO DO ESTADO DO PARÁ | GOI4: GOVERNO DO ESTADO DO PARÁ | GOY4: GOVERNO DO ESTADO DO PARÁ | GPO4: GOVERNO DO ESTADO DO PARÁ | GQE4: GOVERNO DO ESTADO DO PARÁ | GQU4: GOVERNO DO ESTADO DO PARÁ | GRK4: GOVERNO DO ESTADO DO PARÁ | GSA4: GOVERNO DO ESTADO DO PARÁ | GSQ4: GOVERNO DO ESTADO DO PARÁ | GTG4: GOVERNO DO ESTADO DO PARÁ | GTW4: GOVERNO DO ESTADO DO PARÁ | GUM4: GOVERNO DO ESTADO DO PARÁ | GVC4: GOVERNO DO ESTADO DO PARÁ | GVS4: GOVERNO DO ESTADO DO PARÁ | GWI4: GOVERNO DO ESTADO DO PARÁ | GWY4: GOVERNO DO ESTADO DO PARÁ | GXO4: GOVERNO DO ESTADO DO PARÁ | GYE4: GOVERNO DO ESTADO DO PARÁ | GYU4: GOVERNO DO ESTADO DO PARÁ | GZK4: GOVERNO DO ESTADO DO PARÁ | HAA4: GOVERNO DO ESTADO DO PARÁ | HAQ4: GOVERNO DO ESTADO DO PARÁ | HBG4: GOVERNO DO ESTADO DO PARÁ | HBW4: GOVERNO DO ESTADO DO PARÁ | HCM4: GOVERNO DO ESTADO DO PARÁ | HDC4: GOVERNO DO ESTADO DO PARÁ | HDS4: GOVERNO DO ESTADO DO PARÁ | HEI4: GOVERNO DO ESTADO DO PARÁ | HEY4: GOVERNO DO ESTADO DO PARÁ | HFO4: GOVERNO DO ESTADO DO PARÁ | HGE4: GOVERNO DO ESTADO DO PARÁ | HGU4: GOVERNO DO ESTADO DO PARÁ | HHK4: GOVERNO DO ESTADO DO PARÁ | HIA4: GOVERNO DO ESTADO DO PARÁ | HIQ4: GOVERNO DO ESTADO DO PARÁ | HJG4: GOVERNO DO ESTADO DO PARÁ | HJW4: GOVERNO DO ESTADO DO PARÁ | HKM4: GOVERNO DO ESTADO DO PARÁ | HLC4: GOVERNO DO ESTADO DO PARÁ | HLS4: GOVERNO DO ESTADO DO PARÁ | HMI4: GOVERNO DO ESTADO DO PARÁ | HMY4: GOVERNO DO ESTADO DO PARÁ | HNO4: GOVERNO DO ESTADO DO PARÁ | HOE4: GOVERNO DO ESTADO DO PARÁ | HOU4: GOVERNO DO ESTADO DO PARÁ | HPK4: GOVERNO DO ESTADO DO PARÁ | HQA4: GOVERNO DO ESTADO DO PARÁ | HQQ4: GOVERNO DO ESTADO DO PARÁ | HRG4: GOVERNO DO ESTADO DO PARÁ | HRW4: GOVERNO DO ESTADO DO PARÁ | HSM4: GOVERNO DO ESTADO DO PARÁ | HTC4: GOVERNO DO ESTADO DO PARÁ | HTS4: GOVERNO DO ESTADO DO PARÁ | HUI4: GOVERNO DO ESTADO DO PARÁ | HUY4: GOVERNO DO ESTADO DO PARÁ | HVO4: GOVERNO DO ESTADO DO PARÁ | HWE4: GOVERNO DO ESTADO DO PARÁ | HWU4: GOVERNO DO ESTADO DO PARÁ | HXK4: GOVERNO DO ESTADO DO PARÁ | HYA4: GOVERNO DO ESTADO DO PARÁ | HYQ4: GOVERNO DO ESTADO DO PARÁ | HZG4: GOVERNO DO ESTADO DO PARÁ | HZW4: GOVERNO DO ESTADO DO PARÁ | IAM4: GOVERNO DO ESTADO DO PARÁ | IBC4: GOVERNO DO ESTADO DO PARÁ | IBS4: GOVERNO DO ESTADO DO PARÁ | ICI4: GOVERNO DO ESTADO DO PARÁ | ICY4: GOVERNO DO ESTADO DO PARÁ | IDO4: GOVERNO DO ESTADO DO PARÁ | IEE4: GOVERNO DO ESTADO DO PARÁ | IEU4: GOVERNO DO ESTADO DO PARÁ | IFK4: GOVERNO DO ESTADO DO PARÁ | IGA4: GOVERNO DO ESTADO DO PARÁ | IGQ4: GOVERNO DO ESTADO DO PARÁ | IHG4: GOVERNO DO ESTADO DO PARÁ | IHW4: GOVERNO DO ESTADO DO PARÁ | IIM4: GOVERNO DO ESTADO DO PARÁ | IJC4: GOVERNO DO ESTADO DO PARÁ | IJS4: GOVERNO DO ESTADO DO PARÁ | IKI4: GOVERNO DO ESTADO DO PARÁ | IKY4: GOVERNO DO ESTADO DO PARÁ | ILO4: GOVERNO DO ESTADO DO PARÁ | IME4: GOVERNO DO ESTADO DO PARÁ | IMU4: GOVERNO DO ESTADO DO PARÁ | INK4: GOVERNO DO ESTADO DO PARÁ | IOA4: GOVERNO DO ESTADO DO PARÁ | IOQ4: GOVERNO DO ESTADO DO PARÁ | IPG4: GOVERNO DO ESTADO DO PARÁ | IPW4: GOVERNO DO ESTADO DO PARÁ | IQM4: GOVERNO DO ESTADO DO PARÁ | IRC4: GOVERNO DO ESTADO DO PARÁ | IRS4: GOVERNO DO ESTADO DO PARÁ | ISI4: GOVERNO DO ESTADO DO PARÁ | ISY4: GOVERNO DO ESTADO DO PARÁ | ITO4: GOVERNO DO ESTADO DO PARÁ | IUE4: GOVERNO DO ESTADO DO PARÁ | IUU4: GOVERNO DO ESTADO DO PARÁ | IVK4: GOVERNO DO ESTADO DO PARÁ | IWA4: GOVERNO DO ESTADO DO PARÁ | IWQ4: GOVERNO DO ESTADO DO PARÁ | IXG4: GOVERNO DO ESTADO DO PARÁ | IXW4: GOVERNO DO ESTADO DO PARÁ | IYM4: GOVERNO DO ESTADO DO PARÁ | IZC4: GOVERNO DO ESTADO DO PARÁ | IZS4: GOVERNO DO ESTADO DO PARÁ | JAI4: GOVERNO DO ESTADO DO PARÁ | JAY4: GOVERNO DO ESTADO DO PARÁ | JBO4: GOVERNO DO ESTADO DO PARÁ | JCE4: GOVERNO DO ESTADO DO PARÁ | JCU4: GOVERNO DO ESTADO DO PARÁ | JDK4: GOVERNO DO ESTADO DO PARÁ | JEA4: GOVERNO DO ESTADO DO PARÁ | JEQ4: GOVERNO DO ESTADO DO PARÁ | JFG4: GOVERNO DO ESTADO DO PARÁ | JFW4: GOVERNO DO ESTADO DO PARÁ | JGM4: GOVERNO DO ESTADO DO PARÁ | JHC4: GOVERNO DO ESTADO DO PARÁ | JHS4: GOVERNO DO ESTADO DO PARÁ | JII4: GOVERNO DO ESTADO DO PARÁ | JIY4: GOVERNO DO ESTADO DO PARÁ | JJO4: GOVERNO DO ESTADO DO PARÁ | JKE4: GOVERNO DO ESTADO DO PARÁ | JKU4: GOVERNO DO ESTADO DO PARÁ | JLK4: GOVERNO DO ESTADO DO PARÁ | JMA4: GOVERNO DO ESTADO DO PARÁ | JMQ4: GOVERNO DO ESTADO DO PARÁ | JNG4: GOVERNO DO ESTADO DO PARÁ | JNW4: GOVERNO DO ESTADO DO PARÁ | JOM4: GOVERNO DO ESTADO DO PARÁ | JPC4: GOVERNO DO ESTADO DO PARÁ | JPS4: GOVERNO DO ESTADO DO PARÁ | JQI4: GOVERNO DO ESTADO DO PARÁ | JQY4: GOVERNO DO ESTADO DO PARÁ | JRO4: GOVERNO DO ESTADO DO PARÁ | JSE4: GOVERNO DO ESTADO DO PARÁ | JSU4: GOVERNO DO ESTADO DO PARÁ | JTK4: GOVERNO DO ESTADO DO PARÁ | JUA4: GOVERNO DO ESTADO DO PARÁ | JUQ4: GOVERNO DO ESTADO DO PARÁ | JVG4: GOVERNO DO ESTADO DO PARÁ | JVW4: GOVERNO DO ESTADO DO PARÁ | JWM4: GOVERNO DO ESTADO DO PARÁ | JXC4: GOVERNO DO ESTADO DO PARÁ | JXS4: GOVERNO DO ESTADO DO PARÁ | JYI4: GOVERNO DO ESTADO DO PARÁ | JYY4: GOVERNO DO ESTADO DO PARÁ | JZO4: GOVERNO DO ESTADO DO PARÁ | KAE4: GOVERNO DO ESTADO DO PARÁ | KAU4: GOVERNO DO ESTADO DO PARÁ | KBK4: GOVERNO DO ESTADO DO PARÁ | KCA4: GOVERNO DO ESTADO DO PARÁ | KCQ4: GOVERNO DO ESTADO DO PARÁ | KDG4: GOVERNO DO ESTADO DO PARÁ | KDW4: GOVERNO DO ESTADO DO PARÁ | KEM4: GOVERNO DO ESTADO DO PARÁ | KFC4: GOVERNO DO ESTADO DO PARÁ | KFS4: GOVERNO DO ESTADO DO PARÁ | KGI4: GOVERNO DO ESTADO DO PARÁ | KGY4: GOVERNO DO ESTADO DO PARÁ | KHO4: GOVERNO DO ESTADO DO PARÁ | KIE4: GOVERNO DO ESTADO DO PARÁ | KIU4: GOVERNO DO ESTADO DO PARÁ | KJK4: GOVERNO DO ESTADO DO PARÁ | KKA4: GOVERNO DO ESTADO DO PARÁ | KKQ4: GOVERNO DO ESTADO DO PARÁ | KLG4: GOVERNO DO ESTADO DO PARÁ | KLW4: GOVERNO DO ESTADO DO PARÁ | KMM4: GOVERNO DO ESTADO DO PARÁ | KNC4: GOVERNO DO ESTADO DO PARÁ | KNS4: GOVERNO DO ESTADO DO PARÁ | KOI4: GOVERNO DO ESTADO DO PARÁ | KOY4: GOVERNO DO ESTADO DO PARÁ | KPO4: GOVERNO DO ESTADO DO PARÁ | KQE4: GOVERNO DO ESTADO DO PARÁ | KQU4: GOVERNO DO ESTADO DO PARÁ | KRK4: GOVERNO DO ESTADO DO PARÁ | KSA4: GOVERNO DO ESTADO DO PARÁ | KSQ4: GOVERNO DO ESTADO DO PARÁ | KTG4: GOVERNO DO ESTADO DO PARÁ | KTW4: GOVERNO DO ESTADO DO PARÁ | KUM4: GOVERNO DO ESTADO DO PARÁ | KVC4: GOVERNO DO ESTADO DO PARÁ | KVS4: GOVERNO DO ESTADO DO PARÁ | KWI4: GOVERNO DO ESTADO DO PARÁ | KWY4: GOVERNO DO ESTADO DO PARÁ | KXO4: GOVERNO DO ESTADO DO PARÁ | KYE4: GOVERNO DO ESTADO DO PARÁ | KYU4: GOVERNO DO ESTADO DO PARÁ | KZK4: GOVERNO DO ESTADO DO PARÁ | LAA4: GOVERNO DO ESTADO DO PARÁ | LAQ4: GOVERNO DO ESTADO DO PARÁ | LBG4: GOVERNO DO ESTADO DO PARÁ | LBW4: GOVERNO DO ESTADO DO PARÁ | LCM4: GOVERNO DO ESTADO DO PARÁ | LDC4: GOVERNO DO ESTADO DO PARÁ | LDS4: GOVERNO DO ESTADO DO PARÁ | LEI4: GOVERNO DO ESTADO DO PARÁ | LEY4: GOVERNO DO ESTADO DO PARÁ | LFO4: GOVERNO DO ESTADO DO PARÁ | LGE4: GOVERNO DO ESTADO DO PARÁ | LGU4: GOVERNO DO ESTADO DO PARÁ | LHK4: GOVERNO DO ESTADO DO PARÁ | LIA4: GOVERNO DO ESTADO DO PARÁ | LIQ4: GOVERNO DO ESTADO DO PARÁ | LJG4: GOVERNO DO ESTADO DO PARÁ | LJW4: GOVERNO DO ESTADO DO PARÁ | LKM4: GOVERNO DO ESTADO DO PARÁ | LLC4: GOVERNO DO ESTADO DO PARÁ | LLS4: GOVERNO DO ESTADO DO PARÁ | LMI4: GOVERNO DO ESTADO DO PARÁ | LMY4: GOVERNO DO ESTADO DO PARÁ | LNO4: GOVERNO DO ESTADO DO PARÁ | LOE4: GOVERNO DO ESTADO DO PARÁ | LOU4: GOVERNO DO ESTADO DO PARÁ | LPK4: GOVERNO DO ESTADO DO PARÁ | LQA4: GOVERNO DO ESTADO DO PARÁ | LQQ4: GOVERNO DO ESTADO DO PARÁ | LRG4: GOVERNO DO ESTADO DO PARÁ | LRW4: GOVERNO DO ESTADO DO PARÁ | LSM4: GOVERNO DO ESTADO DO PARÁ | LTC4: GOVERNO DO ESTADO DO PARÁ | LTS4: GOVERNO DO ESTADO DO PARÁ | LUI4: GOVERNO DO ESTADO DO PARÁ | LUY4: GOVERNO DO ESTADO DO PARÁ | LVO4: GOVERNO DO ESTADO DO PARÁ | LWE4: GOVERNO DO ESTADO DO PARÁ | LWU4: GOVERNO DO ESTADO DO PARÁ | LXK4: GOVERNO DO ESTADO DO PARÁ | LYA4: GOVERNO DO ESTADO DO PARÁ | LYQ4: GOVERNO DO ESTADO DO PARÁ | LZG4: GOVERNO DO ESTADO DO PARÁ | LZW4: GOVERNO DO ESTADO DO PARÁ | MAM4: GOVERNO DO ESTADO DO PARÁ | MBC4: GOVERNO DO ESTADO DO PARÁ | MBS4: GOVERNO DO ESTADO DO PARÁ | MCI4: GOVERNO DO ESTADO DO PARÁ | MCY4: GOVERNO DO ESTADO DO PARÁ | MDO4: GOVERNO DO ESTADO DO PARÁ | MEE4: GOVERNO DO ESTADO DO PARÁ | MEU4: GOVERNO DO ESTADO DO PARÁ | MFK4: GOVERNO DO ESTADO DO PARÁ | MGA4: GOVERNO DO ESTADO DO PARÁ | MGQ4: GOVERNO DO ESTADO DO PARÁ | MHG4: GOVERNO DO ESTADO DO PARÁ | MHW4: GOVERNO DO ESTADO DO PARÁ | MIM4: GOVERNO DO ESTADO DO PARÁ | MJC4: GOVERNO DO ESTADO DO PARÁ | MJS4: GOVERNO DO ESTADO DO PARÁ | MKI4: GOVERNO DO ESTADO DO PARÁ | MKY4: GOVERNO DO ESTADO DO PARÁ | MLO4: GOVERNO DO ESTADO DO PARÁ | MME4: GOVERNO DO ESTADO DO PARÁ | MMU4: GOVERNO DO ESTADO DO PARÁ | MNK4: GOVERNO DO ESTADO DO PARÁ | MOA4: GOVERNO DO ESTADO DO PARÁ | MOQ4: GOVERNO DO ESTADO DO PARÁ | MPG4: GOVERNO DO ESTADO DO PARÁ | MPW4: GOVERNO DO ESTADO DO PARÁ | MQM4: GOVERNO DO ESTADO DO PARÁ | MRC4: GOVERNO DO ESTADO DO PARÁ | MRS4: GOVERNO DO ESTADO DO PARÁ | MSI4: GOVERNO DO ESTADO DO PARÁ | MSY4: GOVERNO DO ESTADO DO PARÁ | MTO4: GOVERNO DO ESTADO DO PARÁ | MUE4: GOVERNO DO ESTADO DO PARÁ | MUU4: GOVERNO DO ESTADO DO PARÁ | MVK4: GOVERNO DO ESTADO DO PARÁ | MWA4: GOVERNO DO ESTADO DO PARÁ | MWQ4: GOVERNO DO ESTADO DO PARÁ | MXG4: GOVERNO DO ESTADO DO PARÁ | MXW4: GOVERNO DO ESTADO DO PARÁ | MYM4: GOVERNO DO ESTADO DO PARÁ | MZC4: GOVERNO DO ESTADO DO PARÁ | MZS4: GOVERNO DO ESTADO DO PARÁ | NAI4: GOVERNO DO ESTADO DO PARÁ | NAY4: GOVERNO DO ESTADO DO PARÁ | NBO4: GOVERNO DO ESTADO DO PARÁ | NCE4: GOVERNO DO ESTADO DO PARÁ | NCU4: GOVERNO DO ESTADO DO PARÁ | NDK4: GOVERNO DO ESTADO DO PARÁ | NEA4: GOVERNO DO ESTADO DO PARÁ | NEQ4: GOVERNO DO ESTADO DO PARÁ | NFG4: GOVERNO DO ESTADO DO PARÁ | NFW4: GOVERNO DO ESTADO DO PARÁ | NGM4: GOVERNO DO ESTADO DO PARÁ | NHC4: GOVERNO DO ESTADO DO PARÁ | NHS4: GOVERNO DO ESTADO DO PARÁ | NII4: GOVERNO DO ESTADO DO PARÁ | NIY4: GOVERNO DO ESTADO DO PARÁ | NJO4: GOVERNO DO ESTADO DO PARÁ | NKE4: GOVERNO DO ESTADO DO PARÁ | NKU4: GOVERNO DO ESTADO DO PARÁ | NLK4: GOVERNO DO ESTADO DO PARÁ | NMA4: GOVERNO DO ESTADO DO PARÁ | NMQ4: GOVERNO DO ESTADO DO PARÁ | NNG4: GOVERNO DO ESTADO DO PARÁ | NNW4: GOVERNO DO ESTADO DO PARÁ | NOM4: GOVERNO DO ESTADO DO PARÁ | NPC4: GOVERNO DO ESTADO DO PARÁ | NPS4: GOVERNO DO ESTADO DO PARÁ | NQI4: GOVERNO DO ESTADO DO PARÁ | NQY4: GOVERNO DO ESTADO DO PARÁ | NRO4: GOVERNO DO ESTADO DO PARÁ | NSE4: GOVERNO DO ESTADO DO PARÁ | NSU4: GOVERNO DO ESTADO DO PARÁ | NTK4: GOVERNO DO ESTADO DO PARÁ | NUA4: GOVERNO DO ESTADO DO PARÁ | NUQ4: GOVERNO DO ESTADO DO PARÁ | NVG4: GOVERNO DO ESTADO DO PARÁ | NVW4: GOVERNO DO ESTADO DO PARÁ | NWM4: GOVERNO DO ESTADO DO PARÁ | NXC4: GOVERNO DO ESTADO DO PARÁ | NXS4: GOVERNO DO ESTADO DO PARÁ | NYI4: GOVERNO DO ESTADO DO PARÁ | NYY4: GOVERNO DO ESTADO DO PARÁ | NZO4: GOVERNO DO ESTADO DO PARÁ | OAE4: GOVERNO DO ESTADO DO PARÁ | OAU4: GOVERNO DO ESTADO DO PARÁ | OBK4: GOVERNO DO ESTADO DO PARÁ | OCA4: GOVERNO DO ESTADO DO PARÁ | OCQ4: GOVERNO DO ESTADO DO PARÁ | ODG4: GOVERNO DO ESTADO DO PARÁ | ODW4: GOVERNO DO ESTADO DO PARÁ | OEM4: GOVERNO DO ESTADO DO PARÁ | OFC4: GOVERNO DO ESTADO DO PARÁ | OFS4: GOVERNO DO ESTADO DO PARÁ | OGI4: GOVERNO DO ESTADO DO PARÁ | OGY4: GOVERNO DO ESTADO DO PARÁ | OHO4: GOVERNO DO ESTADO DO PARÁ | OIE4: GOVERNO DO ESTADO DO PARÁ | OIU4: GOVERNO DO ESTADO DO PARÁ | OJK4: GOVERNO DO ESTADO DO PARÁ | OKA4: GOVERNO DO ESTADO DO PARÁ | OKQ4: GOVERNO DO ESTADO DO PARÁ | OLG4: GOVERNO DO ESTADO DO PARÁ | OLW4: GOVERNO DO ESTADO DO PARÁ | OMM4: GOVERNO DO ESTADO DO PARÁ | ONC4: GOVERNO DO ESTADO DO PARÁ | ONS4: GOVERNO DO ESTADO DO PARÁ | OOI4: GOVERNO DO ESTADO DO PARÁ | OOY4: GOVERNO DO ESTADO DO PARÁ | OPO4: GOVERNO DO ESTADO DO PARÁ | OQE4: GOVERNO DO ESTADO DO PARÁ | OQU4: GOVERNO DO ESTADO DO PARÁ | ORK4: GOVERNO DO ESTADO DO PARÁ | OSA4: GOVERNO DO ESTADO DO PARÁ | OSQ4: GOVERNO DO ESTADO DO PARÁ | OTG4: GOVERNO DO ESTADO DO PARÁ | OTW4: GOVERNO DO ESTADO DO PARÁ | OUM4: GOVERNO DO ESTADO DO PARÁ | OVC4: GOVERNO DO ESTADO DO PARÁ | OVS4: GOVERNO DO ESTADO DO PARÁ | OWI4: GOVERNO DO ESTADO DO PARÁ | OWY4: GOVERNO DO ESTADO DO PARÁ | OXO4: GOVERNO DO ESTADO DO PARÁ | OYE4: GOVERNO DO ESTADO DO PARÁ | OYU4: GOVERNO DO ESTADO DO PARÁ | OZK4: GOVERNO DO ESTADO DO PARÁ | PAA4: GOVERNO DO ESTADO DO PARÁ | PAQ4: GOVERNO DO ESTADO DO PARÁ | PBG4: GOVERNO DO ESTADO DO PARÁ | PBW4: GOVERNO DO ESTADO DO PARÁ | PCM4: GOVERNO DO ESTADO DO PARÁ | PDC4: GOVERNO DO ESTADO DO PARÁ | PDS4: GOVERNO DO ESTADO DO PARÁ | PEI4: GOVERNO DO ESTADO DO PARÁ | PEY4: GOVERNO DO ESTADO DO PARÁ | PFO4: GOVERNO DO ESTADO DO PARÁ | PGE4: GOVERNO DO ESTADO DO PARÁ | PGU4: GOVERNO DO ESTADO DO PARÁ | PHK4: GOVERNO DO ESTADO DO PARÁ | PIA4: GOVERNO DO ESTADO DO PARÁ | PIQ4: GOVERNO DO ESTADO DO PARÁ | PJG4: GOVERNO DO ESTADO DO PARÁ | PJW4: GOVERNO DO ESTADO DO PARÁ | PKM4: GOVERNO DO ESTADO DO PARÁ | PLC4: GOVERNO DO ESTADO DO PARÁ | PLS4: GOVERNO DO ESTADO DO PARÁ | PMI4: GOVERNO DO ESTADO DO PARÁ | PMY4: GOVERNO DO ESTADO DO PARÁ | PNO4: GOVERNO DO ESTADO DO PARÁ | POE4: GOVERNO DO ESTADO DO PARÁ | POU4: GOVERNO DO ESTADO DO PARÁ | PPK4: GOVERNO DO ESTADO DO PARÁ | PQA4: GOVERNO DO ESTADO DO PARÁ | PQQ4: GOVERNO DO ESTADO DO PARÁ | PRG4: GOVERNO DO ESTADO DO PARÁ | PRW4: GOVERNO DO ESTADO DO PARÁ | PSM4: GOVERNO DO ESTADO DO PARÁ | PTC4: GOVERNO DO ESTADO DO PARÁ | PTS4: GOVERNO DO ESTADO DO PARÁ | PUI4: GOVERNO DO ESTADO DO PARÁ | PUY4: GOVERNO DO ESTADO DO PARÁ | PVO4: GOVERNO DO ESTADO DO PARÁ | PWE4: GOVERNO DO ESTADO DO PARÁ | PWU4: GOVERNO DO ESTADO DO PARÁ | PXK4: GOVERNO DO ESTADO DO PARÁ | PYA4: GOVERNO DO ESTADO DO PARÁ | PYQ4: GOVERNO DO ESTADO DO PARÁ | PZG4: GOVERNO DO ESTADO DO PARÁ | PZW4: GOVERNO DO ESTADO DO PARÁ | QAM4: GOVERNO DO ESTADO DO PARÁ | QBC4: GOVERNO DO ESTADO DO PARÁ | QBS4: GOVERNO DO ESTADO DO PARÁ | QCI4: GOVERNO DO ESTADO DO PARÁ | QCY4: GOVERNO DO ESTADO DO PARÁ | QDO4: GOVERNO DO ESTADO DO PARÁ | QEE4: GOVERNO DO ESTADO DO PARÁ | QEU4: GOVERNO DO ESTADO DO PARÁ | QFK4: GOVERNO DO ESTADO DO PARÁ | QGA4: GOVERNO DO ESTADO DO PARÁ | QGQ4: GOVERNO DO ESTADO DO PARÁ | QHG4: GOVERNO DO ESTADO DO PARÁ | QHW4: GOVERNO DO ESTADO DO PARÁ | QIM4: GOVERNO DO ESTADO DO PARÁ | QJC4: GOVERNO DO ESTADO DO PARÁ | QJS4: GOVERNO DO ESTADO DO PARÁ | QKI4: GOVERNO DO ESTADO DO PARÁ | QKY4: GOVERNO DO ESTADO DO PARÁ | QLO4: GOVERNO DO ESTADO DO PARÁ | QME4: GOVERNO DO ESTADO DO PARÁ | QMU4: GOVERNO DO ESTADO DO PARÁ | QNK4: GOVERNO DO ESTADO DO PARÁ | QOA4: GOVERNO DO ESTADO DO PARÁ | QOQ4: GOVERNO DO ESTADO DO PARÁ | QPG4: GOVERNO DO ESTADO DO PARÁ | QPW4: GOVERNO DO ESTADO DO PARÁ | QQM4: GOVERNO DO ESTADO DO PARÁ | QRC4: GOVERNO DO ESTADO DO PARÁ | QRS4: GOVERNO DO ESTADO DO PARÁ | QSI4: GOVERNO DO ESTADO DO PARÁ | QSY4: GOVERNO DO ESTADO DO PARÁ | QTO4: GOVERNO DO ESTADO DO PARÁ | QUE4: GOVERNO DO ESTADO DO PARÁ | QUU4: GOVERNO DO ESTADO DO PARÁ | QVK4: GOVERNO DO ESTADO DO PARÁ | QWA4: GOVERNO DO ESTADO DO PARÁ | QWQ4: GOVERNO DO ESTADO DO PARÁ | QXG4: GOVERNO DO ESTADO DO PARÁ | QXW4: GOVERNO DO ESTADO DO PARÁ | QYM4: GOVERNO DO ESTADO DO PARÁ | QZC4: GOVERNO DO ESTADO DO PARÁ | QZS4: GOVERNO DO ESTADO DO PARÁ | RAI4: GOVERNO DO ESTADO DO PARÁ | RAY4: GOVERNO DO ESTADO DO PARÁ | RBO4: GOVERNO DO ESTADO DO PARÁ | RCE4: GOVERNO DO ESTADO DO PARÁ | RCU4: GOVERNO DO ESTADO DO PARÁ | RDK4: GOVERNO DO ESTADO DO PARÁ | REA4: GOVERNO DO ESTADO DO PARÁ | REQ4: GOVERNO DO ESTADO DO PARÁ | RFG4: GOVERNO DO ESTADO DO PARÁ | RFW4: GOVERNO DO ESTADO DO PARÁ | RGM4: GOVERNO DO ESTADO DO PARÁ | RHC4: GOVERNO DO ESTADO DO PARÁ | RHS4: GOVERNO DO ESTADO DO PARÁ | RII4: GOVERNO DO ESTADO DO PARÁ | RIY4: GOVERNO DO ESTADO DO PARÁ | RJO4: GOVERNO DO ESTADO DO PARÁ | RKE4: GOVERNO DO ESTADO DO PARÁ | RKU4: GOVERNO DO ESTADO DO PARÁ | RLK4: GOVERNO DO ESTADO DO PARÁ | RMA4: GOVERNO DO ESTADO DO PARÁ | RMQ4: GOVERNO DO ESTADO DO PARÁ | RNG4: GOVERNO DO ESTADO DO PARÁ | RNW4: GOVERNO DO ESTADO DO PARÁ | ROM4: GOVERNO DO ESTADO DO PARÁ | RPC4: GOVERNO DO ESTADO DO PARÁ | RPS4: GOVERNO DO ESTADO DO PARÁ | RQI4: GOVERNO DO ESTADO DO PARÁ | RQY4: GOVERNO DO ESTADO DO PARÁ | RRO4: GOVERNO DO ESTADO DO PARÁ | RSE4: GOVERNO DO ESTADO DO PARÁ | RSU4: GOVERNO DO ESTADO DO PARÁ | RTK4: GOVERNO DO ESTADO DO PARÁ | RUA4: GOVERNO DO ESTADO DO PARÁ | RUQ4: GOVERNO DO ESTADO DO PARÁ | RVG4: GOVERNO DO ESTADO DO PARÁ | RVW4: GOVERNO DO ESTADO DO PARÁ | RWM4: GOVERNO DO ESTADO DO PARÁ | RXC4: GOVERNO DO ESTADO DO PARÁ | RXS4: GOVERNO DO ESTADO DO PARÁ | RYI4: GOVERNO DO ESTADO DO PARÁ | RYY4: GOVERNO DO ESTADO DO PARÁ | RZO4: GOVERNO DO ESTADO DO PARÁ | SAE4: GOVERNO DO ESTADO DO PARÁ | SAU4: GOVERNO DO ESTADO DO PARÁ | SBK4: GOVERNO DO ESTADO DO PARÁ | SCA4: GOVERNO DO ESTADO DO PARÁ | SCQ4: GOVERNO DO ESTADO DO PARÁ | SDG4: GOVERNO DO ESTADO DO PARÁ | SDW4: GOVERNO DO ESTADO DO PARÁ | SEM4: GOVERNO DO ESTADO DO PARÁ | SFC4: GOVERNO DO ESTADO DO PARÁ | SFS4: GOVERNO DO ESTADO DO PARÁ | SGI4: GOVERNO DO ESTADO DO PARÁ | SGY4: GOVERNO DO ESTADO DO PARÁ | SHO4: GOVERNO DO ESTADO DO PARÁ | SIE4: GOVERNO DO ESTADO DO PARÁ | SIU4: GOVERNO DO ESTADO DO PARÁ | SJK4: GOVERNO DO ESTADO DO PARÁ | SKA4: GOVERNO DO ESTADO DO PARÁ | SKQ4: GOVERNO DO ESTADO DO PARÁ | SLG4: GOVERNO DO ESTADO DO PARÁ | SLW4: GOVERNO DO ESTADO DO PARÁ | SMM4: GOVERNO DO ESTADO DO PARÁ | SNC4: GOVERNO DO ESTADO DO PARÁ | SNS4: GOVERNO DO ESTADO DO PARÁ | SOI4: GOVERNO DO ESTADO DO PARÁ | SOY4: GOVERNO DO ESTADO DO PARÁ | SPO4: GOVERNO DO ESTADO DO PARÁ | SQE4: GOVERNO DO ESTADO DO PARÁ | SQU4: GOVERNO DO ESTADO DO PARÁ | SRK4: GOVERNO DO ESTADO DO PARÁ | SSA4: GOVERNO DO ESTADO DO PARÁ | SSQ4: GOVERNO DO ESTADO DO PARÁ | STG4: GOVERNO DO ESTADO DO PARÁ | STW4: GOVERNO DO ESTADO DO PARÁ | SUM4: GOVERNO DO ESTADO DO PARÁ | SVC4: GOVERNO DO ESTADO DO PARÁ | SVS4: GOVERNO DO ESTADO DO PARÁ | SWI4: GOVERNO DO ESTADO DO PARÁ | SWY4: GOVERNO DO ESTADO DO PARÁ | SXO4: GOVERNO DO ESTADO DO PARÁ | SYE4: GOVERNO DO ESTADO DO PARÁ | SYU4: GOVERNO DO ESTADO DO PARÁ | SZK4: GOVERNO DO ESTADO DO PARÁ | TAA4: GOVERNO DO ESTADO DO PARÁ | TAQ4: GOVERNO DO ESTADO DO PARÁ | TBG4: GOVERNO DO ESTADO DO PARÁ | TBW4: GOVERNO DO ESTADO DO PARÁ | TCM4: GOVERNO DO ESTADO DO PARÁ | TDC4: GOVERNO DO ESTADO DO PARÁ | TDS4: GOVERNO DO ESTADO DO PARÁ | TEI4: GOVERNO DO ESTADO DO PARÁ | TEY4: GOVERNO DO ESTADO DO PARÁ | TFO4: GOVERNO DO ESTADO DO PARÁ | TGE4: GOVERNO DO ESTADO DO PARÁ | TGU4: GOVERNO DO ESTADO DO PARÁ | THK4: GOVERNO DO ESTADO DO PARÁ | TIA4: GOVERNO DO ESTADO DO PARÁ | TIQ4: GOVERNO DO ESTADO DO PARÁ | TJG4: GOVERNO DO ESTADO DO PARÁ | TJW4: GOVERNO DO ESTADO DO PARÁ | TKM4: GOVERNO DO ESTADO DO PARÁ | TLC4: GOVERNO DO ESTADO DO PARÁ | TLS4: GOVERNO DO ESTADO DO PARÁ | TMI4: GOVERNO DO ESTADO DO PARÁ | TMY4: GOVERNO DO ESTADO DO PARÁ | TNO4: GOVERNO DO ESTADO DO PARÁ | TOE4: GOVERNO DO ESTADO DO PARÁ | TOU4: GOVERNO DO ESTADO DO PARÁ | TPK4: GOVERNO DO ESTADO DO PARÁ | TQA4: GOVERNO DO ESTADO DO PARÁ | TQQ4: GOVERNO DO ESTADO DO PARÁ | TRG4: GOVERNO DO ESTADO DO PARÁ | TRW4: GOVERNO DO ESTADO DO PARÁ | TSM4: GOVERNO DO ESTADO DO PARÁ | TTC4: GOVERNO DO ESTADO DO PARÁ | TTS4: GOVERNO DO ESTADO DO PARÁ | TUI4: GOVERNO DO ESTADO DO PARÁ | TUY4: GOVERNO DO ESTADO DO PARÁ | TVO4: GOVERNO DO ESTADO DO PARÁ | TWE4: GOVERNO DO ESTADO DO PARÁ | TWU4: GOVERNO DO ESTADO DO PARÁ | TXK4: GOVERNO DO ESTADO DO PARÁ | TYA4: GOVERNO DO ESTADO DO PARÁ | TYQ4: GOVERNO DO ESTADO DO PARÁ | TZG4: GOVERNO DO ESTADO DO PARÁ | TZW4: GOVERNO DO ESTADO DO PARÁ | UAM4: GOVERNO DO ESTADO DO PARÁ | UBC4: GOVERNO DO ESTADO DO PARÁ | UBS4: GOVERNO DO ESTADO DO PARÁ | UCI4: GOVERNO DO ESTADO DO PARÁ | UCY4: GOVERNO DO ESTADO DO PARÁ | UDO4: GOVERNO DO ESTADO DO PARÁ | UEE4: GOVERNO DO ESTADO DO PARÁ | UEU4: GOVERNO DO ESTADO DO PARÁ | UFK4: GOVERNO DO ESTADO DO PARÁ | UGA4: GOVERNO DO ESTADO DO PARÁ | UGQ4: GOVERNO DO ESTADO DO PARÁ | UHG4: GOVERNO DO ESTADO DO PARÁ | UHW4: GOVERNO DO ESTADO DO PARÁ | UIM4: GOVERNO DO ESTADO DO PARÁ | UJC4: GOVERNO DO ESTADO DO PARÁ | UJS4: GOVERNO DO ESTADO DO PARÁ | UKI4: GOVERNO DO ESTADO DO PARÁ | UKY4: GOVERNO DO ESTADO DO PARÁ | ULO4: GOVERNO DO ESTADO DO PARÁ | UME4: GOVERNO DO ESTADO DO PARÁ | UMU4: GOVERNO DO ESTADO DO PARÁ | UNK4: GOVERNO DO ESTADO DO PARÁ | UOA4: GOVERNO DO ESTADO DO PARÁ | UOQ4: GOVERNO DO ESTADO DO PARÁ | UPG4: GOVERNO DO ESTADO DO PARÁ | UPW4: GOVERNO DO ESTADO DO PARÁ | UQM4: GOVERNO DO ESTADO DO PARÁ | URC4: GOVERNO DO ESTADO DO PARÁ | URS4: GOVERNO DO ESTADO DO PARÁ | USI4: GOVERNO DO ESTADO DO PARÁ | USY4: GOVERNO DO ESTADO DO PARÁ | UTO4: GOVERNO DO ESTADO DO PARÁ | UUE4: GOVERNO DO ESTADO DO PARÁ | UUU4: GOVERNO DO ESTADO DO PARÁ | UVK4: GOVERNO DO ESTADO DO PARÁ | UWA4: GOVERNO DO ESTADO DO PARÁ | UWQ4: GOVERNO DO ESTADO DO PARÁ | UXG4: GOVERNO DO ESTADO DO PARÁ | UXW4: GOVERNO DO ESTADO DO PARÁ | UYM4: GOVERNO DO ESTADO DO PARÁ | UZC4: GOVERNO DO ESTADO DO PARÁ | UZS4: GOVERNO DO ESTADO DO PARÁ | VAI4: GOVERNO DO ESTADO DO PARÁ | VAY4: GOVERNO DO ESTADO DO PARÁ | VBO4: GOVERNO DO ESTADO DO PARÁ | VCE4: GOVERNO DO ESTADO DO PARÁ | VCU4: GOVERNO DO ESTADO DO PARÁ | VDK4: GOVERNO DO ESTADO DO PARÁ | VEA4: GOVERNO DO ESTADO DO PARÁ | VEQ4: GOVERNO DO ESTADO DO PARÁ | VFG4: GOVERNO DO ESTADO DO PARÁ | VFW4: GOVERNO DO ESTADO DO PARÁ | VGM4: GOVERNO DO ESTADO DO PARÁ | VHC4: GOVERNO DO ESTADO DO PARÁ | VHS4: GOVERNO DO ESTADO DO PARÁ | VII4: GOVERNO DO ESTADO DO PARÁ | VIY4: GOVERNO DO ESTADO DO PARÁ | VJO4: GOVERNO DO ESTADO DO PARÁ | VKE4: GOVERNO DO ESTADO DO PARÁ | VKU4: GOVERNO DO ESTADO DO PARÁ | VLK4: GOVERNO DO ESTADO DO PARÁ | VMA4: GOVERNO DO ESTADO DO PARÁ | VMQ4: GOVERNO DO ESTADO DO PARÁ | VNG4: GOVERNO DO ESTADO DO PARÁ | VNW4: GOVERNO DO ESTADO DO PARÁ | VOM4: GOVERNO DO ESTADO DO PARÁ | VPC4: GOVERNO DO ESTADO DO PARÁ | VPS4: GOVERNO DO ESTADO DO PARÁ | VQI4: GOVERNO DO ESTADO DO PARÁ | VQY4: GOVERNO DO ESTADO DO PARÁ | VRO4: GOVERNO DO ESTADO DO PARÁ | VSE4: GOVERNO DO ESTADO DO PARÁ | VSU4: GOVERNO DO ESTADO DO PARÁ | VTK4: GOVERNO DO ESTADO DO PARÁ | VUA4: GOVERNO DO ESTADO DO PARÁ | VUQ4: GOVERNO DO ESTADO DO PARÁ | VVG4: GOVERNO DO ESTADO DO PARÁ | VVW4: GOVERNO DO ESTADO DO PARÁ | VWM4: GOVERNO DO ESTADO DO PARÁ | VXC4: GOVERNO DO ESTADO DO PARÁ | VXS4: GOVERNO DO ESTADO DO PARÁ | VYI4: GOVERNO DO ESTADO DO PARÁ | VYY4: GOVERNO DO ESTADO DO PARÁ | VZO4: GOVERNO DO ESTADO DO PARÁ | WAE4: GOVERNO DO ESTADO DO PARÁ | WAU4: GOVERNO DO ESTADO DO PARÁ | WBK4: GOVERNO DO ESTADO DO PARÁ | WCA4: GOVERNO DO ESTADO DO PARÁ | WCQ4: GOVERNO DO ESTADO DO PARÁ | WDG4: GOVERNO DO ESTADO DO PARÁ | WDW4: GOVERNO DO ESTADO DO PARÁ | WEM4: GOVERNO DO ESTADO DO PARÁ | WFC4: GOVERNO DO ESTADO DO PARÁ | WFS4: GOVERNO DO ESTADO DO PARÁ | WGI4: GOVERNO DO ESTADO DO PARÁ | WGY4: GOVERNO DO ESTADO DO PARÁ | WHO4: GOVERNO DO ESTADO DO PARÁ | WIE4: GOVERNO DO ESTADO DO PARÁ | WIU4: GOVERNO DO ESTADO DO PARÁ | WJK4: GOVERNO DO ESTADO DO PARÁ | WKA4: GOVERNO DO ESTADO DO PARÁ | WKQ4: GOVERNO DO ESTADO DO PARÁ | WLG4: GOVERNO DO ESTADO DO PARÁ | WLW4: GOVERNO DO ESTADO DO PARÁ | WMM4: GOVERNO DO ESTADO DO PARÁ | WNC4: GOVERNO DO ESTADO DO PARÁ | WNS4: GOVERNO DO ESTADO DO PARÁ | WOI4: GOVERNO DO ESTADO DO PARÁ | WOY4: GOVERNO DO ESTADO DO PARÁ | WPO4: GOVERNO DO ESTADO DO PARÁ | WQE4: GOVERNO DO ESTADO DO PARÁ | WQU4: GOVERNO DO ESTADO DO PARÁ | WRK4: GOVERNO DO ESTADO DO PARÁ | WSA4: GOVERNO DO ESTADO DO PARÁ | WSQ4: GOVERNO DO ESTADO DO PARÁ | WTG4: GOVERNO DO ESTADO DO PARÁ | WTW4: GOVERNO DO ESTADO DO PARÁ | WUM4: GOVERNO DO ESTADO DO PARÁ | WVC4: GOVERNO DO ESTADO DO PARÁ | WVS4: GOVERNO DO ESTADO DO PARÁ | WWI4: GOVERNO DO ESTADO DO PARÁ | WWY4: GOVERNO DO ESTADO DO PARÁ | WXO4: GOVERNO DO ESTADO DO PARÁ | WYE4: GOVERNO DO ESTADO DO PARÁ | WYU4: GOVERNO DO ESTADO DO PARÁ | WZK4: GOVERNO DO ESTADO DO PARÁ | XAA4: GOVERNO DO ESTADO DO PARÁ | XAQ4: GOVERNO DO ESTADO DO PARÁ | XBG4: GOVERNO DO ESTADO DO PARÁ | XBW4: GOVERNO DO ESTADO DO PARÁ | XCM4: GOVERNO DO ESTADO DO PARÁ | XDC4: GOVERNO DO ESTADO DO PARÁ | XDS4: GOVERNO DO ESTADO DO PARÁ | XEI4: GOVERNO DO ESTADO DO PARÁ
A5: ='DADOS DA OBRA'!$A$6:$E$6 -> ESTADO DO PARÁ | AA5: SECRETARIA DE ESTADO DE DESENVOLVIMENTO URBANO E OBRAS PÚBLICAS | AQ5: SECRETARIA DE ESTADO DE DESENVOLVIMENTO URBANO E OBRAS PÚBLICAS | BG5: SECRETARIA DE ESTADO DE DESENVOLVIMENTO URBANO E OBRAS PÚBLICAS | BW5: SECRETARIA DE ESTADO DE DESENVOLVIMENTO URBANO E OBRAS PÚBLICAS | CM5: SECRETARIA DE ESTADO DE DESENVOLVIMENTO URBANO E OBRAS PÚBLICAS | DC5: SECRETARIA DE ESTADO DE DESENVOLVIMENTO URBANO E OBRAS PÚBLICAS | DS5: SECRETARIA DE ESTADO DE DESENVOLVIMENTO URBANO E OBRAS PÚBLICAS | EI5: SECRETARIA DE ESTADO DE DESENVOLVIMENTO URBANO E OBRAS PÚBLICAS | EY5: SECRETARIA DE ESTADO DE DESENVOLVIMENTO URBANO E OBRAS PÚBLICAS | FO5: SECRETARIA DE ESTADO DE DESENVOLVIMENTO URBANO E OBRAS PÚBLICAS | GE5: SECRETARIA DE ESTADO DE DESENVOLVIMENTO URBANO E OBRAS PÚBLICAS | GU5: SECRETARIA DE ESTADO DE DESENVOLVIMENTO URBANO E OBRAS PÚBLICAS | HK5: SECRETARIA DE ESTADO DE DESENVOLVIMENTO URBANO E OBRAS PÚBLICAS | IA5: SECRETARIA DE ESTADO DE DESENVOLVIMENTO URBANO E OBRAS PÚBLICAS | IQ5: SECRETARIA DE ESTADO DE DESENVOLVIMENTO URBANO E OBRAS PÚBLICAS | JG5: SECRETARIA DE ESTADO DE DESENVOLVIMENTO URBANO E OBRAS PÚBLICAS | JW5: SECRETARIA DE ESTADO DE DESENVOLVIMENTO URBANO E OBRAS PÚBLICAS | KM5: SECRETARIA DE ESTADO DE DESENVOLVIMENTO URBANO E OBRAS PÚBLICAS | LC5: SECRETARIA DE ESTADO DE DESENVOLVIMENTO URBANO E OBRAS PÚBLICAS | LS5: SECRETARIA DE ESTADO DE DESENVOLVIMENTO URBANO E OBRAS PÚBLICAS | MI5: SECRETARIA DE ESTADO DE DESENVOLVIMENTO URBANO E OBRAS PÚBLICAS | MY5: SECRETARIA DE ESTADO DE DESENVOLVIMENTO URBANO E OBRAS PÚBLICAS | NO5: SECRETARIA DE ESTADO DE DESENVOLVIMENTO URBANO E OBRAS PÚBLICAS | OE5: SECRETARIA DE ESTADO DE DESENVOLVIMENTO URBANO E OBRAS PÚBLICAS | OU5: SECRETARIA DE ESTADO DE DESENVOLVIMENTO URBANO E OBRAS PÚBLICAS | PK5: SECRETARIA DE ESTADO DE DESENVOLVIMENTO URBANO E OBRAS PÚBLICAS | QA5: SECRETARIA DE ESTADO DE DESENVOLVIMENTO URBANO E OBRAS PÚBLICAS | QQ5: SECRETARIA DE ESTADO DE DESENVOLVIMENTO URBANO E OBRAS PÚBLICAS | RG5: SECRETARIA DE ESTADO DE DESENVOLVIMENTO URBANO E OBRAS PÚBLICAS | RW5: SECRETARIA DE ESTADO DE DESENVOLVIMENTO URBANO E OBRAS PÚBLICAS | SM5: SECRETARIA DE ESTADO DE DESENVOLVIMENTO URBANO E OBRAS PÚBLICAS | TC5: SECRETARIA DE ESTADO DE DESENVOLVIMENTO URBANO E OBRAS PÚBLICAS | TS5: SECRETARIA DE ESTADO DE DESENVOLVIMENTO URBANO E OBRAS PÚBLICAS | UI5: SECRETARIA DE ESTADO DE DESENVOLVIMENTO URBANO E OBRAS PÚBLICAS | UY5: SECRETARIA DE ESTADO DE DESENVOLVIMENTO URBANO E OBRAS PÚBLICAS | VO5: SECRETARIA DE ESTADO DE DESENVOLVIMENTO URBANO E OBRAS PÚBLICAS | WE5: SECRETARIA DE ESTADO DE DESENVOLVIMENTO URBANO E OBRAS PÚBLICAS | WU5: SECRETARIA DE ESTADO DE DESENVOLVIMENTO URBANO E OBRAS PÚBLICAS | XK5: SECRETARIA DE ESTADO DE DESENVOLVIMENTO URBANO E OBRAS PÚBLICAS | YA5: SECRETARIA DE ESTADO DE DESENVOLVIMENTO URBANO E OBRAS PÚBLICAS | YQ5: SECRETARIA DE ESTADO DE DESENVOLVIMENTO URBANO E OBRAS PÚBLICAS | ZG5: SECRETARIA DE ESTADO DE DESENVOLVIMENTO URBANO E OBRAS PÚBLICAS | ZW5: SECRETARIA DE ESTADO DE DESENVOLVIMENTO URBANO E OBRAS PÚBLICAS | AAM5: SECRETARIA DE ESTADO DE DESENVOLVIMENTO URBANO E OBRAS PÚBLICAS | ABC5: SECRETARIA DE ESTADO DE DESENVOLVIMENTO URBANO E OBRAS PÚBLICAS | ABS5: SECRETARIA DE ESTADO DE DESENVOLVIMENTO URBANO E OBRAS PÚBLICAS | ACI5: SECRETARIA DE ESTADO DE DESENVOLVIMENTO URBANO E OBRAS PÚBLICAS | ACY5: SECRETARIA DE ESTADO DE DESENVOLVIMENTO URBANO E OBRAS PÚBLICAS | ADO5: SECRETARIA DE ESTADO DE DESENVOLVIMENTO URBANO E OBRAS PÚBLICAS | AEE5: SECRETARIA DE ESTADO DE DESENVOLVIMENTO URBANO E OBRAS PÚBLICAS | AEU5: SECRETARIA DE ESTADO DE DESENVOLVIMENTO URBANO E OBRAS PÚBLICAS | AFK5: SECRETARIA DE ESTADO DE DESENVOLVIMENTO URBANO E OBRAS PÚBLICAS | AGA5: SECRETARIA DE ESTADO DE DESENVOLVIMENTO URBANO E OBRAS PÚBLICAS | AGQ5: SECRETARIA DE ESTADO DE DESENVOLVIMENTO URBANO E OBRAS PÚBLICAS | AHG5: SECRETARIA DE ESTADO DE DESENVOLVIMENTO URBANO E OBRAS PÚBLICAS | AHW5: SECRETARIA DE ESTADO DE DESENVOLVIMENTO URBANO E OBRAS PÚBLICAS | AIM5: SECRETARIA DE ESTADO DE DESENVOLVIMENTO URBANO E OBRAS PÚBLICAS | AJC5: SECRETARIA DE ESTADO DE DESENVOLVIMENTO URBANO E OBRAS PÚBLICAS | AJS5: SECRETARIA DE ESTADO DE DESENVOLVIMENTO URBANO E OBRAS PÚBLICAS | AKI5: SECRETARIA DE ESTADO DE DESENVOLVIMENTO URBANO E OBRAS PÚBLICAS | AKY5: SECRETARIA DE ESTADO DE DESENVOLVIMENTO URBANO E OBRAS PÚBLICAS | ALO5: SECRETARIA DE ESTADO DE DESENVOLVIMENTO URBANO E OBRAS PÚBLICAS | AME5: SECRETARIA DE ESTADO DE DESENVOLVIMENTO URBANO E OBRAS PÚBLICAS | AMU5: SECRETARIA DE ESTADO DE DESENVOLVIMENTO URBANO E OBRAS PÚBLICAS | ANK5: SECRETARIA DE ESTADO DE DESENVOLVIMENTO URBANO E OBRAS PÚBLICAS | AOA5: SECRETARIA DE ESTADO DE DESENVOLVIMENTO URBANO E OBRAS PÚBLICAS | AOQ5: SECRETARIA DE ESTADO DE DESENVOLVIMENTO URBANO E OBRAS PÚBLICAS | APG5: SECRETARIA DE ESTADO DE DESENVOLVIMENTO URBANO E OBRAS PÚBLICAS | APW5: SECRETARIA DE ESTADO DE DESENVOLVIMENTO URBANO E OBRAS PÚBLICAS | AQM5: SECRETARIA DE ESTADO DE DESENVOLVIMENTO URBANO E OBRAS PÚBLICAS | ARC5: SECRETARIA DE ESTADO DE DESENVOLVIMENTO URBANO E OBRAS PÚBLICAS | ARS5: SECRETARIA DE ESTADO DE DESENVOLVIMENTO URBANO E OBRAS PÚBLICAS | ASI5: SECRETARIA DE ESTADO DE DESENVOLVIMENTO URBANO E OBRAS PÚBLICAS | ASY5: SECRETARIA DE ESTADO DE DESENVOLVIMENTO URBANO E OBRAS PÚBLICAS | ATO5: SECRETARIA DE ESTADO DE DESENVOLVIMENTO URBANO E OBRAS PÚBLICAS | AUE5: SECRETARIA DE ESTADO DE DESENVOLVIMENTO URBANO E OBRAS PÚBLICAS | AUU5: SECRETARIA DE ESTADO DE DESENVOLVIMENTO URBANO E OBRAS PÚBLICAS | AVK5: SECRETARIA DE ESTADO DE DESENVOLVIMENTO URBANO E OBRAS PÚBLICAS | AWA5: SECRETARIA DE ESTADO DE DESENVOLVIMENTO URBANO E OBRAS PÚBLICAS | AWQ5: SECRETARIA DE ESTADO DE DESENVOLVIMENTO URBANO E OBRAS PÚBLICAS | AXG5: SECRETARIA DE ESTADO DE DESENVOLVIMENTO URBANO E OBRAS PÚBLICAS | AXW5: SECRETARIA DE ESTADO DE DESENVOLVIMENTO URBANO E OBRAS PÚBLICAS | AYM5: SECRETARIA DE ESTADO DE DESENVOLVIMENTO URBANO E OBRAS PÚBLICAS | AZC5: SECRETARIA DE ESTADO DE DESENVOLVIMENTO URBANO E OBRAS PÚBLICAS | AZS5: SECRETARIA DE ESTADO DE DESENVOLVIMENTO URBANO E OBRAS PÚBLICAS | BAI5: SECRETARIA DE ESTADO DE DESENVOLVIMENTO URBANO E OBRAS PÚBLICAS | BAY5: SECRETARIA DE ESTADO DE DESENVOLVIMENTO URBANO E OBRAS PÚBLICAS | BBO5: SECRETARIA DE ESTADO DE DESENVOLVIMENTO URBANO E OBRAS PÚBLICAS | BCE5: SECRETARIA DE ESTADO DE DESENVOLVIMENTO URBANO E OBRAS PÚBLICAS | BCU5: SECRETARIA DE ESTADO DE DESENVOLVIMENTO URBANO E OBRAS PÚBLICAS | BDK5: SECRETARIA DE ESTADO DE DESENVOLVIMENTO URBANO E OBRAS PÚBLICAS | BEA5: SECRETARIA DE ESTADO DE DESENVOLVIMENTO URBANO E OBRAS PÚBLICAS | BEQ5: SECRETARIA DE ESTADO DE DESENVOLVIMENTO URBANO E OBRAS PÚBLICAS | BFG5: SECRETARIA DE ESTADO DE DESENVOLVIMENTO URBANO E OBRAS PÚBLICAS | BFW5: SECRETARIA DE ESTADO DE DESENVOLVIMENTO URBANO E OBRAS PÚBLICAS | BGM5: SECRETARIA DE ESTADO DE DESENVOLVIMENTO URBANO E OBRAS PÚBLICAS | BHC5: SECRETARIA DE ESTADO DE DESENVOLVIMENTO URBANO E OBRAS PÚBLICAS | BHS5: SECRETARIA DE ESTADO DE DESENVOLVIMENTO URBANO E OBRAS PÚBLICAS | BII5: SECRETARIA DE ESTADO DE DESENVOLVIMENTO URBANO E OBRAS PÚBLICAS | BIY5: SECRETARIA DE ESTADO DE DESENVOLVIMENTO URBANO E OBRAS PÚBLICAS | BJO5: SECRETARIA DE ESTADO DE DESENVOLVIMENTO URBANO E OBRAS PÚBLICAS | BKE5: SECRETARIA DE ESTADO DE DESENVOLVIMENTO URBANO E OBRAS PÚBLICAS | BKU5: SECRETARIA DE ESTADO DE DESENVOLVIMENTO URBANO E OBRAS PÚBLICAS | BLK5: SECRETARIA DE ESTADO DE DESENVOLVIMENTO URBANO E OBRAS PÚBLICAS | BMA5: SECRETARIA DE ESTADO DE DESENVOLVIMENTO URBANO E OBRAS PÚBLICAS | BMQ5: SECRETARIA DE ESTADO DE DESENVOLVIMENTO URBANO E OBRAS PÚBLICAS | BNG5: SECRETARIA DE ESTADO DE DESENVOLVIMENTO URBANO E OBRAS PÚBLICAS | BNW5: SECRETARIA DE ESTADO DE DESENVOLVIMENTO URBANO E OBRAS PÚBLICAS | BOM5: SECRETARIA DE ESTADO DE DESENVOLVIMENTO URBANO E OBRAS PÚBLICAS | BPC5: SECRETARIA DE ESTADO DE DESENVOLVIMENTO URBANO E OBRAS PÚBLICAS | BPS5: SECRETARIA DE ESTADO DE DESENVOLVIMENTO URBANO E OBRAS PÚBLICAS | BQI5: SECRETARIA DE ESTADO DE DESENVOLVIMENTO URBANO E OBRAS PÚBLICAS | BQY5: SECRETARIA DE ESTADO DE DESENVOLVIMENTO URBANO E OBRAS PÚBLICAS | BRO5: SECRETARIA DE ESTADO DE DESENVOLVIMENTO URBANO E OBRAS PÚBLICAS | BSE5: SECRETARIA DE ESTADO DE DESENVOLVIMENTO URBANO E OBRAS PÚBLICAS | BSU5: SECRETARIA DE ESTADO DE DESENVOLVIMENTO URBANO E OBRAS PÚBLICAS | BTK5: SECRETARIA DE ESTADO DE DESENVOLVIMENTO URBANO E OBRAS PÚBLICAS | BUA5: SECRETARIA DE ESTADO DE DESENVOLVIMENTO URBANO E OBRAS PÚBLICAS | BUQ5: SECRETARIA DE ESTADO DE DESENVOLVIMENTO URBANO E OBRAS PÚBLICAS | BVG5: SECRETARIA DE ESTADO DE DESENVOLVIMENTO URBANO E OBRAS PÚBLICAS | BVW5: SECRETARIA DE ESTADO DE DESENVOLVIMENTO URBANO E OBRAS PÚBLICAS | BWM5: SECRETARIA DE ESTADO DE DESENVOLVIMENTO URBANO E OBRAS PÚBLICAS | BXC5: SECRETARIA DE ESTADO DE DESENVOLVIMENTO URBANO E OBRAS PÚBLICAS | BXS5: SECRETARIA DE ESTADO DE DESENVOLVIMENTO URBANO E OBRAS PÚBLICAS | BYI5: SECRETARIA DE ESTADO DE DESENVOLVIMENTO URBANO E OBRAS PÚBLICAS | BYY5: SECRETARIA DE ESTADO DE DESENVOLVIMENTO URBANO E OBRAS PÚBLICAS | BZO5: SECRETARIA DE ESTADO DE DESENVOLVIMENTO URBANO E OBRAS PÚBLICAS | CAE5: SECRETARIA DE ESTADO DE DESENVOLVIMENTO URBANO E OBRAS PÚBLICAS | CAU5: SECRETARIA DE ESTADO DE DESENVOLVIMENTO URBANO E OBRAS PÚBLICAS | CBK5: SECRETARIA DE ESTADO DE DESENVOLVIMENTO URBANO E OBRAS PÚBLICAS | CCA5: SECRETARIA DE ESTADO DE DESENVOLVIMENTO URBANO E OBRAS PÚBLICAS | CCQ5: SECRETARIA DE ESTADO DE DESENVOLVIMENTO URBANO E OBRAS PÚBLICAS | CDG5: SECRETARIA DE ESTADO DE DESENVOLVIMENTO URBANO E OBRAS PÚBLICAS | CDW5: SECRETARIA DE ESTADO DE DESENVOLVIMENTO URBANO E OBRAS PÚBLICAS | CEM5: SECRETARIA DE ESTADO DE DESENVOLVIMENTO URBANO E OBRAS PÚBLICAS | CFC5: SECRETARIA DE ESTADO DE DESENVOLVIMENTO URBANO E OBRAS PÚBLICAS | CFS5: SECRETARIA DE ESTADO DE DESENVOLVIMENTO URBANO E OBRAS PÚBLICAS | CGI5: SECRETARIA DE ESTADO DE DESENVOLVIMENTO URBANO E OBRAS PÚBLICAS | CGY5: SECRETARIA DE ESTADO DE DESENVOLVIMENTO URBANO E OBRAS PÚBLICAS | CHO5: SECRETARIA DE ESTADO DE DESENVOLVIMENTO URBANO E OBRAS PÚBLICAS | CIE5: SECRETARIA DE ESTADO DE DESENVOLVIMENTO URBANO E OBRAS PÚBLICAS | CIU5: SECRETARIA DE ESTADO DE DESENVOLVIMENTO URBANO E OBRAS PÚBLICAS | CJK5: SECRETARIA DE ESTADO DE DESENVOLVIMENTO URBANO E OBRAS PÚBLICAS | CKA5: SECRETARIA DE ESTADO DE DESENVOLVIMENTO URBANO E OBRAS PÚBLICAS | CKQ5: SECRETARIA DE ESTADO DE DESENVOLVIMENTO URBANO E OBRAS PÚBLICAS | CLG5: SECRETARIA DE ESTADO DE DESENVOLVIMENTO URBANO E OBRAS PÚBLICAS | CLW5: SECRETARIA DE ESTADO DE DESENVOLVIMENTO URBANO E OBRAS PÚBLICAS | CMM5: SECRETARIA DE ESTADO DE DESENVOLVIMENTO URBANO E OBRAS PÚBLICAS | CNC5: SECRETARIA DE ESTADO DE DESENVOLVIMENTO URBANO E OBRAS PÚBLICAS | CNS5: SECRETARIA DE ESTADO DE DESENVOLVIMENTO URBANO E OBRAS PÚBLICAS | COI5: SECRETARIA DE ESTADO DE DESENVOLVIMENTO URBANO E OBRAS PÚBLICAS | COY5: SECRETARIA DE ESTADO DE DESENVOLVIMENTO URBANO E OBRAS PÚBLICAS | CPO5: SECRETARIA DE ESTADO DE DESENVOLVIMENTO URBANO E OBRAS PÚBLICAS | CQE5: SECRETARIA DE ESTADO DE DESENVOLVIMENTO URBANO E OBRAS PÚBLICAS | CQU5: SECRETARIA DE ESTADO DE DESENVOLVIMENTO URBANO E OBRAS PÚBLICAS | CRK5: SECRETARIA DE ESTADO DE DESENVOLVIMENTO URBANO E OBRAS PÚBLICAS | CSA5: SECRETARIA DE ESTADO DE DESENVOLVIMENTO URBANO E OBRAS PÚBLICAS | CSQ5: SECRETARIA DE ESTADO DE DESENVOLVIMENTO URBANO E OBRAS PÚBLICAS | CTG5: SECRETARIA DE ESTADO DE DESENVOLVIMENTO URBANO E OBRAS PÚBLICAS | CTW5: SECRETARIA DE ESTADO DE DESENVOLVIMENTO URBANO E OBRAS PÚBLICAS | CUM5: SECRETARIA DE ESTADO DE DESENVOLVIMENTO URBANO E OBRAS PÚBLICAS | CVC5: SECRETARIA DE ESTADO DE DESENVOLVIMENTO URBANO E OBRAS PÚBLICAS | CVS5: SECRETARIA DE ESTADO DE DESENVOLVIMENTO URBANO E OBRAS PÚBLICAS | CWI5: SECRETARIA DE ESTADO DE DESENVOLVIMENTO URBANO E OBRAS PÚBLICAS | CWY5: SECRETARIA DE ESTADO DE DESENVOLVIMENTO URBANO E OBRAS PÚBLICAS | CXO5: SECRETARIA DE ESTADO DE DESENVOLVIMENTO URBANO E OBRAS PÚBLICAS | CYE5: SECRETARIA DE ESTADO DE DESENVOLVIMENTO URBANO E OBRAS PÚBLICAS | CYU5: SECRETARIA DE ESTADO DE DESENVOLVIMENTO URBANO E OBRAS PÚBLICAS | CZK5: SECRETARIA DE ESTADO DE DESENVOLVIMENTO URBANO E OBRAS PÚBLICAS | DAA5: SECRETARIA DE ESTADO DE DESENVOLVIMENTO URBANO E OBRAS PÚBLICAS | DAQ5: SECRETARIA DE ESTADO DE DESENVOLVIMENTO URBANO E OBRAS PÚBLICAS | DBG5: SECRETARIA DE ESTADO DE DESENVOLVIMENTO URBANO E OBRAS PÚBLICAS | DBW5: SECRETARIA DE ESTADO DE DESENVOLVIMENTO URBANO E OBRAS PÚBLICAS | DCM5: SECRETARIA DE ESTADO DE DESENVOLVIMENTO URBANO E OBRAS PÚBLICAS | DDC5: SECRETARIA DE ESTADO DE DESENVOLVIMENTO URBANO E OBRAS PÚBLICAS | DDS5: SECRETARIA DE ESTADO DE DESENVOLVIMENTO URBANO E OBRAS PÚBLICAS | DEI5: SECRETARIA DE ESTADO DE DESENVOLVIMENTO URBANO E OBRAS PÚBLICAS | DEY5: SECRETARIA DE ESTADO DE DESENVOLVIMENTO URBANO E OBRAS PÚBLICAS | DFO5: SECRETARIA DE ESTADO DE DESENVOLVIMENTO URBANO E OBRAS PÚBLICAS | DGE5: SECRETARIA DE ESTADO DE DESENVOLVIMENTO URBANO E OBRAS PÚBLICAS | DGU5: SECRETARIA DE ESTADO DE DESENVOLVIMENTO URBANO E OBRAS PÚBLICAS | DHK5: SECRETARIA DE ESTADO DE DESENVOLVIMENTO URBANO E OBRAS PÚBLICAS | DIA5: SECRETARIA DE ESTADO DE DESENVOLVIMENTO URBANO E OBRAS PÚBLICAS | DIQ5: SECRETARIA DE ESTADO DE DESENVOLVIMENTO URBANO E OBRAS PÚBLICAS | DJG5: SECRETARIA DE ESTADO DE DESENVOLVIMENTO URBANO E OBRAS PÚBLICAS | DJW5: SECRETARIA DE ESTADO DE DESENVOLVIMENTO URBANO E OBRAS PÚBLICAS | DKM5: SECRETARIA DE ESTADO DE DESENVOLVIMENTO URBANO E OBRAS PÚBLICAS | DLC5: SECRETARIA DE ESTADO DE DESENVOLVIMENTO URBANO E OBRAS PÚBLICAS | DLS5: SECRETARIA DE ESTADO DE DESENVOLVIMENTO URBANO E OBRAS PÚBLICAS | DMI5: SECRETARIA DE ESTADO DE DESENVOLVIMENTO URBANO E OBRAS PÚBLICAS | DMY5: SECRETARIA DE ESTADO DE DESENVOLVIMENTO URBANO E OBRAS PÚBLICAS | DNO5: SECRETARIA DE ESTADO DE DESENVOLVIMENTO URBANO E OBRAS PÚBLICAS | DOE5: SECRETARIA DE ESTADO DE DESENVOLVIMENTO URBANO E OBRAS PÚBLICAS | DOU5: SECRETARIA DE ESTADO DE DESENVOLVIMENTO URBANO E OBRAS PÚBLICAS | DPK5: SECRETARIA DE ESTADO DE DESENVOLVIMENTO URBANO E OBRAS PÚBLICAS | DQA5: SECRETARIA DE ESTADO DE DESENVOLVIMENTO URBANO E OBRAS PÚBLICAS | DQQ5: SECRETARIA DE ESTADO DE DESENVOLVIMENTO URBANO E OBRAS PÚBLICAS | DRG5: SECRETARIA DE ESTADO DE DESENVOLVIMENTO URBANO E OBRAS PÚBLICAS | DRW5: SECRETARIA DE ESTADO DE DESENVOLVIMENTO URBANO E OBRAS PÚBLICAS | DSM5: SECRETARIA DE ESTADO DE DESENVOLVIMENTO URBANO E OBRAS PÚBLICAS | DTC5: SECRETARIA DE ESTADO DE DESENVOLVIMENTO URBANO E OBRAS PÚBLICAS | DTS5: SECRETARIA DE ESTADO DE DESENVOLVIMENTO URBANO E OBRAS PÚBLICAS | DUI5: SECRETARIA DE ESTADO DE DESENVOLVIMENTO URBANO E OBRAS PÚBLICAS | DUY5: SECRETARIA DE ESTADO DE DESENVOLVIMENTO URBANO E OBRAS PÚBLICAS | DVO5: SECRETARIA DE ESTADO DE DESENVOLVIMENTO URBANO E OBRAS PÚBLICAS | DWE5: SECRETARIA DE ESTADO DE DESENVOLVIMENTO URBANO E OBRAS PÚBLICAS | DWU5: SECRETARIA DE ESTADO DE DESENVOLVIMENTO URBANO E OBRAS PÚBLICAS | DXK5: SECRETARIA DE ESTADO DE DESENVOLVIMENTO URBANO E OBRAS PÚBLICAS | DYA5: SECRETARIA DE ESTADO DE DESENVOLVIMENTO URBANO E OBRAS PÚBLICAS | DYQ5: SECRETARIA DE ESTADO DE DESENVOLVIMENTO URBANO E OBRAS PÚBLICAS | DZG5: SECRETARIA DE ESTADO DE DESENVOLVIMENTO URBANO E OBRAS PÚBLICAS | DZW5: SECRETARIA DE ESTADO DE DESENVOLVIMENTO URBANO E OBRAS PÚBLICAS | EAM5: SECRETARIA DE ESTADO DE DESENVOLVIMENTO URBANO E OBRAS PÚBLICAS | EBC5: SECRETARIA DE ESTADO DE DESENVOLVIMENTO URBANO E OBRAS PÚBLICAS | EBS5: SECRETARIA DE ESTADO DE DESENVOLVIMENTO URBANO E OBRAS PÚBLICAS | ECI5: SECRETARIA DE ESTADO DE DESENVOLVIMENTO URBANO E OBRAS PÚBLICAS | ECY5: SECRETARIA DE ESTADO DE DESENVOLVIMENTO URBANO E OBRAS PÚBLICAS | EDO5: SECRETARIA DE ESTADO DE DESENVOLVIMENTO URBANO E OBRAS PÚBLICAS | EEE5: SECRETARIA DE ESTADO DE DESENVOLVIMENTO URBANO E OBRAS PÚBLICAS | EEU5: SECRETARIA DE ESTADO DE DESENVOLVIMENTO URBANO E OBRAS PÚBLICAS | EFK5: SECRETARIA DE ESTADO DE DESENVOLVIMENTO URBANO E OBRAS PÚBLICAS | EGA5: SECRETARIA DE ESTADO DE DESENVOLVIMENTO URBANO E OBRAS PÚBLICAS | EGQ5: SECRETARIA DE ESTADO DE DESENVOLVIMENTO URBANO E OBRAS PÚBLICAS | EHG5: SECRETARIA DE ESTADO DE DESENVOLVIMENTO URBANO E OBRAS PÚBLICAS | EHW5: SECRETARIA DE ESTADO DE DESENVOLVIMENTO URBANO E OBRAS PÚBLICAS | EIM5: SECRETARIA DE ESTADO DE DESENVOLVIMENTO URBANO E OBRAS PÚBLICAS | EJC5: SECRETARIA DE ESTADO DE DESENVOLVIMENTO URBANO E OBRAS PÚBLICAS | EJS5: SECRETARIA DE ESTADO DE DESENVOLVIMENTO URBANO E OBRAS PÚBLICAS | EKI5: SECRETARIA DE ESTADO DE DESENVOLVIMENTO URBANO E OBRAS PÚBLICAS | EKY5: SECRETARIA DE ESTADO DE DESENVOLVIMENTO URBANO E OBRAS PÚBLICAS | ELO5: SECRETARIA DE ESTADO DE DESENVOLVIMENTO URBANO E OBRAS PÚBLICAS | EME5: SECRETARIA DE ESTADO DE DESENVOLVIMENTO URBANO E OBRAS PÚBLICAS | EMU5: SECRETARIA DE ESTADO DE DESENVOLVIMENTO URBANO E OBRAS PÚBLICAS | ENK5: SECRETARIA DE ESTADO DE DESENVOLVIMENTO URBANO E OBRAS PÚBLICAS | EOA5: SECRETARIA DE ESTADO DE DESENVOLVIMENTO URBANO E OBRAS PÚBLICAS | EOQ5: SECRETARIA DE ESTADO DE DESENVOLVIMENTO URBANO E OBRAS PÚBLICAS | EPG5: SECRETARIA DE ESTADO DE DESENVOLVIMENTO URBANO E OBRAS PÚBLICAS | EPW5: SECRETARIA DE ESTADO DE DESENVOLVIMENTO URBANO E OBRAS PÚBLICAS | EQM5: SECRETARIA DE ESTADO DE DESENVOLVIMENTO URBANO E OBRAS PÚBLICAS | ERC5: SECRETARIA DE ESTADO DE DESENVOLVIMENTO URBANO E OBRAS PÚBLICAS | ERS5: SECRETARIA DE ESTADO DE DESENVOLVIMENTO URBANO E OBRAS PÚBLICAS | ESI5: SECRETARIA DE ESTADO DE DESENVOLVIMENTO URBANO E OBRAS PÚBLICAS | ESY5: SECRETARIA DE ESTADO DE DESENVOLVIMENTO URBANO E OBRAS PÚBLICAS | ETO5: SECRETARIA DE ESTADO DE DESENVOLVIMENTO URBANO E OBRAS PÚBLICAS | EUE5: SECRETARIA DE ESTADO DE DESENVOLVIMENTO URBANO E OBRAS PÚBLICAS | EUU5: SECRETARIA DE ESTADO DE DESENVOLVIMENTO URBANO E OBRAS PÚBLICAS | EVK5: SECRETARIA DE ESTADO DE DESENVOLVIMENTO URBANO E OBRAS PÚBLICAS | EWA5: SECRETARIA DE ESTADO DE DESENVOLVIMENTO URBANO E OBRAS PÚBLICAS | EWQ5: SECRETARIA DE ESTADO DE DESENVOLVIMENTO URBANO E OBRAS PÚBLICAS | EXG5: SECRETARIA DE ESTADO DE DESENVOLVIMENTO URBANO E OBRAS PÚBLICAS | EXW5: SECRETARIA DE ESTADO DE DESENVOLVIMENTO URBANO E OBRAS PÚBLICAS | EYM5: SECRETARIA DE ESTADO DE DESENVOLVIMENTO URBANO E OBRAS PÚBLICAS | EZC5: SECRETARIA DE ESTADO DE DESENVOLVIMENTO URBANO E OBRAS PÚBLICAS | EZS5: SECRETARIA DE ESTADO DE DESENVOLVIMENTO URBANO E OBRAS PÚBLICAS | FAI5: SECRETARIA DE ESTADO DE DESENVOLVIMENTO URBANO E OBRAS PÚBLICAS | FAY5: SECRETARIA DE ESTADO DE DESENVOLVIMENTO URBANO E OBRAS PÚBLICAS | FBO5: SECRETARIA DE ESTADO DE DESENVOLVIMENTO URBANO E OBRAS PÚBLICAS | FCE5: SECRETARIA DE ESTADO DE DESENVOLVIMENTO URBANO E OBRAS PÚBLICAS | FCU5: SECRETARIA DE ESTADO DE DESENVOLVIMENTO URBANO E OBRAS PÚBLICAS | FDK5: SECRETARIA DE ESTADO DE DESENVOLVIMENTO URBANO E OBRAS PÚBLICAS | FEA5: SECRETARIA DE ESTADO DE DESENVOLVIMENTO URBANO E OBRAS PÚBLICAS | FEQ5: SECRETARIA DE ESTADO DE DESENVOLVIMENTO URBANO E OBRAS PÚBLICAS | FFG5: SECRETARIA DE ESTADO DE DESENVOLVIMENTO URBANO E OBRAS PÚBLICAS | FFW5: SECRETARIA DE ESTADO DE DESENVOLVIMENTO URBANO E OBRAS PÚBLICAS | FGM5: SECRETARIA DE ESTADO DE DESENVOLVIMENTO URBANO E OBRAS PÚBLICAS | FHC5: SECRETARIA DE ESTADO DE DESENVOLVIMENTO URBANO E OBRAS PÚBLICAS | FHS5: SECRETARIA DE ESTADO DE DESENVOLVIMENTO URBANO E OBRAS PÚBLICAS | FII5: SECRETARIA DE ESTADO DE DESENVOLVIMENTO URBANO E OBRAS PÚBLICAS | FIY5: SECRETARIA DE ESTADO DE DESENVOLVIMENTO URBANO E OBRAS PÚBLICAS | FJO5: SECRETARIA DE ESTADO DE DESENVOLVIMENTO URBANO E OBRAS PÚBLICAS | FKE5: SECRETARIA DE ESTADO DE DESENVOLVIMENTO URBANO E OBRAS PÚBLICAS | FKU5: SECRETARIA DE ESTADO DE DESENVOLVIMENTO URBANO E OBRAS PÚBLICAS | FLK5: SECRETARIA DE ESTADO DE DESENVOLVIMENTO URBANO E OBRAS PÚBLICAS | FMA5: SECRETARIA DE ESTADO DE DESENVOLVIMENTO URBANO E OBRAS PÚBLICAS | FMQ5: SECRETARIA DE ESTADO DE DESENVOLVIMENTO URBANO E OBRAS PÚBLICAS | FNG5: SECRETARIA DE ESTADO DE DESENVOLVIMENTO URBANO E OBRAS PÚBLICAS | FNW5: SECRETARIA DE ESTADO DE DESENVOLVIMENTO URBANO E OBRAS PÚBLICAS | FOM5: SECRETARIA DE ESTADO DE DESENVOLVIMENTO URBANO E OBRAS PÚBLICAS | FPC5: SECRETARIA DE ESTADO DE DESENVOLVIMENTO URBANO E OBRAS PÚBLICAS | FPS5: SECRETARIA DE ESTADO DE DESENVOLVIMENTO URBANO E OBRAS PÚBLICAS | FQI5: SECRETARIA DE ESTADO DE DESENVOLVIMENTO URBANO E OBRAS PÚBLICAS | FQY5: SECRETARIA DE ESTADO DE DESENVOLVIMENTO URBANO E OBRAS PÚBLICAS | FRO5: SECRETARIA DE ESTADO DE DESENVOLVIMENTO URBANO E OBRAS PÚBLICAS | FSE5: SECRETARIA DE ESTADO DE DESENVOLVIMENTO URBANO E OBRAS PÚBLICAS | FSU5: SECRETARIA DE ESTADO DE DESENVOLVIMENTO URBANO E OBRAS PÚBLICAS | FTK5: SECRETARIA DE ESTADO DE DESENVOLVIMENTO URBANO E OBRAS PÚBLICAS | FUA5: SECRETARIA DE ESTADO DE DESENVOLVIMENTO URBANO E OBRAS PÚBLICAS | FUQ5: SECRETARIA DE ESTADO DE DESENVOLVIMENTO URBANO E OBRAS PÚBLICAS | FVG5: SECRETARIA DE ESTADO DE DESENVOLVIMENTO URBANO E OBRAS PÚBLICAS | FVW5: SECRETARIA DE ESTADO DE DESENVOLVIMENTO URBANO E OBRAS PÚBLICAS | FWM5: SECRETARIA DE ESTADO DE DESENVOLVIMENTO URBANO E OBRAS PÚBLICAS | FXC5: SECRETARIA DE ESTADO DE DESENVOLVIMENTO URBANO E OBRAS PÚBLICAS | FXS5: SECRETARIA DE ESTADO DE DESENVOLVIMENTO URBANO E OBRAS PÚBLICAS | FYI5: SECRETARIA DE ESTADO DE DESENVOLVIMENTO URBANO E OBRAS PÚBLICAS | FYY5: SECRETARIA DE ESTADO DE DESENVOLVIMENTO URBANO E OBRAS PÚBLICAS | FZO5: SECRETARIA DE ESTADO DE DESENVOLVIMENTO URBANO E OBRAS PÚBLICAS | GAE5: SECRETARIA DE ESTADO DE DESENVOLVIMENTO URBANO E OBRAS PÚBLICAS | GAU5: SECRETARIA DE ESTADO DE DESENVOLVIMENTO URBANO E OBRAS PÚBLICAS | GBK5: SECRETARIA DE ESTADO DE DESENVOLVIMENTO URBANO E OBRAS PÚBLICAS | GCA5: SECRETARIA DE ESTADO DE DESENVOLVIMENTO URBANO E OBRAS PÚBLICAS | GCQ5: SECRETARIA DE ESTADO DE DESENVOLVIMENTO URBANO E OBRAS PÚBLICAS | GDG5: SECRETARIA DE ESTADO DE DESENVOLVIMENTO URBANO E OBRAS PÚBLICAS | GDW5: SECRETARIA DE ESTADO DE DESENVOLVIMENTO URBANO E OBRAS PÚBLICAS | GEM5: SECRETARIA DE ESTADO DE DESENVOLVIMENTO URBANO E OBRAS PÚBLICAS | GFC5: SECRETARIA DE ESTADO DE DESENVOLVIMENTO URBANO E OBRAS PÚBLICAS | GFS5: SECRETARIA DE ESTADO DE DESENVOLVIMENTO URBANO E OBRAS PÚBLICAS | GGI5: SECRETARIA DE ESTADO DE DESENVOLVIMENTO URBANO E OBRAS PÚBLICAS | GGY5: SECRETARIA DE ESTADO DE DESENVOLVIMENTO URBANO E OBRAS PÚBLICAS | GHO5: SECRETARIA DE ESTADO DE DESENVOLVIMENTO URBANO E OBRAS PÚBLICAS | GIE5: SECRETARIA DE ESTADO DE DESENVOLVIMENTO URBANO E OBRAS PÚBLICAS | GIU5: SECRETARIA DE ESTADO DE DESENVOLVIMENTO URBANO E OBRAS PÚBLICAS | GJK5: SECRETARIA DE ESTADO DE DESENVOLVIMENTO URBANO E OBRAS PÚBLICAS | GKA5: SECRETARIA DE ESTADO DE DESENVOLVIMENTO URBANO E OBRAS PÚBLICAS | GKQ5: SECRETARIA DE ESTADO DE DESENVOLVIMENTO URBANO E OBRAS PÚBLICAS | GLG5: SECRETARIA DE ESTADO DE DESENVOLVIMENTO URBANO E OBRAS PÚBLICAS | GLW5: SECRETARIA DE ESTADO DE DESENVOLVIMENTO URBANO E OBRAS PÚBLICAS | GMM5: SECRETARIA DE ESTADO DE DESENVOLVIMENTO URBANO E OBRAS PÚBLICAS | GNC5: SECRETARIA DE ESTADO DE DESENVOLVIMENTO URBANO E OBRAS PÚBLICAS | GNS5: SECRETARIA DE ESTADO DE DESENVOLVIMENTO URBANO E OBRAS PÚBLICAS | GOI5: SECRETARIA DE ESTADO DE DESENVOLVIMENTO URBANO E OBRAS PÚBLICAS | GOY5: SECRETARIA DE ESTADO DE DESENVOLVIMENTO URBANO E OBRAS PÚBLICAS | GPO5: SECRETARIA DE ESTADO DE DESENVOLVIMENTO URBANO E OBRAS PÚBLICAS | GQE5: SECRETARIA DE ESTADO DE DESENVOLVIMENTO URBANO E OBRAS PÚBLICAS | GQU5: SECRETARIA DE ESTADO DE DESENVOLVIMENTO URBANO E OBRAS PÚBLICAS | GRK5: SECRETARIA DE ESTADO DE DESENVOLVIMENTO URBANO E OBRAS PÚBLICAS | GSA5: SECRETARIA DE ESTADO DE DESENVOLVIMENTO URBANO E OBRAS PÚBLICAS | GSQ5: SECRETARIA DE ESTADO DE DESENVOLVIMENTO URBANO E OBRAS PÚBLICAS | GTG5: SECRETARIA DE ESTADO DE DESENVOLVIMENTO URBANO E OBRAS PÚBLICAS | GTW5: SECRETARIA DE ESTADO DE DESENVOLVIMENTO URBANO E OBRAS PÚBLICAS | GUM5: SECRETARIA DE ESTADO DE DESENVOLVIMENTO URBANO E OBRAS PÚBLICAS | GVC5: SECRETARIA DE ESTADO DE DESENVOLVIMENTO URBANO E OBRAS PÚBLICAS | GVS5: SECRETARIA DE ESTADO DE DESENVOLVIMENTO URBANO E OBRAS PÚBLICAS | GWI5: SECRETARIA DE ESTADO DE DESENVOLVIMENTO URBANO E OBRAS PÚBLICAS | GWY5: SECRETARIA DE ESTADO DE DESENVOLVIMENTO URBANO E OBRAS PÚBLICAS | GXO5: SECRETARIA DE ESTADO DE DESENVOLVIMENTO URBANO E OBRAS PÚBLICAS | GYE5: SECRETARIA DE ESTADO DE DESENVOLVIMENTO URBANO E OBRAS PÚBLICAS | GYU5: SECRETARIA DE ESTADO DE DESENVOLVIMENTO URBANO E OBRAS PÚBLICAS | GZK5: SECRETARIA DE ESTADO DE DESENVOLVIMENTO URBANO E OBRAS PÚBLICAS | HAA5: SECRETARIA DE ESTADO DE DESENVOLVIMENTO URBANO E OBRAS PÚBLICAS | HAQ5: SECRETARIA DE ESTADO DE DESENVOLVIMENTO URBANO E OBRAS PÚBLICAS | HBG5: SECRETARIA DE ESTADO DE DESENVOLVIMENTO URBANO E OBRAS PÚBLICAS | HBW5: SECRETARIA DE ESTADO DE DESENVOLVIMENTO URBANO E OBRAS PÚBLICAS | HCM5: SECRETARIA DE ESTADO DE DESENVOLVIMENTO URBANO E OBRAS PÚBLICAS | HDC5: SECRETARIA DE ESTADO DE DESENVOLVIMENTO URBANO E OBRAS PÚBLICAS | HDS5: SECRETARIA DE ESTADO DE DESENVOLVIMENTO URBANO E OBRAS PÚBLICAS | HEI5: SECRETARIA DE ESTADO DE DESENVOLVIMENTO URBANO E OBRAS PÚBLICAS | HEY5: SECRETARIA DE ESTADO DE DESENVOLVIMENTO URBANO E OBRAS PÚBLICAS | HFO5: SECRETARIA DE ESTADO DE DESENVOLVIMENTO URBANO E OBRAS PÚBLICAS | HGE5: SECRETARIA DE ESTADO DE DESENVOLVIMENTO URBANO E OBRAS PÚBLICAS | HGU5: SECRETARIA DE ESTADO DE DESENVOLVIMENTO URBANO E OBRAS PÚBLICAS | HHK5: SECRETARIA DE ESTADO DE DESENVOLVIMENTO URBANO E OBRAS PÚBLICAS | HIA5: SECRETARIA DE ESTADO DE DESENVOLVIMENTO URBANO E OBRAS PÚBLICAS | HIQ5: SECRETARIA DE ESTADO DE DESENVOLVIMENTO URBANO E OBRAS PÚBLICAS | HJG5: SECRETARIA DE ESTADO DE DESENVOLVIMENTO URBANO E OBRAS PÚBLICAS | HJW5: SECRETARIA DE ESTADO DE DESENVOLVIMENTO URBANO E OBRAS PÚBLICAS | HKM5: SECRETARIA DE ESTADO DE DESENVOLVIMENTO URBANO E OBRAS PÚBLICAS | HLC5: SECRETARIA DE ESTADO DE DESENVOLVIMENTO URBANO E OBRAS PÚBLICAS | HLS5: SECRETARIA DE ESTADO DE DESENVOLVIMENTO URBANO E OBRAS PÚBLICAS | HMI5: SECRETARIA DE ESTADO DE DESENVOLVIMENTO URBANO E OBRAS PÚBLICAS | HMY5: SECRETARIA DE ESTADO DE DESENVOLVIMENTO URBANO E OBRAS PÚBLICAS | HNO5: SECRETARIA DE ESTADO DE DESENVOLVIMENTO URBANO E OBRAS PÚBLICAS | HOE5: SECRETARIA DE ESTADO DE DESENVOLVIMENTO URBANO E OBRAS PÚBLICAS | HOU5: SECRETARIA DE ESTADO DE DESENVOLVIMENTO URBANO E OBRAS PÚBLICAS | HPK5: SECRETARIA DE ESTADO DE DESENVOLVIMENTO URBANO E OBRAS PÚBLICAS | HQA5: SECRETARIA DE ESTADO DE DESENVOLVIMENTO URBANO E OBRAS PÚBLICAS | HQQ5: SECRETARIA DE ESTADO DE DESENVOLVIMENTO URBANO E OBRAS PÚBLICAS | HRG5: SECRETARIA DE ESTADO DE DESENVOLVIMENTO URBANO E OBRAS PÚBLICAS | HRW5: SECRETARIA DE ESTADO DE DESENVOLVIMENTO URBANO E OBRAS PÚBLICAS | HSM5: SECRETARIA DE ESTADO DE DESENVOLVIMENTO URBANO E OBRAS PÚBLICAS | HTC5: SECRETARIA DE ESTADO DE DESENVOLVIMENTO URBANO E OBRAS PÚBLICAS | HTS5: SECRETARIA DE ESTADO DE DESENVOLVIMENTO URBANO E OBRAS PÚBLICAS | HUI5: SECRETARIA DE ESTADO DE DESENVOLVIMENTO URBANO E OBRAS PÚBLICAS | HUY5: SECRETARIA DE ESTADO DE DESENVOLVIMENTO URBANO E OBRAS PÚBLICAS | HVO5: SECRETARIA DE ESTADO DE DESENVOLVIMENTO URBANO E OBRAS PÚBLICAS | HWE5: SECRETARIA DE ESTADO DE DESENVOLVIMENTO URBANO E OBRAS PÚBLICAS | HWU5: SECRETARIA DE ESTADO DE DESENVOLVIMENTO URBANO E OBRAS PÚBLICAS | HXK5: SECRETARIA DE ESTADO DE DESENVOLVIMENTO URBANO E OBRAS PÚBLICAS | HYA5: SECRETARIA DE ESTADO DE DESENVOLVIMENTO URBANO E OBRAS PÚBLICAS | HYQ5: SECRETARIA DE ESTADO DE DESENVOLVIMENTO URBANO E OBRAS PÚBLICAS | HZG5: SECRETARIA DE ESTADO DE DESENVOLVIMENTO URBANO E OBRAS PÚBLICAS | HZW5: SECRETARIA DE ESTADO DE DESENVOLVIMENTO URBANO E OBRAS PÚBLICAS | IAM5: SECRETARIA DE ESTADO DE DESENVOLVIMENTO URBANO E OBRAS PÚBLICAS | IBC5: SECRETARIA DE ESTADO DE DESENVOLVIMENTO URBANO E OBRAS PÚBLICAS | IBS5: SECRETARIA DE ESTADO DE DESENVOLVIMENTO URBANO E OBRAS PÚBLICAS | ICI5: SECRETARIA DE ESTADO DE DESENVOLVIMENTO URBANO E OBRAS PÚBLICAS | ICY5: SECRETARIA DE ESTADO DE DESENVOLVIMENTO URBANO E OBRAS PÚBLICAS | IDO5: SECRETARIA DE ESTADO DE DESENVOLVIMENTO URBANO E OBRAS PÚBLICAS | IEE5: SECRETARIA DE ESTADO DE DESENVOLVIMENTO URBANO E OBRAS PÚBLICAS | IEU5: SECRETARIA DE ESTADO DE DESENVOLVIMENTO URBANO E OBRAS PÚBLICAS | IFK5: SECRETARIA DE ESTADO DE DESENVOLVIMENTO URBANO E OBRAS PÚBLICAS | IGA5: SECRETARIA DE ESTADO DE DESENVOLVIMENTO URBANO E OBRAS PÚBLICAS | IGQ5: SECRETARIA DE ESTADO DE DESENVOLVIMENTO URBANO E OBRAS PÚBLICAS | IHG5: SECRETARIA DE ESTADO DE DESENVOLVIMENTO URBANO E OBRAS PÚBLICAS | IHW5: SECRETARIA DE ESTADO DE DESENVOLVIMENTO URBANO E OBRAS PÚBLICAS | IIM5: SECRETARIA DE ESTADO DE DESENVOLVIMENTO URBANO E OBRAS PÚBLICAS | IJC5: SECRETARIA DE ESTADO DE DESENVOLVIMENTO URBANO E OBRAS PÚBLICAS | IJS5: SECRETARIA DE ESTADO DE DESENVOLVIMENTO URBANO E OBRAS PÚBLICAS | IKI5: SECRETARIA DE ESTADO DE DESENVOLVIMENTO URBANO E OBRAS PÚBLICAS | IKY5: SECRETARIA DE ESTADO DE DESENVOLVIMENTO URBANO E OBRAS PÚBLICAS | ILO5: SECRETARIA DE ESTADO DE DESENVOLVIMENTO URBANO E OBRAS PÚBLICAS | IME5: SECRETARIA DE ESTADO DE DESENVOLVIMENTO URBANO E OBRAS PÚBLICAS | IMU5: SECRETARIA DE ESTADO DE DESENVOLVIMENTO URBANO E OBRAS PÚBLICAS | INK5: SECRETARIA DE ESTADO DE DESENVOLVIMENTO URBANO E OBRAS PÚBLICAS | IOA5: SECRETARIA DE ESTADO DE DESENVOLVIMENTO URBANO E OBRAS PÚBLICAS | IOQ5: SECRETARIA DE ESTADO DE DESENVOLVIMENTO URBANO E OBRAS PÚBLICAS | IPG5: SECRETARIA DE ESTADO DE DESENVOLVIMENTO URBANO E OBRAS PÚBLICAS | IPW5: SECRETARIA DE ESTADO DE DESENVOLVIMENTO URBANO E OBRAS PÚBLICAS | IQM5: SECRETARIA DE ESTADO DE DESENVOLVIMENTO URBANO E OBRAS PÚBLICAS | IRC5: SECRETARIA DE ESTADO DE DESENVOLVIMENTO URBANO E OBRAS PÚBLICAS | IRS5: SECRETARIA DE ESTADO DE DESENVOLVIMENTO URBANO E OBRAS PÚBLICAS | ISI5: SECRETARIA DE ESTADO DE DESENVOLVIMENTO URBANO E OBRAS PÚBLICAS | ISY5: SECRETARIA DE ESTADO DE DESENVOLVIMENTO URBANO E OBRAS PÚBLICAS | ITO5: SECRETARIA DE ESTADO DE DESENVOLVIMENTO URBANO E OBRAS PÚBLICAS | IUE5: SECRETARIA DE ESTADO DE DESENVOLVIMENTO URBANO E OBRAS PÚBLICAS | IUU5: SECRETARIA DE ESTADO DE DESENVOLVIMENTO URBANO E OBRAS PÚBLICAS | IVK5: SECRETARIA DE ESTADO DE DESENVOLVIMENTO URBANO E OBRAS PÚBLICAS | IWA5: SECRETARIA DE ESTADO DE DESENVOLVIMENTO URBANO E OBRAS PÚBLICAS | IWQ5: SECRETARIA DE ESTADO DE DESENVOLVIMENTO URBANO E OBRAS PÚBLICAS | IXG5: SECRETARIA DE ESTADO DE DESENVOLVIMENTO URBANO E OBRAS PÚBLICAS | IXW5: SECRETARIA DE ESTADO DE DESENVOLVIMENTO URBANO E OBRAS PÚBLICAS | IYM5: SECRETARIA DE ESTADO DE DESENVOLVIMENTO URBANO E OBRAS PÚBLICAS | IZC5: SECRETARIA DE ESTADO DE DESENVOLVIMENTO URBANO E OBRAS PÚBLICAS | IZS5: SECRETARIA DE ESTADO DE DESENVOLVIMENTO URBANO E OBRAS PÚBLICAS | JAI5: SECRETARIA DE ESTADO DE DESENVOLVIMENTO URBANO E OBRAS PÚBLICAS | JAY5: SECRETARIA DE ESTADO DE DESENVOLVIMENTO URBANO E OBRAS PÚBLICAS | JBO5: SECRETARIA DE ESTADO DE DESENVOLVIMENTO URBANO E OBRAS PÚBLICAS | JCE5: SECRETARIA DE ESTADO DE DESENVOLVIMENTO URBANO E OBRAS PÚBLICAS | JCU5: SECRETARIA DE ESTADO DE DESENVOLVIMENTO URBANO E OBRAS PÚBLICAS | JDK5: SECRETARIA DE ESTADO DE DESENVOLVIMENTO URBANO E OBRAS PÚBLICAS | JEA5: SECRETARIA DE ESTADO DE DESENVOLVIMENTO URBANO E OBRAS PÚBLICAS | JEQ5: SECRETARIA DE ESTADO DE DESENVOLVIMENTO URBANO E OBRAS PÚBLICAS | JFG5: SECRETARIA DE ESTADO DE DESENVOLVIMENTO URBANO E OBRAS PÚBLICAS | JFW5: SECRETARIA DE ESTADO DE DESENVOLVIMENTO URBANO E OBRAS PÚBLICAS | JGM5: SECRETARIA DE ESTADO DE DESENVOLVIMENTO URBANO E OBRAS PÚBLICAS | JHC5: SECRETARIA DE ESTADO DE DESENVOLVIMENTO URBANO E OBRAS PÚBLICAS | JHS5: SECRETARIA DE ESTADO DE DESENVOLVIMENTO URBANO E OBRAS PÚBLICAS | JII5: SECRETARIA DE ESTADO DE DESENVOLVIMENTO URBANO E OBRAS PÚBLICAS | JIY5: SECRETARIA DE ESTADO DE DESENVOLVIMENTO URBANO E OBRAS PÚBLICAS | JJO5: SECRETARIA DE ESTADO DE DESENVOLVIMENTO URBANO E OBRAS PÚBLICAS | JKE5: SECRETARIA DE ESTADO DE DESENVOLVIMENTO URBANO E OBRAS PÚBLICAS | JKU5: SECRETARIA DE ESTADO DE DESENVOLVIMENTO URBANO E OBRAS PÚBLICAS | JLK5: SECRETARIA DE ESTADO DE DESENVOLVIMENTO URBANO E OBRAS PÚBLICAS | JMA5: SECRETARIA DE ESTADO DE DESENVOLVIMENTO URBANO E OBRAS PÚBLICAS | JMQ5: SECRETARIA DE ESTADO DE DESENVOLVIMENTO URBANO E OBRAS PÚBLICAS | JNG5: SECRETARIA DE ESTADO DE DESENVOLVIMENTO URBANO E OBRAS PÚBLICAS | JNW5: SECRETARIA DE ESTADO DE DESENVOLVIMENTO URBANO E OBRAS PÚBLICAS | JOM5: SECRETARIA DE ESTADO DE DESENVOLVIMENTO URBANO E OBRAS PÚBLICAS | JPC5: SECRETARIA DE ESTADO DE DESENVOLVIMENTO URBANO E OBRAS PÚBLICAS | JPS5: SECRETARIA DE ESTADO DE DESENVOLVIMENTO URBANO E OBRAS PÚBLICAS | JQI5: SECRETARIA DE ESTADO DE DESENVOLVIMENTO URBANO E OBRAS PÚBLICAS | JQY5: SECRETARIA DE ESTADO DE DESENVOLVIMENTO URBANO E OBRAS PÚBLICAS | JRO5: SECRETARIA DE ESTADO DE DESENVOLVIMENTO URBANO E OBRAS PÚBLICAS | JSE5: SECRETARIA DE ESTADO DE DESENVOLVIMENTO URBANO E OBRAS PÚBLICAS | JSU5: SECRETARIA DE ESTADO DE DESENVOLVIMENTO URBANO E OBRAS PÚBLICAS | JTK5: SECRETARIA DE ESTADO DE DESENVOLVIMENTO URBANO E OBRAS PÚBLICAS | JUA5: SECRETARIA DE ESTADO DE DESENVOLVIMENTO URBANO E OBRAS PÚBLICAS | JUQ5: SECRETARIA DE ESTADO DE DESENVOLVIMENTO URBANO E OBRAS PÚBLICAS | JVG5: SECRETARIA DE ESTADO DE DESENVOLVIMENTO URBANO E OBRAS PÚBLICAS | JVW5: SECRETARIA DE ESTADO DE DESENVOLVIMENTO URBANO E OBRAS PÚBLICAS | JWM5: SECRETARIA DE ESTADO DE DESENVOLVIMENTO URBANO E OBRAS PÚBLICAS | JXC5: SECRETARIA DE ESTADO DE DESENVOLVIMENTO URBANO E OBRAS PÚBLICAS | JXS5: SECRETARIA DE ESTADO DE DESENVOLVIMENTO URBANO E OBRAS PÚBLICAS | JYI5: SECRETARIA DE ESTADO DE DESENVOLVIMENTO URBANO E OBRAS PÚBLICAS | JYY5: SECRETARIA DE ESTADO DE DESENVOLVIMENTO URBANO E OBRAS PÚBLICAS | JZO5: SECRETARIA DE ESTADO DE DESENVOLVIMENTO URBANO E OBRAS PÚBLICAS | KAE5: SECRETARIA DE ESTADO DE DESENVOLVIMENTO URBANO E OBRAS PÚBLICAS | KAU5: SECRETARIA DE ESTADO DE DESENVOLVIMENTO URBANO E OBRAS PÚBLICAS | KBK5: SECRETARIA DE ESTADO DE DESENVOLVIMENTO URBANO E OBRAS PÚBLICAS | KCA5: SECRETARIA DE ESTADO DE DESENVOLVIMENTO URBANO E OBRAS PÚBLICAS | KCQ5: SECRETARIA DE ESTADO DE DESENVOLVIMENTO URBANO E OBRAS PÚBLICAS | KDG5: SECRETARIA DE ESTADO DE DESENVOLVIMENTO URBANO E OBRAS PÚBLICAS | KDW5: SECRETARIA DE ESTADO DE DESENVOLVIMENTO URBANO E OBRAS PÚBLICAS | KEM5: SECRETARIA DE ESTADO DE DESENVOLVIMENTO URBANO E OBRAS PÚBLICAS | KFC5: SECRETARIA DE ESTADO DE DESENVOLVIMENTO URBANO E OBRAS PÚBLICAS | KFS5: SECRETARIA DE ESTADO DE DESENVOLVIMENTO URBANO E OBRAS PÚBLICAS | KGI5: SECRETARIA DE ESTADO DE DESENVOLVIMENTO URBANO E OBRAS PÚBLICAS | KGY5: SECRETARIA DE ESTADO DE DESENVOLVIMENTO URBANO E OBRAS PÚBLICAS | KHO5: SECRETARIA DE ESTADO DE DESENVOLVIMENTO URBANO E OBRAS PÚBLICAS | KIE5: SECRETARIA DE ESTADO DE DESENVOLVIMENTO URBANO E OBRAS PÚBLICAS | KIU5: SECRETARIA DE ESTADO DE DESENVOLVIMENTO URBANO E OBRAS PÚBLICAS | KJK5: SECRETARIA DE ESTADO DE DESENVOLVIMENTO URBANO E OBRAS PÚBLICAS | KKA5: SECRETARIA DE ESTADO DE DESENVOLVIMENTO URBANO E OBRAS PÚBLICAS | KKQ5: SECRETARIA DE ESTADO DE DESENVOLVIMENTO URBANO E OBRAS PÚBLICAS | KLG5: SECRETARIA DE ESTADO DE DESENVOLVIMENTO URBANO E OBRAS PÚBLICAS | KLW5: SECRETARIA DE ESTADO DE DESENVOLVIMENTO URBANO E OBRAS PÚBLICAS | KMM5: SECRETARIA DE ESTADO DE DESENVOLVIMENTO URBANO E OBRAS PÚBLICAS | KNC5: SECRETARIA DE ESTADO DE DESENVOLVIMENTO URBANO E OBRAS PÚBLICAS | KNS5: SECRETARIA DE ESTADO DE DESENVOLVIMENTO URBANO E OBRAS PÚBLICAS | KOI5: SECRETARIA DE ESTADO DE DESENVOLVIMENTO URBANO E OBRAS PÚBLICAS | KOY5: SECRETARIA DE ESTADO DE DESENVOLVIMENTO URBANO E OBRAS PÚBLICAS | KPO5: SECRETARIA DE ESTADO DE DESENVOLVIMENTO URBANO E OBRAS PÚBLICAS | KQE5: SECRETARIA DE ESTADO DE DESENVOLVIMENTO URBANO E OBRAS PÚBLICAS | KQU5: SECRETARIA DE ESTADO DE DESENVOLVIMENTO URBANO E OBRAS PÚBLICAS | KRK5: SECRETARIA DE ESTADO DE DESENVOLVIMENTO URBANO E OBRAS PÚBLICAS | KSA5: SECRETARIA DE ESTADO DE DESENVOLVIMENTO URBANO E OBRAS PÚBLICAS | KSQ5: SECRETARIA DE ESTADO DE DESENVOLVIMENTO URBANO E OBRAS PÚBLICAS | KTG5: SECRETARIA DE ESTADO DE DESENVOLVIMENTO URBANO E OBRAS PÚBLICAS | KTW5: SECRETARIA DE ESTADO DE DESENVOLVIMENTO URBANO E OBRAS PÚBLICAS | KUM5: SECRETARIA DE ESTADO DE DESENVOLVIMENTO URBANO E OBRAS PÚBLICAS | KVC5: SECRETARIA DE ESTADO DE DESENVOLVIMENTO URBANO E OBRAS PÚBLICAS | KVS5: SECRETARIA DE ESTADO DE DESENVOLVIMENTO URBANO E OBRAS PÚBLICAS | KWI5: SECRETARIA DE ESTADO DE DESENVOLVIMENTO URBANO E OBRAS PÚBLICAS | KWY5: SECRETARIA DE ESTADO DE DESENVOLVIMENTO URBANO E OBRAS PÚBLICAS | KXO5: SECRETARIA DE ESTADO DE DESENVOLVIMENTO URBANO E OBRAS PÚBLICAS | KYE5: SECRETARIA DE ESTADO DE DESENVOLVIMENTO URBANO E OBRAS PÚBLICAS | KYU5: SECRETARIA DE ESTADO DE DESENVOLVIMENTO URBANO E OBRAS PÚBLICAS | KZK5: SECRETARIA DE ESTADO DE DESENVOLVIMENTO URBANO E OBRAS PÚBLICAS | LAA5: SECRETARIA DE ESTADO DE DESENVOLVIMENTO URBANO E OBRAS PÚBLICAS | LAQ5: SECRETARIA DE ESTADO DE DESENVOLVIMENTO URBANO E OBRAS PÚBLICAS | LBG5: SECRETARIA DE ESTADO DE DESENVOLVIMENTO URBANO E OBRAS PÚBLICAS | LBW5: SECRETARIA DE ESTADO DE DESENVOLVIMENTO URBANO E OBRAS PÚBLICAS | LCM5: SECRETARIA DE ESTADO DE DESENVOLVIMENTO URBANO E OBRAS PÚBLICAS | LDC5: SECRETARIA DE ESTADO DE DESENVOLVIMENTO URBANO E OBRAS PÚBLICAS | LDS5: SECRETARIA DE ESTADO DE DESENVOLVIMENTO URBANO E OBRAS PÚBLICAS | LEI5: SECRETARIA DE ESTADO DE DESENVOLVIMENTO URBANO E OBRAS PÚBLICAS | LEY5: SECRETARIA DE ESTADO DE DESENVOLVIMENTO URBANO E OBRAS PÚBLICAS | LFO5: SECRETARIA DE ESTADO DE DESENVOLVIMENTO URBANO E OBRAS PÚBLICAS | LGE5: SECRETARIA DE ESTADO DE DESENVOLVIMENTO URBANO E OBRAS PÚBLICAS | LGU5: SECRETARIA DE ESTADO DE DESENVOLVIMENTO URBANO E OBRAS PÚBLICAS | LHK5: SECRETARIA DE ESTADO DE DESENVOLVIMENTO URBANO E OBRAS PÚBLICAS | LIA5: SECRETARIA DE ESTADO DE DESENVOLVIMENTO URBANO E OBRAS PÚBLICAS | LIQ5: SECRETARIA DE ESTADO DE DESENVOLVIMENTO URBANO E OBRAS PÚBLICAS | LJG5: SECRETARIA DE ESTADO DE DESENVOLVIMENTO URBANO E OBRAS PÚBLICAS | LJW5: SECRETARIA DE ESTADO DE DESENVOLVIMENTO URBANO E OBRAS PÚBLICAS | LKM5: SECRETARIA DE ESTADO DE DESENVOLVIMENTO URBANO E OBRAS PÚBLICAS | LLC5: SECRETARIA DE ESTADO DE DESENVOLVIMENTO URBANO E OBRAS PÚBLICAS | LLS5: SECRETARIA DE ESTADO DE DESENVOLVIMENTO URBANO E OBRAS PÚBLICAS | LMI5: SECRETARIA DE ESTADO DE DESENVOLVIMENTO URBANO E OBRAS PÚBLICAS | LMY5: SECRETARIA DE ESTADO DE DESENVOLVIMENTO URBANO E OBRAS PÚBLICAS | LNO5: SECRETARIA DE ESTADO DE DESENVOLVIMENTO URBANO E OBRAS PÚBLICAS | LOE5: SECRETARIA DE ESTADO DE DESENVOLVIMENTO URBANO E OBRAS PÚBLICAS | LOU5: SECRETARIA DE ESTADO DE DESENVOLVIMENTO URBANO E OBRAS PÚBLICAS | LPK5: SECRETARIA DE ESTADO DE DESENVOLVIMENTO URBANO E OBRAS PÚBLICAS | LQA5: SECRETARIA DE ESTADO DE DESENVOLVIMENTO URBANO E OBRAS PÚBLICAS | LQQ5: SECRETARIA DE ESTADO DE DESENVOLVIMENTO URBANO E OBRAS PÚBLICAS | LRG5: SECRETARIA DE ESTADO DE DESENVOLVIMENTO URBANO E OBRAS PÚBLICAS | LRW5: SECRETARIA DE ESTADO DE DESENVOLVIMENTO URBANO E OBRAS PÚBLICAS | LSM5: SECRETARIA DE ESTADO DE DESENVOLVIMENTO URBANO E OBRAS PÚBLICAS | LTC5: SECRETARIA DE ESTADO DE DESENVOLVIMENTO URBANO E OBRAS PÚBLICAS | LTS5: SECRETARIA DE ESTADO DE DESENVOLVIMENTO URBANO E OBRAS PÚBLICAS | LUI5: SECRETARIA DE ESTADO DE DESENVOLVIMENTO URBANO E OBRAS PÚBLICAS | LUY5: SECRETARIA DE ESTADO DE DESENVOLVIMENTO URBANO E OBRAS PÚBLICAS | LVO5: SECRETARIA DE ESTADO DE DESENVOLVIMENTO URBANO E OBRAS PÚBLICAS | LWE5: SECRETARIA DE ESTADO DE DESENVOLVIMENTO URBANO E OBRAS PÚBLICAS | LWU5: SECRETARIA DE ESTADO DE DESENVOLVIMENTO URBANO E OBRAS PÚBLICAS | LXK5: SECRETARIA DE ESTADO DE DESENVOLVIMENTO URBANO E OBRAS PÚBLICAS | LYA5: SECRETARIA DE ESTADO DE DESENVOLVIMENTO URBANO E OBRAS PÚBLICAS | LYQ5: SECRETARIA DE ESTADO DE DESENVOLVIMENTO URBANO E OBRAS PÚBLICAS | LZG5: SECRETARIA DE ESTADO DE DESENVOLVIMENTO URBANO E OBRAS PÚBLICAS | LZW5: SECRETARIA DE ESTADO DE DESENVOLVIMENTO URBANO E OBRAS PÚBLICAS | MAM5: SECRETARIA DE ESTADO DE DESENVOLVIMENTO URBANO E OBRAS PÚBLICAS | MBC5: SECRETARIA DE ESTADO DE DESENVOLVIMENTO URBANO E OBRAS PÚBLICAS | MBS5: SECRETARIA DE ESTADO DE DESENVOLVIMENTO URBANO E OBRAS PÚBLICAS | MCI5: SECRETARIA DE ESTADO DE DESENVOLVIMENTO URBANO E OBRAS PÚBLICAS | MCY5: SECRETARIA DE ESTADO DE DESENVOLVIMENTO URBANO E OBRAS PÚBLICAS | MDO5: SECRETARIA DE ESTADO DE DESENVOLVIMENTO URBANO E OBRAS PÚBLICAS | MEE5: SECRETARIA DE ESTADO DE DESENVOLVIMENTO URBANO E OBRAS PÚBLICAS | MEU5: SECRETARIA DE ESTADO DE DESENVOLVIMENTO URBANO E OBRAS PÚBLICAS | MFK5: SECRETARIA DE ESTADO DE DESENVOLVIMENTO URBANO E OBRAS PÚBLICAS | MGA5: SECRETARIA DE ESTADO DE DESENVOLVIMENTO URBANO E OBRAS PÚBLICAS | MGQ5: SECRETARIA DE ESTADO DE DESENVOLVIMENTO URBANO E OBRAS PÚBLICAS | MHG5: SECRETARIA DE ESTADO DE DESENVOLVIMENTO URBANO E OBRAS PÚBLICAS | MHW5: SECRETARIA DE ESTADO DE DESENVOLVIMENTO URBANO E OBRAS PÚBLICAS | MIM5: SECRETARIA DE ESTADO DE DESENVOLVIMENTO URBANO E OBRAS PÚBLICAS | MJC5: SECRETARIA DE ESTADO DE DESENVOLVIMENTO URBANO E OBRAS PÚBLICAS | MJS5: SECRETARIA DE ESTADO DE DESENVOLVIMENTO URBANO E OBRAS PÚBLICAS | MKI5: SECRETARIA DE ESTADO DE DESENVOLVIMENTO URBANO E OBRAS PÚBLICAS | MKY5: SECRETARIA DE ESTADO DE DESENVOLVIMENTO URBANO E OBRAS PÚBLICAS | MLO5: SECRETARIA DE ESTADO DE DESENVOLVIMENTO URBANO E OBRAS PÚBLICAS | MME5: SECRETARIA DE ESTADO DE DESENVOLVIMENTO URBANO E OBRAS PÚBLICAS | MMU5: SECRETARIA DE ESTADO DE DESENVOLVIMENTO URBANO E OBRAS PÚBLICAS | MNK5: SECRETARIA DE ESTADO DE DESENVOLVIMENTO URBANO E OBRAS PÚBLICAS | MOA5: SECRETARIA DE ESTADO DE DESENVOLVIMENTO URBANO E OBRAS PÚBLICAS | MOQ5: SECRETARIA DE ESTADO DE DESENVOLVIMENTO URBANO E OBRAS PÚBLICAS | MPG5: SECRETARIA DE ESTADO DE DESENVOLVIMENTO URBANO E OBRAS PÚBLICAS | MPW5: SECRETARIA DE ESTADO DE DESENVOLVIMENTO URBANO E OBRAS PÚBLICAS | MQM5: SECRETARIA DE ESTADO DE DESENVOLVIMENTO URBANO E OBRAS PÚBLICAS | MRC5: SECRETARIA DE ESTADO DE DESENVOLVIMENTO URBANO E OBRAS PÚBLICAS | MRS5: SECRETARIA DE ESTADO DE DESENVOLVIMENTO URBANO E OBRAS PÚBLICAS | MSI5: SECRETARIA DE ESTADO DE DESENVOLVIMENTO URBANO E OBRAS PÚBLICAS | MSY5: SECRETARIA DE ESTADO DE DESENVOLVIMENTO URBANO E OBRAS PÚBLICAS | MTO5: SECRETARIA DE ESTADO DE DESENVOLVIMENTO URBANO E OBRAS PÚBLICAS | MUE5: SECRETARIA DE ESTADO DE DESENVOLVIMENTO URBANO E OBRAS PÚBLICAS | MUU5: SECRETARIA DE ESTADO DE DESENVOLVIMENTO URBANO E OBRAS PÚBLICAS | MVK5: SECRETARIA DE ESTADO DE DESENVOLVIMENTO URBANO E OBRAS PÚBLICAS | MWA5: SECRETARIA DE ESTADO DE DESENVOLVIMENTO URBANO E OBRAS PÚBLICAS | MWQ5: SECRETARIA DE ESTADO DE DESENVOLVIMENTO URBANO E OBRAS PÚBLICAS | MXG5: SECRETARIA DE ESTADO DE DESENVOLVIMENTO URBANO E OBRAS PÚBLICAS | MXW5: SECRETARIA DE ESTADO DE DESENVOLVIMENTO URBANO E OBRAS PÚBLICAS | MYM5: SECRETARIA DE ESTADO DE DESENVOLVIMENTO URBANO E OBRAS PÚBLICAS | MZC5: SECRETARIA DE ESTADO DE DESENVOLVIMENTO URBANO E OBRAS PÚBLICAS | MZS5: SECRETARIA DE ESTADO DE DESENVOLVIMENTO URBANO E OBRAS PÚBLICAS | NAI5: SECRETARIA DE ESTADO DE DESENVOLVIMENTO URBANO E OBRAS PÚBLICAS | NAY5: SECRETARIA DE ESTADO DE DESENVOLVIMENTO URBANO E OBRAS PÚBLICAS | NBO5: SECRETARIA DE ESTADO DE DESENVOLVIMENTO URBANO E OBRAS PÚBLICAS | NCE5: SECRETARIA DE ESTADO DE DESENVOLVIMENTO URBANO E OBRAS PÚBLICAS | NCU5: SECRETARIA DE ESTADO DE DESENVOLVIMENTO URBANO E OBRAS PÚBLICAS | NDK5: SECRETARIA DE ESTADO DE DESENVOLVIMENTO URBANO E OBRAS PÚBLICAS | NEA5: SECRETARIA DE ESTADO DE DESENVOLVIMENTO URBANO E OBRAS PÚBLICAS | NEQ5: SECRETARIA DE ESTADO DE DESENVOLVIMENTO URBANO E OBRAS PÚBLICAS | NFG5: SECRETARIA DE ESTADO DE DESENVOLVIMENTO URBANO E OBRAS PÚBLICAS | NFW5: SECRETARIA DE ESTADO DE DESENVOLVIMENTO URBANO E OBRAS PÚBLICAS | NGM5: SECRETARIA DE ESTADO DE DESENVOLVIMENTO URBANO E OBRAS PÚBLICAS | NHC5: SECRETARIA DE ESTADO DE DESENVOLVIMENTO URBANO E OBRAS PÚBLICAS | NHS5: SECRETARIA DE ESTADO DE DESENVOLVIMENTO URBANO E OBRAS PÚBLICAS | NII5: SECRETARIA DE ESTADO DE DESENVOLVIMENTO URBANO E OBRAS PÚBLICAS | NIY5: SECRETARIA DE ESTADO DE DESENVOLVIMENTO URBANO E OBRAS PÚBLICAS | NJO5: SECRETARIA DE ESTADO DE DESENVOLVIMENTO URBANO E OBRAS PÚBLICAS | NKE5: SECRETARIA DE ESTADO DE DESENVOLVIMENTO URBANO E OBRAS PÚBLICAS | NKU5: SECRETARIA DE ESTADO DE DESENVOLVIMENTO URBANO E OBRAS PÚBLICAS | NLK5: SECRETARIA DE ESTADO DE DESENVOLVIMENTO URBANO E OBRAS PÚBLICAS | NMA5: SECRETARIA DE ESTADO DE DESENVOLVIMENTO URBANO E OBRAS PÚBLICAS | NMQ5: SECRETARIA DE ESTADO DE DESENVOLVIMENTO URBANO E OBRAS PÚBLICAS | NNG5: SECRETARIA DE ESTADO DE DESENVOLVIMENTO URBANO E OBRAS PÚBLICAS | NNW5: SECRETARIA DE ESTADO DE DESENVOLVIMENTO URBANO E OBRAS PÚBLICAS | NOM5: SECRETARIA DE ESTADO DE DESENVOLVIMENTO URBANO E OBRAS PÚBLICAS | NPC5: SECRETARIA DE ESTADO DE DESENVOLVIMENTO URBANO E OBRAS PÚBLICAS | NPS5: SECRETARIA DE ESTADO DE DESENVOLVIMENTO URBANO E OBRAS PÚBLICAS | NQI5: SECRETARIA DE ESTADO DE DESENVOLVIMENTO URBANO E OBRAS PÚBLICAS | NQY5: SECRETARIA DE ESTADO DE DESENVOLVIMENTO URBANO E OBRAS PÚBLICAS | NRO5: SECRETARIA DE ESTADO DE DESENVOLVIMENTO URBANO E OBRAS PÚBLICAS | NSE5: SECRETARIA DE ESTADO DE DESENVOLVIMENTO URBANO E OBRAS PÚBLICAS | NSU5: SECRETARIA DE ESTADO DE DESENVOLVIMENTO URBANO E OBRAS PÚBLICAS | NTK5: SECRETARIA DE ESTADO DE DESENVOLVIMENTO URBANO E OBRAS PÚBLICAS | NUA5: SECRETARIA DE ESTADO DE DESENVOLVIMENTO URBANO E OBRAS PÚBLICAS | NUQ5: SECRETARIA DE ESTADO DE DESENVOLVIMENTO URBANO E OBRAS PÚBLICAS | NVG5: SECRETARIA DE ESTADO DE DESENVOLVIMENTO URBANO E OBRAS PÚBLICAS | NVW5: SECRETARIA DE ESTADO DE DESENVOLVIMENTO URBANO E OBRAS PÚBLICAS | NWM5: SECRETARIA DE ESTADO DE DESENVOLVIMENTO URBANO E OBRAS PÚBLICAS | NXC5: SECRETARIA DE ESTADO DE DESENVOLVIMENTO URBANO E OBRAS PÚBLICAS | NXS5: SECRETARIA DE ESTADO DE DESENVOLVIMENTO URBANO E OBRAS PÚBLICAS | NYI5: SECRETARIA DE ESTADO DE DESENVOLVIMENTO URBANO E OBRAS PÚBLICAS | NYY5: SECRETARIA DE ESTADO DE DESENVOLVIMENTO URBANO E OBRAS PÚBLICAS | NZO5: SECRETARIA DE ESTADO DE DESENVOLVIMENTO URBANO E OBRAS PÚBLICAS | OAE5: SECRETARIA DE ESTADO DE DESENVOLVIMENTO URBANO E OBRAS PÚBLICAS | OAU5: SECRETARIA DE ESTADO DE DESENVOLVIMENTO URBANO E OBRAS PÚBLICAS | OBK5: SECRETARIA DE ESTADO DE DESENVOLVIMENTO URBANO E OBRAS PÚBLICAS | OCA5: SECRETARIA DE ESTADO DE DESENVOLVIMENTO URBANO E OBRAS PÚBLICAS | OCQ5: SECRETARIA DE ESTADO DE DESENVOLVIMENTO URBANO E OBRAS PÚBLICAS | ODG5: SECRETARIA DE ESTADO DE DESENVOLVIMENTO URBANO E OBRAS PÚBLICAS | ODW5: SECRETARIA DE ESTADO DE DESENVOLVIMENTO URBANO E OBRAS PÚBLICAS | OEM5: SECRETARIA DE ESTADO DE DESENVOLVIMENTO URBANO E OBRAS PÚBLICAS | OFC5: SECRETARIA DE ESTADO DE DESENVOLVIMENTO URBANO E OBRAS PÚBLICAS | OFS5: SECRETARIA DE ESTADO DE DESENVOLVIMENTO URBANO E OBRAS PÚBLICAS | OGI5: SECRETARIA DE ESTADO DE DESENVOLVIMENTO URBANO E OBRAS PÚBLICAS | OGY5: SECRETARIA DE ESTADO DE DESENVOLVIMENTO URBANO E OBRAS PÚBLICAS | OHO5: SECRETARIA DE ESTADO DE DESENVOLVIMENTO URBANO E OBRAS PÚBLICAS | OIE5: SECRETARIA DE ESTADO DE DESENVOLVIMENTO URBANO E OBRAS PÚBLICAS | OIU5: SECRETARIA DE ESTADO DE DESENVOLVIMENTO URBANO E OBRAS PÚBLICAS | OJK5: SECRETARIA DE ESTADO DE DESENVOLVIMENTO URBANO E OBRAS PÚBLICAS | OKA5: SECRETARIA DE ESTADO DE DESENVOLVIMENTO URBANO E OBRAS PÚBLICAS | OKQ5: SECRETARIA DE ESTADO DE DESENVOLVIMENTO URBANO E OBRAS PÚBLICAS | OLG5: SECRETARIA DE ESTADO DE DESENVOLVIMENTO URBANO E OBRAS PÚBLICAS | OLW5: SECRETARIA DE ESTADO DE DESENVOLVIMENTO URBANO E OBRAS PÚBLICAS | OMM5: SECRETARIA DE ESTADO DE DESENVOLVIMENTO URBANO E OBRAS PÚBLICAS | ONC5: SECRETARIA DE ESTADO DE DESENVOLVIMENTO URBANO E OBRAS PÚBLICAS | ONS5: SECRETARIA DE ESTADO DE DESENVOLVIMENTO URBANO E OBRAS PÚBLICAS | OOI5: SECRETARIA DE ESTADO DE DESENVOLVIMENTO URBANO E OBRAS PÚBLICAS | OOY5: SECRETARIA DE ESTADO DE DESENVOLVIMENTO URBANO E OBRAS PÚBLICAS | OPO5: SECRETARIA DE ESTADO DE DESENVOLVIMENTO URBANO E OBRAS PÚBLICAS | OQE5: SECRETARIA DE ESTADO DE DESENVOLVIMENTO URBANO E OBRAS PÚBLICAS | OQU5: SECRETARIA DE ESTADO DE DESENVOLVIMENTO URBANO E OBRAS PÚBLICAS | ORK5: SECRETARIA DE ESTADO DE DESENVOLVIMENTO URBANO E OBRAS PÚBLICAS | OSA5: SECRETARIA DE ESTADO DE DESENVOLVIMENTO URBANO E OBRAS PÚBLICAS | OSQ5: SECRETARIA DE ESTADO DE DESENVOLVIMENTO URBANO E OBRAS PÚBLICAS | OTG5: SECRETARIA DE ESTADO DE DESENVOLVIMENTO URBANO E OBRAS PÚBLICAS | OTW5: SECRETARIA DE ESTADO DE DESENVOLVIMENTO URBANO E OBRAS PÚBLICAS | OUM5: SECRETARIA DE ESTADO DE DESENVOLVIMENTO URBANO E OBRAS PÚBLICAS | OVC5: SECRETARIA DE ESTADO DE DESENVOLVIMENTO URBANO E OBRAS PÚBLICAS | OVS5: SECRETARIA DE ESTADO DE DESENVOLVIMENTO URBANO E OBRAS PÚBLICAS | OWI5: SECRETARIA DE ESTADO DE DESENVOLVIMENTO URBANO E OBRAS PÚBLICAS | OWY5: SECRETARIA DE ESTADO DE DESENVOLVIMENTO URBANO E OBRAS PÚBLICAS | OXO5: SECRETARIA DE ESTADO DE DESENVOLVIMENTO URBANO E OBRAS PÚBLICAS | OYE5: SECRETARIA DE ESTADO DE DESENVOLVIMENTO URBANO E OBRAS PÚBLICAS | OYU5: SECRETARIA DE ESTADO DE DESENVOLVIMENTO URBANO E OBRAS PÚBLICAS | OZK5: SECRETARIA DE ESTADO DE DESENVOLVIMENTO URBANO E OBRAS PÚBLICAS | PAA5: SECRETARIA DE ESTADO DE DESENVOLVIMENTO URBANO E OBRAS PÚBLICAS | PAQ5: SECRETARIA DE ESTADO DE DESENVOLVIMENTO URBANO E OBRAS PÚBLICAS | PBG5: SECRETARIA DE ESTADO DE DESENVOLVIMENTO URBANO E OBRAS PÚBLICAS | PBW5: SECRETARIA DE ESTADO DE DESENVOLVIMENTO URBANO E OBRAS PÚBLICAS | PCM5: SECRETARIA DE ESTADO DE DESENVOLVIMENTO URBANO E OBRAS PÚBLICAS | PDC5: SECRETARIA DE ESTADO DE DESENVOLVIMENTO URBANO E OBRAS PÚBLICAS | PDS5: SECRETARIA DE ESTADO DE DESENVOLVIMENTO URBANO E OBRAS PÚBLICAS | PEI5: SECRETARIA DE ESTADO DE DESENVOLVIMENTO URBANO E OBRAS PÚBLICAS | PEY5: SECRETARIA DE ESTADO DE DESENVOLVIMENTO URBANO E OBRAS PÚBLICAS | PFO5: SECRETARIA DE ESTADO DE DESENVOLVIMENTO URBANO E OBRAS PÚBLICAS | PGE5: SECRETARIA DE ESTADO DE DESENVOLVIMENTO URBANO E OBRAS PÚBLICAS | PGU5: SECRETARIA DE ESTADO DE DESENVOLVIMENTO URBANO E OBRAS PÚBLICAS | PHK5: SECRETARIA DE ESTADO DE DESENVOLVIMENTO URBANO E OBRAS PÚBLICAS | PIA5: SECRETARIA DE ESTADO DE DESENVOLVIMENTO URBANO E OBRAS PÚBLICAS | PIQ5: SECRETARIA DE ESTADO DE DESENVOLVIMENTO URBANO E OBRAS PÚBLICAS | PJG5: SECRETARIA DE ESTADO DE DESENVOLVIMENTO URBANO E OBRAS PÚBLICAS | PJW5: SECRETARIA DE ESTADO DE DESENVOLVIMENTO URBANO E OBRAS PÚBLICAS | PKM5: SECRETARIA DE ESTADO DE DESENVOLVIMENTO URBANO E OBRAS PÚBLICAS | PLC5: SECRETARIA DE ESTADO DE DESENVOLVIMENTO URBANO E OBRAS PÚBLICAS | PLS5: SECRETARIA DE ESTADO DE DESENVOLVIMENTO URBANO E OBRAS PÚBLICAS | PMI5: SECRETARIA DE ESTADO DE DESENVOLVIMENTO URBANO E OBRAS PÚBLICAS | PMY5: SECRETARIA DE ESTADO DE DESENVOLVIMENTO URBANO E OBRAS PÚBLICAS | PNO5: SECRETARIA DE ESTADO DE DESENVOLVIMENTO URBANO E OBRAS PÚBLICAS | POE5: SECRETARIA DE ESTADO DE DESENVOLVIMENTO URBANO E OBRAS PÚBLICAS | POU5: SECRETARIA DE ESTADO DE DESENVOLVIMENTO URBANO E OBRAS PÚBLICAS | PPK5: SECRETARIA DE ESTADO DE DESENVOLVIMENTO URBANO E OBRAS PÚBLICAS | PQA5: SECRETARIA DE ESTADO DE DESENVOLVIMENTO URBANO E OBRAS PÚBLICAS | PQQ5: SECRETARIA DE ESTADO DE DESENVOLVIMENTO URBANO E OBRAS PÚBLICAS | PRG5: SECRETARIA DE ESTADO DE DESENVOLVIMENTO URBANO E OBRAS PÚBLICAS | PRW5: SECRETARIA DE ESTADO DE DESENVOLVIMENTO URBANO E OBRAS PÚBLICAS | PSM5: SECRETARIA DE ESTADO DE DESENVOLVIMENTO URBANO E OBRAS PÚBLICAS | PTC5: SECRETARIA DE ESTADO DE DESENVOLVIMENTO URBANO E OBRAS PÚBLICAS | PTS5: SECRETARIA DE ESTADO DE DESENVOLVIMENTO URBANO E OBRAS PÚBLICAS | PUI5: SECRETARIA DE ESTADO DE DESENVOLVIMENTO URBANO E OBRAS PÚBLICAS | PUY5: SECRETARIA DE ESTADO DE DESENVOLVIMENTO URBANO E OBRAS PÚBLICAS | PVO5: SECRETARIA DE ESTADO DE DESENVOLVIMENTO URBANO E OBRAS PÚBLICAS | PWE5: SECRETARIA DE ESTADO DE DESENVOLVIMENTO URBANO E OBRAS PÚBLICAS | PWU5: SECRETARIA DE ESTADO DE DESENVOLVIMENTO URBANO E OBRAS PÚBLICAS | PXK5: SECRETARIA DE ESTADO DE DESENVOLVIMENTO URBANO E OBRAS PÚBLICAS | PYA5: SECRETARIA DE ESTADO DE DESENVOLVIMENTO URBANO E OBRAS PÚBLICAS | PYQ5: SECRETARIA DE ESTADO DE DESENVOLVIMENTO URBANO E OBRAS PÚBLICAS | PZG5: SECRETARIA DE ESTADO DE DESENVOLVIMENTO URBANO E OBRAS PÚBLICAS | PZW5: SECRETARIA DE ESTADO DE DESENVOLVIMENTO URBANO E OBRAS PÚBLICAS | QAM5: SECRETARIA DE ESTADO DE DESENVOLVIMENTO URBANO E OBRAS PÚBLICAS | QBC5: SECRETARIA DE ESTADO DE DESENVOLVIMENTO URBANO E OBRAS PÚBLICAS | QBS5: SECRETARIA DE ESTADO DE DESENVOLVIMENTO URBANO E OBRAS PÚBLICAS | QCI5: SECRETARIA DE ESTADO DE DESENVOLVIMENTO URBANO E OBRAS PÚBLICAS | QCY5: SECRETARIA DE ESTADO DE DESENVOLVIMENTO URBANO E OBRAS PÚBLICAS | QDO5: SECRETARIA DE ESTADO DE DESENVOLVIMENTO URBANO E OBRAS PÚBLICAS | QEE5: SECRETARIA DE ESTADO DE DESENVOLVIMENTO URBANO E OBRAS PÚBLICAS | QEU5: SECRETARIA DE ESTADO DE DESENVOLVIMENTO URBANO E OBRAS PÚBLICAS | QFK5: SECRETARIA DE ESTADO DE DESENVOLVIMENTO URBANO E OBRAS PÚBLICAS | QGA5: SECRETARIA DE ESTADO DE DESENVOLVIMENTO URBANO E OBRAS PÚBLICAS | QGQ5: SECRETARIA DE ESTADO DE DESENVOLVIMENTO URBANO E OBRAS PÚBLICAS | QHG5: SECRETARIA DE ESTADO DE DESENVOLVIMENTO URBANO E OBRAS PÚBLICAS | QHW5: SECRETARIA DE ESTADO DE DESENVOLVIMENTO URBANO E OBRAS PÚBLICAS | QIM5: SECRETARIA DE ESTADO DE DESENVOLVIMENTO URBANO E OBRAS PÚBLICAS | QJC5: SECRETARIA DE ESTADO DE DESENVOLVIMENTO URBANO E OBRAS PÚBLICAS | QJS5: SECRETARIA DE ESTADO DE DESENVOLVIMENTO URBANO E OBRAS PÚBLICAS | QKI5: SECRETARIA DE ESTADO DE DESENVOLVIMENTO URBANO E OBRAS PÚBLICAS | QKY5: SECRETARIA DE ESTADO DE DESENVOLVIMENTO URBANO E OBRAS PÚBLICAS | QLO5: SECRETARIA DE ESTADO DE DESENVOLVIMENTO URBANO E OBRAS PÚBLICAS | QME5: SECRETARIA DE ESTADO DE DESENVOLVIMENTO URBANO E OBRAS PÚBLICAS | QMU5: SECRETARIA DE ESTADO DE DESENVOLVIMENTO URBANO E OBRAS PÚBLICAS | QNK5: SECRETARIA DE ESTADO DE DESENVOLVIMENTO URBANO E OBRAS PÚBLICAS | QOA5: SECRETARIA DE ESTADO DE DESENVOLVIMENTO URBANO E OBRAS PÚBLICAS | QOQ5: SECRETARIA DE ESTADO DE DESENVOLVIMENTO URBANO E OBRAS PÚBLICAS | QPG5: SECRETARIA DE ESTADO DE DESENVOLVIMENTO URBANO E OBRAS PÚBLICAS | QPW5: SECRETARIA DE ESTADO DE DESENVOLVIMENTO URBANO E OBRAS PÚBLICAS | QQM5: SECRETARIA DE ESTADO DE DESENVOLVIMENTO URBANO E OBRAS PÚBLICAS | QRC5: SECRETARIA DE ESTADO DE DESENVOLVIMENTO URBANO E OBRAS PÚBLICAS | QRS5: SECRETARIA DE ESTADO DE DESENVOLVIMENTO URBANO E OBRAS PÚBLICAS | QSI5: SECRETARIA DE ESTADO DE DESENVOLVIMENTO URBANO E OBRAS PÚBLICAS | QSY5: SECRETARIA DE ESTADO DE DESENVOLVIMENTO URBANO E OBRAS PÚBLICAS | QTO5: SECRETARIA DE ESTADO DE DESENVOLVIMENTO URBANO E OBRAS PÚBLICAS | QUE5: SECRETARIA DE ESTADO DE DESENVOLVIMENTO URBANO E OBRAS PÚBLICAS | QUU5: SECRETARIA DE ESTADO DE DESENVOLVIMENTO URBANO E OBRAS PÚBLICAS | QVK5: SECRETARIA DE ESTADO DE DESENVOLVIMENTO URBANO E OBRAS PÚBLICAS | QWA5: SECRETARIA DE ESTADO DE DESENVOLVIMENTO URBANO E OBRAS PÚBLICAS | QWQ5: SECRETARIA DE ESTADO DE DESENVOLVIMENTO URBANO E OBRAS PÚBLICAS | QXG5: SECRETARIA DE ESTADO DE DESENVOLVIMENTO URBANO E OBRAS PÚBLICAS | QXW5: SECRETARIA DE ESTADO DE DESENVOLVIMENTO URBANO E OBRAS PÚBLICAS | QYM5: SECRETARIA DE ESTADO DE DESENVOLVIMENTO URBANO E OBRAS PÚBLICAS | QZC5: SECRETARIA DE ESTADO DE DESENVOLVIMENTO URBANO E OBRAS PÚBLICAS | QZS5: SECRETARIA DE ESTADO DE DESENVOLVIMENTO URBANO E OBRAS PÚBLICAS | RAI5: SECRETARIA DE ESTADO DE DESENVOLVIMENTO URBANO E OBRAS PÚBLICAS | RAY5: SECRETARIA DE ESTADO DE DESENVOLVIMENTO URBANO E OBRAS PÚBLICAS | RBO5: SECRETARIA DE ESTADO DE DESENVOLVIMENTO URBANO E OBRAS PÚBLICAS | RCE5: SECRETARIA DE ESTADO DE DESENVOLVIMENTO URBANO E OBRAS PÚBLICAS | RCU5: SECRETARIA DE ESTADO DE DESENVOLVIMENTO URBANO E OBRAS PÚBLICAS | RDK5: SECRETARIA DE ESTADO DE DESENVOLVIMENTO URBANO E OBRAS PÚBLICAS | REA5: SECRETARIA DE ESTADO DE DESENVOLVIMENTO URBANO E OBRAS PÚBLICAS | REQ5: SECRETARIA DE ESTADO DE DESENVOLVIMENTO URBANO E OBRAS PÚBLICAS | RFG5: SECRETARIA DE ESTADO DE DESENVOLVIMENTO URBANO E OBRAS PÚBLICAS | RFW5: SECRETARIA DE ESTADO DE DESENVOLVIMENTO URBANO E OBRAS PÚBLICAS | RGM5: SECRETARIA DE ESTADO DE DESENVOLVIMENTO URBANO E OBRAS PÚBLICAS | RHC5: SECRETARIA DE ESTADO DE DESENVOLVIMENTO URBANO E OBRAS PÚBLICAS | RHS5: SECRETARIA DE ESTADO DE DESENVOLVIMENTO URBANO E OBRAS PÚBLICAS | RII5: SECRETARIA DE ESTADO DE DESENVOLVIMENTO URBANO E OBRAS PÚBLICAS | RIY5: SECRETARIA DE ESTADO DE DESENVOLVIMENTO URBANO E OBRAS PÚBLICAS | RJO5: SECRETARIA DE ESTADO DE DESENVOLVIMENTO URBANO E OBRAS PÚBLICAS | RKE5: SECRETARIA DE ESTADO DE DESENVOLVIMENTO URBANO E OBRAS PÚBLICAS | RKU5: SECRETARIA DE ESTADO DE DESENVOLVIMENTO URBANO E OBRAS PÚBLICAS | RLK5: SECRETARIA DE ESTADO DE DESENVOLVIMENTO URBANO E OBRAS PÚBLICAS | RMA5: SECRETARIA DE ESTADO DE DESENVOLVIMENTO URBANO E OBRAS PÚBLICAS | RMQ5: SECRETARIA DE ESTADO DE DESENVOLVIMENTO URBANO E OBRAS PÚBLICAS | RNG5: SECRETARIA DE ESTADO DE DESENVOLVIMENTO URBANO E OBRAS PÚBLICAS | RNW5: SECRETARIA DE ESTADO DE DESENVOLVIMENTO URBANO E OBRAS PÚBLICAS | ROM5: SECRETARIA DE ESTADO DE DESENVOLVIMENTO URBANO E OBRAS PÚBLICAS | RPC5: SECRETARIA DE ESTADO DE DESENVOLVIMENTO URBANO E OBRAS PÚBLICAS | RPS5: SECRETARIA DE ESTADO DE DESENVOLVIMENTO URBANO E OBRAS PÚBLICAS | RQI5: SECRETARIA DE ESTADO DE DESENVOLVIMENTO URBANO E OBRAS PÚBLICAS | RQY5: SECRETARIA DE ESTADO DE DESENVOLVIMENTO URBANO E OBRAS PÚBLICAS | RRO5: SECRETARIA DE ESTADO DE DESENVOLVIMENTO URBANO E OBRAS PÚBLICAS | RSE5: SECRETARIA DE ESTADO DE DESENVOLVIMENTO URBANO E OBRAS PÚBLICAS | RSU5: SECRETARIA DE ESTADO DE DESENVOLVIMENTO URBANO E OBRAS PÚBLICAS | RTK5: SECRETARIA DE ESTADO DE DESENVOLVIMENTO URBANO E OBRAS PÚBLICAS | RUA5: SECRETARIA DE ESTADO DE DESENVOLVIMENTO URBANO E OBRAS PÚBLICAS | RUQ5: SECRETARIA DE ESTADO DE DESENVOLVIMENTO URBANO E OBRAS PÚBLICAS | RVG5: SECRETARIA DE ESTADO DE DESENVOLVIMENTO URBANO E OBRAS PÚBLICAS | RVW5: SECRETARIA DE ESTADO DE DESENVOLVIMENTO URBANO E OBRAS PÚBLICAS | RWM5: SECRETARIA DE ESTADO DE DESENVOLVIMENTO URBANO E OBRAS PÚBLICAS | RXC5: SECRETARIA DE ESTADO DE DESENVOLVIMENTO URBANO E OBRAS PÚBLICAS | RXS5: SECRETARIA DE ESTADO DE DESENVOLVIMENTO URBANO E OBRAS PÚBLICAS | RYI5: SECRETARIA DE ESTADO DE DESENVOLVIMENTO URBANO E OBRAS PÚBLICAS | RYY5: SECRETARIA DE ESTADO DE DESENVOLVIMENTO URBANO E OBRAS PÚBLICAS | RZO5: SECRETARIA DE ESTADO DE DESENVOLVIMENTO URBANO E OBRAS PÚBLICAS | SAE5: SECRETARIA DE ESTADO DE DESENVOLVIMENTO URBANO E OBRAS PÚBLICAS | SAU5: SECRETARIA DE ESTADO DE DESENVOLVIMENTO URBANO E OBRAS PÚBLICAS | SBK5: SECRETARIA DE ESTADO DE DESENVOLVIMENTO URBANO E OBRAS PÚBLICAS | SCA5: SECRETARIA DE ESTADO DE DESENVOLVIMENTO URBANO E OBRAS PÚBLICAS | SCQ5: SECRETARIA DE ESTADO DE DESENVOLVIMENTO URBANO E OBRAS PÚBLICAS | SDG5: SECRETARIA DE ESTADO DE DESENVOLVIMENTO URBANO E OBRAS PÚBLICAS | SDW5: SECRETARIA DE ESTADO DE DESENVOLVIMENTO URBANO E OBRAS PÚBLICAS | SEM5: SECRETARIA DE ESTADO DE DESENVOLVIMENTO URBANO E OBRAS PÚBLICAS | SFC5: SECRETARIA DE ESTADO DE DESENVOLVIMENTO URBANO E OBRAS PÚBLICAS | SFS5: SECRETARIA DE ESTADO DE DESENVOLVIMENTO URBANO E OBRAS PÚBLICAS | SGI5: SECRETARIA DE ESTADO DE DESENVOLVIMENTO URBANO E OBRAS PÚBLICAS | SGY5: SECRETARIA DE ESTADO DE DESENVOLVIMENTO URBANO E OBRAS PÚBLICAS | SHO5: SECRETARIA DE ESTADO DE DESENVOLVIMENTO URBANO E OBRAS PÚBLICAS | SIE5: SECRETARIA DE ESTADO DE DESENVOLVIMENTO URBANO E OBRAS PÚBLICAS | SIU5: SECRETARIA DE ESTADO DE DESENVOLVIMENTO URBANO E OBRAS PÚBLICAS | SJK5: SECRETARIA DE ESTADO DE DESENVOLVIMENTO URBANO E OBRAS PÚBLICAS | SKA5: SECRETARIA DE ESTADO DE DESENVOLVIMENTO URBANO E OBRAS PÚBLICAS | SKQ5: SECRETARIA DE ESTADO DE DESENVOLVIMENTO URBANO E OBRAS PÚBLICAS | SLG5: SECRETARIA DE ESTADO DE DESENVOLVIMENTO URBANO E OBRAS PÚBLICAS | SLW5: SECRETARIA DE ESTADO DE DESENVOLVIMENTO URBANO E OBRAS PÚBLICAS | SMM5: SECRETARIA DE ESTADO DE DESENVOLVIMENTO URBANO E OBRAS PÚBLICAS | SNC5: SECRETARIA DE ESTADO DE DESENVOLVIMENTO URBANO E OBRAS PÚBLICAS | SNS5: SECRETARIA DE ESTADO DE DESENVOLVIMENTO URBANO E OBRAS PÚBLICAS | SOI5: SECRETARIA DE ESTADO DE DESENVOLVIMENTO URBANO E OBRAS PÚBLICAS | SOY5: SECRETARIA DE ESTADO DE DESENVOLVIMENTO URBANO E OBRAS PÚBLICAS | SPO5: SECRETARIA DE ESTADO DE DESENVOLVIMENTO URBANO E OBRAS PÚBLICAS | SQE5: SECRETARIA DE ESTADO DE DESENVOLVIMENTO URBANO E OBRAS PÚBLICAS | SQU5: SECRETARIA DE ESTADO DE DESENVOLVIMENTO URBANO E OBRAS PÚBLICAS | SRK5: SECRETARIA DE ESTADO DE DESENVOLVIMENTO URBANO E OBRAS PÚBLICAS | SSA5: SECRETARIA DE ESTADO DE DESENVOLVIMENTO URBANO E OBRAS PÚBLICAS | SSQ5: SECRETARIA DE ESTADO DE DESENVOLVIMENTO URBANO E OBRAS PÚBLICAS | STG5: SECRETARIA DE ESTADO DE DESENVOLVIMENTO URBANO E OBRAS PÚBLICAS | STW5: SECRETARIA DE ESTADO DE DESENVOLVIMENTO URBANO E OBRAS PÚBLICAS | SUM5: SECRETARIA DE ESTADO DE DESENVOLVIMENTO URBANO E OBRAS PÚBLICAS | SVC5: SECRETARIA DE ESTADO DE DESENVOLVIMENTO URBANO E OBRAS PÚBLICAS | SVS5: SECRETARIA DE ESTADO DE DESENVOLVIMENTO URBANO E OBRAS PÚBLICAS | SWI5: SECRETARIA DE ESTADO DE DESENVOLVIMENTO URBANO E OBRAS PÚBLICAS | SWY5: SECRETARIA DE ESTADO DE DESENVOLVIMENTO URBANO E OBRAS PÚBLICAS | SXO5: SECRETARIA DE ESTADO DE DESENVOLVIMENTO URBANO E OBRAS PÚBLICAS | SYE5: SECRETARIA DE ESTADO DE DESENVOLVIMENTO URBANO E OBRAS PÚBLICAS | SYU5: SECRETARIA DE ESTADO DE DESENVOLVIMENTO URBANO E OBRAS PÚBLICAS | SZK5: SECRETARIA DE ESTADO DE DESENVOLVIMENTO URBANO E OBRAS PÚBLICAS | TAA5: SECRETARIA DE ESTADO DE DESENVOLVIMENTO URBANO E OBRAS PÚBLICAS | TAQ5: SECRETARIA DE ESTADO DE DESENVOLVIMENTO URBANO E OBRAS PÚBLICAS | TBG5: SECRETARIA DE ESTADO DE DESENVOLVIMENTO URBANO E OBRAS PÚBLICAS | TBW5: SECRETARIA DE ESTADO DE DESENVOLVIMENTO URBANO E OBRAS PÚBLICAS | TCM5: SECRETARIA DE ESTADO DE DESENVOLVIMENTO URBANO E OBRAS PÚBLICAS | TDC5: SECRETARIA DE ESTADO DE DESENVOLVIMENTO URBANO E OBRAS PÚBLICAS | TDS5: SECRETARIA DE ESTADO DE DESENVOLVIMENTO URBANO E OBRAS PÚBLICAS | TEI5: SECRETARIA DE ESTADO DE DESENVOLVIMENTO URBANO E OBRAS PÚBLICAS | TEY5: SECRETARIA DE ESTADO DE DESENVOLVIMENTO URBANO E OBRAS PÚBLICAS | TFO5: SECRETARIA DE ESTADO DE DESENVOLVIMENTO URBANO E OBRAS PÚBLICAS | TGE5: SECRETARIA DE ESTADO DE DESENVOLVIMENTO URBANO E OBRAS PÚBLICAS | TGU5: SECRETARIA DE ESTADO DE DESENVOLVIMENTO URBANO E OBRAS PÚBLICAS | THK5: SECRETARIA DE ESTADO DE DESENVOLVIMENTO URBANO E OBRAS PÚBLICAS | TIA5: SECRETARIA DE ESTADO DE DESENVOLVIMENTO URBANO E OBRAS PÚBLICAS | TIQ5: SECRETARIA DE ESTADO DE DESENVOLVIMENTO URBANO E OBRAS PÚBLICAS | TJG5: SECRETARIA DE ESTADO DE DESENVOLVIMENTO URBANO E OBRAS PÚBLICAS | TJW5: SECRETARIA DE ESTADO DE DESENVOLVIMENTO URBANO E OBRAS PÚBLICAS | TKM5: SECRETARIA DE ESTADO DE DESENVOLVIMENTO URBANO E OBRAS PÚBLICAS | TLC5: SECRETARIA DE ESTADO DE DESENVOLVIMENTO URBANO E OBRAS PÚBLICAS | TLS5: SECRETARIA DE ESTADO DE DESENVOLVIMENTO URBANO E OBRAS PÚBLICAS | TMI5: SECRETARIA DE ESTADO DE DESENVOLVIMENTO URBANO E OBRAS PÚBLICAS | TMY5: SECRETARIA DE ESTADO DE DESENVOLVIMENTO URBANO E OBRAS PÚBLICAS | TNO5: SECRETARIA DE ESTADO DE DESENVOLVIMENTO URBANO E OBRAS PÚBLICAS | TOE5: SECRETARIA DE ESTADO DE DESENVOLVIMENTO URBANO E OBRAS PÚBLICAS | TOU5: SECRETARIA DE ESTADO DE DESENVOLVIMENTO URBANO E OBRAS PÚBLICAS | TPK5: SECRETARIA DE ESTADO DE DESENVOLVIMENTO URBANO E OBRAS PÚBLICAS | TQA5: SECRETARIA DE ESTADO DE DESENVOLVIMENTO URBANO E OBRAS PÚBLICAS | TQQ5: SECRETARIA DE ESTADO DE DESENVOLVIMENTO URBANO E OBRAS PÚBLICAS | TRG5: SECRETARIA DE ESTADO DE DESENVOLVIMENTO URBANO E OBRAS PÚBLICAS | TRW5: SECRETARIA DE ESTADO DE DESENVOLVIMENTO URBANO E OBRAS PÚBLICAS | TSM5: SECRETARIA DE ESTADO DE DESENVOLVIMENTO URBANO E OBRAS PÚBLICAS | TTC5: SECRETARIA DE ESTADO DE DESENVOLVIMENTO URBANO E OBRAS PÚBLICAS | TTS5: SECRETARIA DE ESTADO DE DESENVOLVIMENTO URBANO E OBRAS PÚBLICAS | TUI5: SECRETARIA DE ESTADO DE DESENVOLVIMENTO URBANO E OBRAS PÚBLICAS | TUY5: SECRETARIA DE ESTADO DE DESENVOLVIMENTO URBANO E OBRAS PÚBLICAS | TVO5: SECRETARIA DE ESTADO DE DESENVOLVIMENTO URBANO E OBRAS PÚBLICAS | TWE5: SECRETARIA DE ESTADO DE DESENVOLVIMENTO URBANO E OBRAS PÚBLICAS | TWU5: SECRETARIA DE ESTADO DE DESENVOLVIMENTO URBANO E OBRAS PÚBLICAS | TXK5: SECRETARIA DE ESTADO DE DESENVOLVIMENTO URBANO E OBRAS PÚBLICAS | TYA5: SECRETARIA DE ESTADO DE DESENVOLVIMENTO URBANO E OBRAS PÚBLICAS | TYQ5: SECRETARIA DE ESTADO DE DESENVOLVIMENTO URBANO E OBRAS PÚBLICAS | TZG5: SECRETARIA DE ESTADO DE DESENVOLVIMENTO URBANO E OBRAS PÚBLICAS | TZW5: SECRETARIA DE ESTADO DE DESENVOLVIMENTO URBANO E OBRAS PÚBLICAS | UAM5: SECRETARIA DE ESTADO DE DESENVOLVIMENTO URBANO E OBRAS PÚBLICAS | UBC5: SECRETARIA DE ESTADO DE DESENVOLVIMENTO URBANO E OBRAS PÚBLICAS | UBS5: SECRETARIA DE ESTADO DE DESENVOLVIMENTO URBANO E OBRAS PÚBLICAS | UCI5: SECRETARIA DE ESTADO DE DESENVOLVIMENTO URBANO E OBRAS PÚBLICAS | UCY5: SECRETARIA DE ESTADO DE DESENVOLVIMENTO URBANO E OBRAS PÚBLICAS | UDO5: SECRETARIA DE ESTADO DE DESENVOLVIMENTO URBANO E OBRAS PÚBLICAS | UEE5: SECRETARIA DE ESTADO DE DESENVOLVIMENTO URBANO E OBRAS PÚBLICAS | UEU5: SECRETARIA DE ESTADO DE DESENVOLVIMENTO URBANO E OBRAS PÚBLICAS | UFK5: SECRETARIA DE ESTADO DE DESENVOLVIMENTO URBANO E OBRAS PÚBLICAS | UGA5: SECRETARIA DE ESTADO DE DESENVOLVIMENTO URBANO E OBRAS PÚBLICAS | UGQ5: SECRETARIA DE ESTADO DE DESENVOLVIMENTO URBANO E OBRAS PÚBLICAS | UHG5: SECRETARIA DE ESTADO DE DESENVOLVIMENTO URBANO E OBRAS PÚBLICAS | UHW5: SECRETARIA DE ESTADO DE DESENVOLVIMENTO URBANO E OBRAS PÚBLICAS | UIM5: SECRETARIA DE ESTADO DE DESENVOLVIMENTO URBANO E OBRAS PÚBLICAS | UJC5: SECRETARIA DE ESTADO DE DESENVOLVIMENTO URBANO E OBRAS PÚBLICAS | UJS5: SECRETARIA DE ESTADO DE DESENVOLVIMENTO URBANO E OBRAS PÚBLICAS | UKI5: SECRETARIA DE ESTADO DE DESENVOLVIMENTO URBANO E OBRAS PÚBLICAS | UKY5: SECRETARIA DE ESTADO DE DESENVOLVIMENTO URBANO E OBRAS PÚBLICAS | ULO5: SECRETARIA DE ESTADO DE DESENVOLVIMENTO URBANO E OBRAS PÚBLICAS | UME5: SECRETARIA DE ESTADO DE DESENVOLVIMENTO URBANO E OBRAS PÚBLICAS | UMU5: SECRETARIA DE ESTADO DE DESENVOLVIMENTO URBANO E OBRAS PÚBLICAS | UNK5: SECRETARIA DE ESTADO DE DESENVOLVIMENTO URBANO E OBRAS PÚBLICAS | UOA5: SECRETARIA DE ESTADO DE DESENVOLVIMENTO URBANO E OBRAS PÚBLICAS | UOQ5: SECRETARIA DE ESTADO DE DESENVOLVIMENTO URBANO E OBRAS PÚBLICAS | UPG5: SECRETARIA DE ESTADO DE DESENVOLVIMENTO URBANO E OBRAS PÚBLICAS | UPW5: SECRETARIA DE ESTADO DE DESENVOLVIMENTO URBANO E OBRAS PÚBLICAS | UQM5: SECRETARIA DE ESTADO DE DESENVOLVIMENTO URBANO E OBRAS PÚBLICAS | URC5: SECRETARIA DE ESTADO DE DESENVOLVIMENTO URBANO E OBRAS PÚBLICAS | URS5: SECRETARIA DE ESTADO DE DESENVOLVIMENTO URBANO E OBRAS PÚBLICAS | USI5: SECRETARIA DE ESTADO DE DESENVOLVIMENTO URBANO E OBRAS PÚBLICAS | USY5: SECRETARIA DE ESTADO DE DESENVOLVIMENTO URBANO E OBRAS PÚBLICAS | UTO5: SECRETARIA DE ESTADO DE DESENVOLVIMENTO URBANO E OBRAS PÚBLICAS | UUE5: SECRETARIA DE ESTADO DE DESENVOLVIMENTO URBANO E OBRAS PÚBLICAS | UUU5: SECRETARIA DE ESTADO DE DESENVOLVIMENTO URBANO E OBRAS PÚBLICAS | UVK5: SECRETARIA DE ESTADO DE DESENVOLVIMENTO URBANO E OBRAS PÚBLICAS | UWA5: SECRETARIA DE ESTADO DE DESENVOLVIMENTO URBANO E OBRAS PÚBLICAS | UWQ5: SECRETARIA DE ESTADO DE DESENVOLVIMENTO URBANO E OBRAS PÚBLICAS | UXG5: SECRETARIA DE ESTADO DE DESENVOLVIMENTO URBANO E OBRAS PÚBLICAS | UXW5: SECRETARIA DE ESTADO DE DESENVOLVIMENTO URBANO E OBRAS PÚBLICAS | UYM5: SECRETARIA DE ESTADO DE DESENVOLVIMENTO URBANO E OBRAS PÚBLICAS | UZC5: SECRETARIA DE ESTADO DE DESENVOLVIMENTO URBANO E OBRAS PÚBLICAS | UZS5: SECRETARIA DE ESTADO DE DESENVOLVIMENTO URBANO E OBRAS PÚBLICAS | VAI5: SECRETARIA DE ESTADO DE DESENVOLVIMENTO URBANO E OBRAS PÚBLICAS | VAY5: SECRETARIA DE ESTADO DE DESENVOLVIMENTO URBANO E OBRAS PÚBLICAS | VBO5: SECRETARIA DE ESTADO DE DESENVOLVIMENTO URBANO E OBRAS PÚBLICAS | VCE5: SECRETARIA DE ESTADO DE DESENVOLVIMENTO URBANO E OBRAS PÚBLICAS | VCU5: SECRETARIA DE ESTADO DE DESENVOLVIMENTO URBANO E OBRAS PÚBLICAS | VDK5: SECRETARIA DE ESTADO DE DESENVOLVIMENTO URBANO E OBRAS PÚBLICAS | VEA5: SECRETARIA DE ESTADO DE DESENVOLVIMENTO URBANO E OBRAS PÚBLICAS | VEQ5: SECRETARIA DE ESTADO DE DESENVOLVIMENTO URBANO E OBRAS PÚBLICAS | VFG5: SECRETARIA DE ESTADO DE DESENVOLVIMENTO URBANO E OBRAS PÚBLICAS | VFW5: SECRETARIA DE ESTADO DE DESENVOLVIMENTO URBANO E OBRAS PÚBLICAS | VGM5: SECRETARIA DE ESTADO DE DESENVOLVIMENTO URBANO E OBRAS PÚBLICAS | VHC5: SECRETARIA DE ESTADO DE DESENVOLVIMENTO URBANO E OBRAS PÚBLICAS | VHS5: SECRETARIA DE ESTADO DE DESENVOLVIMENTO URBANO E OBRAS PÚBLICAS | VII5: SECRETARIA DE ESTADO DE DESENVOLVIMENTO URBANO E OBRAS PÚBLICAS | VIY5: SECRETARIA DE ESTADO DE DESENVOLVIMENTO URBANO E OBRAS PÚBLICAS | VJO5: SECRETARIA DE ESTADO DE DESENVOLVIMENTO URBANO E OBRAS PÚBLICAS | VKE5: SECRETARIA DE ESTADO DE DESENVOLVIMENTO URBANO E OBRAS PÚBLICAS | VKU5: SECRETARIA DE ESTADO DE DESENVOLVIMENTO URBANO E OBRAS PÚBLICAS | VLK5: SECRETARIA DE ESTADO DE DESENVOLVIMENTO URBANO E OBRAS PÚBLICAS | VMA5: SECRETARIA DE ESTADO DE DESENVOLVIMENTO URBANO E OBRAS PÚBLICAS | VMQ5: SECRETARIA DE ESTADO DE DESENVOLVIMENTO URBANO E OBRAS PÚBLICAS | VNG5: SECRETARIA DE ESTADO DE DESENVOLVIMENTO URBANO E OBRAS PÚBLICAS | VNW5: SECRETARIA DE ESTADO DE DESENVOLVIMENTO URBANO E OBRAS PÚBLICAS | VOM5: SECRETARIA DE ESTADO DE DESENVOLVIMENTO URBANO E OBRAS PÚBLICAS | VPC5: SECRETARIA DE ESTADO DE DESENVOLVIMENTO URBANO E OBRAS PÚBLICAS | VPS5: SECRETARIA DE ESTADO DE DESENVOLVIMENTO URBANO E OBRAS PÚBLICAS | VQI5: SECRETARIA DE ESTADO DE DESENVOLVIMENTO URBANO E OBRAS PÚBLICAS | VQY5: SECRETARIA DE ESTADO DE DESENVOLVIMENTO URBANO E OBRAS PÚBLICAS | VRO5: SECRETARIA DE ESTADO DE DESENVOLVIMENTO URBANO E OBRAS PÚBLICAS | VSE5: SECRETARIA DE ESTADO DE DESENVOLVIMENTO URBANO E OBRAS PÚBLICAS | VSU5: SECRETARIA DE ESTADO DE DESENVOLVIMENTO URBANO E OBRAS PÚBLICAS | VTK5: SECRETARIA DE ESTADO DE DESENVOLVIMENTO URBANO E OBRAS PÚBLICAS | VUA5: SECRETARIA DE ESTADO DE DESENVOLVIMENTO URBANO E OBRAS PÚBLICAS | VUQ5: SECRETARIA DE ESTADO DE DESENVOLVIMENTO URBANO E OBRAS PÚBLICAS | VVG5: SECRETARIA DE ESTADO DE DESENVOLVIMENTO URBANO E OBRAS PÚBLICAS | VVW5: SECRETARIA DE ESTADO DE DESENVOLVIMENTO URBANO E OBRAS PÚBLICAS | VWM5: SECRETARIA DE ESTADO DE DESENVOLVIMENTO URBANO E OBRAS PÚBLICAS | VXC5: SECRETARIA DE ESTADO DE DESENVOLVIMENTO URBANO E OBRAS PÚBLICAS | VXS5: SECRETARIA DE ESTADO DE DESENVOLVIMENTO URBANO E OBRAS PÚBLICAS | VYI5: SECRETARIA DE ESTADO DE DESENVOLVIMENTO URBANO E OBRAS PÚBLICAS | VYY5: SECRETARIA DE ESTADO DE DESENVOLVIMENTO URBANO E OBRAS PÚBLICAS | VZO5: SECRETARIA DE ESTADO DE DESENVOLVIMENTO URBANO E OBRAS PÚBLICAS | WAE5: SECRETARIA DE ESTADO DE DESENVOLVIMENTO URBANO E OBRAS PÚBLICAS | WAU5: SECRETARIA DE ESTADO DE DESENVOLVIMENTO URBANO E OBRAS PÚBLICAS | WBK5: SECRETARIA DE ESTADO DE DESENVOLVIMENTO URBANO E OBRAS PÚBLICAS | WCA5: SECRETARIA DE ESTADO DE DESENVOLVIMENTO URBANO E OBRAS PÚBLICAS | WCQ5: SECRETARIA DE ESTADO DE DESENVOLVIMENTO URBANO E OBRAS PÚBLICAS | WDG5: SECRETARIA DE ESTADO DE DESENVOLVIMENTO URBANO E OBRAS PÚBLICAS | WDW5: SECRETARIA DE ESTADO DE DESENVOLVIMENTO URBANO E OBRAS PÚBLICAS | WEM5: SECRETARIA DE ESTADO DE DESENVOLVIMENTO URBANO E OBRAS PÚBLICAS | WFC5: SECRETARIA DE ESTADO DE DESENVOLVIMENTO URBANO E OBRAS PÚBLICAS | WFS5: SECRETARIA DE ESTADO DE DESENVOLVIMENTO URBANO E OBRAS PÚBLICAS | WGI5: SECRETARIA DE ESTADO DE DESENVOLVIMENTO URBANO E OBRAS PÚBLICAS | WGY5: SECRETARIA DE ESTADO DE DESENVOLVIMENTO URBANO E OBRAS PÚBLICAS | WHO5: SECRETARIA DE ESTADO DE DESENVOLVIMENTO URBANO E OBRAS PÚBLICAS | WIE5: SECRETARIA DE ESTADO DE DESENVOLVIMENTO URBANO E OBRAS PÚBLICAS | WIU5: SECRETARIA DE ESTADO DE DESENVOLVIMENTO URBANO E OBRAS PÚBLICAS | WJK5: SECRETARIA DE ESTADO DE DESENVOLVIMENTO URBANO E OBRAS PÚBLICAS | WKA5: SECRETARIA DE ESTADO DE DESENVOLVIMENTO URBANO E OBRAS PÚBLICAS | WKQ5: SECRETARIA DE ESTADO DE DESENVOLVIMENTO URBANO E OBRAS PÚBLICAS | WLG5: SECRETARIA DE ESTADO DE DESENVOLVIMENTO URBANO E OBRAS PÚBLICAS | WLW5: SECRETARIA DE ESTADO DE DESENVOLVIMENTO URBANO E OBRAS PÚBLICAS | WMM5: SECRETARIA DE ESTADO DE DESENVOLVIMENTO URBANO E OBRAS PÚBLICAS | WNC5: SECRETARIA DE ESTADO DE DESENVOLVIMENTO URBANO E OBRAS PÚBLICAS | WNS5: SECRETARIA DE ESTADO DE DESENVOLVIMENTO URBANO E OBRAS PÚBLICAS | WOI5: SECRETARIA DE ESTADO DE DESENVOLVIMENTO URBANO E OBRAS PÚBLICAS | WOY5: SECRETARIA DE ESTADO DE DESENVOLVIMENTO URBANO E OBRAS PÚBLICAS | WPO5: SECRETARIA DE ESTADO DE DESENVOLVIMENTO URBANO E OBRAS PÚBLICAS | WQE5: SECRETARIA DE ESTADO DE DESENVOLVIMENTO URBANO E OBRAS PÚBLICAS | WQU5: SECRETARIA DE ESTADO DE DESENVOLVIMENTO URBANO E OBRAS PÚBLICAS | WRK5: SECRETARIA DE ESTADO DE DESENVOLVIMENTO URBANO E OBRAS PÚBLICAS | WSA5: SECRETARIA DE ESTADO DE DESENVOLVIMENTO URBANO E OBRAS PÚBLICAS | WSQ5: SECRETARIA DE ESTADO DE DESENVOLVIMENTO URBANO E OBRAS PÚBLICAS | WTG5: SECRETARIA DE ESTADO DE DESENVOLVIMENTO URBANO E OBRAS PÚBLICAS | WTW5: SECRETARIA DE ESTADO DE DESENVOLVIMENTO URBANO E OBRAS PÚBLICAS | WUM5: SECRETARIA DE ESTADO DE DESENVOLVIMENTO URBANO E OBRAS PÚBLICAS | WVC5: SECRETARIA DE ESTADO DE DESENVOLVIMENTO URBANO E OBRAS PÚBLICAS | WVS5: SECRETARIA DE ESTADO DE DESENVOLVIMENTO URBANO E OBRAS PÚBLICAS | WWI5: SECRETARIA DE ESTADO DE DESENVOLVIMENTO URBANO E OBRAS PÚBLICAS | WWY5: SECRETARIA DE ESTADO DE DESENVOLVIMENTO URBANO E OBRAS PÚBLICAS | WXO5: SECRETARIA DE ESTADO DE DESENVOLVIMENTO URBANO E OBRAS PÚBLICAS | WYE5: SECRETARIA DE ESTADO DE DESENVOLVIMENTO URBANO E OBRAS PÚBLICAS | WYU5: SECRETARIA DE ESTADO DE DESENVOLVIMENTO URBANO E OBRAS PÚBLICAS | WZK5: SECRETARIA DE ESTADO DE DESENVOLVIMENTO URBANO E OBRAS PÚBLICAS | XAA5: SECRETARIA DE ESTADO DE DESENVOLVIMENTO URBANO E OBRAS PÚBLICAS | XAQ5: SECRETARIA DE ESTADO DE DESENVOLVIMENTO URBANO E OBRAS PÚBLICAS | XBG5: SECRETARIA DE ESTADO DE DESENVOLVIMENTO URBANO E OBRAS PÚBLICAS | XBW5: SECRETARIA DE ESTADO DE DESENVOLVIMENTO URBANO E OBRAS PÚBLICAS | XCM5: SECRETARIA DE ESTADO DE DESENVOLVIMENTO URBANO E OBRAS PÚBLICAS | XDC5: SECRETARIA DE ESTADO DE DESENVOLVIMENTO URBANO E OBRAS PÚBLICAS | XDS5: SECRETARIA DE ESTADO DE DESENVOLVIMENTO URBANO E OBRAS PÚBLICAS | XEI5: SECRETARIA DE ESTADO DE DESENVOLVIMENTO URBANO E OBRAS PÚBLICAS
A6: ='DADOS DA OBRA'!$A$7:$E$7 -> PREFEITURA MUNICIPAL DE ÓBIDOS
A7: ='DADOS DA OBRA'!$A$8:$E$8 -> CNPJ: 05.131.180/0001-64
A8: ='DADOS DA OBRA'!$A$10:$E$10 -> OBJETO: PAVIMENTAÇÃO E QUALIFICAÇÃO ASFALTICA DE VIAS URBANAS NO MUNICIPIO DE ÓBIDOS
A9: ='DADOS DA OBRA'!$A$11:$E$11 -> LOCAL: MUNCÍPIO DE ÓBIDOS
A10: ='ORÇAMENTO DESONERAÇÃO'!H14 -> PRAZO: | B10: ='ORÇAMENTO DESONERAÇÃO'!I14 -> 180 DIAS
A12: CRONOGRAMA FÍSICO - FINANCEIRO - COM DESONERAÇÃO
A15: ITEM | B15: DESCRIÇÃO | C15: % | D15: 1º MÊS | E15: 2º MÊS | F15: 3º MÊS | G15: 4º MÊS | H15: 5º MÊS | I15: 6º MÊS | J15: TOTAL
D16: 30 dias | E16: 60 dias | F16: 90 dias | G16: 120 dias | H16: 150 dias | I16: 180 dias
A17: ='ORÇAMENTO DESONERAÇÃO'!B18 -> 1 | B17: ='ORÇAMENTO DESONERAÇÃO'!D18 -> MOBILIZAÇÃO E DESMOBILIZAÇÃO | C17: =J17/$J$26 -> 0.0087 | D17: 0.5 | I17: 0.5 | J17: ='ORÇAMENTO DESONERAÇÃO'!I20 -> 28476.51
D19: =D17*$J$17 -> 14238.26 | E19: =E17*$J$17 -> 0 | F19: =F17*$J$17 -> 0 | G19: =G17*$J$17 -> 0 | H19: =H17*$J$17 -> 0 | I19: =I17*$J$17 -> 14238.26
A20: ='ORÇAMENTO DESONERAÇÃO'!B22 -> 2 | B20: ='ORÇAMENTO DESONERAÇÃO'!D22 -> SERVIÇOS PRELIMINARES | C20: =J20/$J$26 -> 0.0016 | D20: 1 | J20: ='ORÇAMENTO DESONERAÇÃO'!I24 -> 5342.93
D22: =D20*$J$20 -> 5342.93
A23: ='ORÇAMENTO DESONERAÇÃO'!B26 -> 3 | B23: ='ORÇAMENTO DESONERAÇÃO'!D26 -> PAVIMENTAÇÃO ÁSFALTICA | C23: =J23/$J$26 -> 0.9897 | D23: 0.15 | E23: 0.15 | F23: 0.2 | G23: 0.2 | H23: 0.15 | I23: 0.15 | J23: ='ORÇAMENTO DESONERAÇÃO'!I31 -> 3239549
D25: =D23*$J$23 -> 485932.36 | E25: =E23*$J$23 -> 485932.36 | F25: =F23*$J$23 -> 647909.81 | G25: =G23*$J$23 -> 647909.81 | H25: =H23*$J$23 -> 485932.36 | I25: =I23*$J$23 -> 485932.36
A26: TOTAL DO MÊS | D26: =D19+D22+D25 -> 505513.55 | E26: =E19+E22+E25 -> 485932.36 | F26: =F19+F22+F25 -> 647909.81 | G26: =G19+G22+G25 -> 647909.81 | H26: =H19+H22+H25 -> 485932.36 | I26: =I19+I22+I25 -> 500170.62 | J26: =SUM(J17:J25) -> 3273368.5
A27: PERCENTUAL SIMPLES (%) | D27: =D26/$J$26 -> 0.1544 | E27: =E26/$J$26 -> 0.1485 | F27: =F26/$J$26 -> 0.1979 | G27: =G26/$J$26 -> 0.1979 | H27: =H26/$J$26 -> 0.1485 | I27: =I26/$J$26 -> 0.1528 | J27: =SUM(D27:I27) -> 1
A28: ACUMULADO NO MÊS (R$) | D28: =D26 -> 505513.55 | E28: =D28+E26 -> 991445.91 | F28: =E28+F26 -> 1639355.7 | G28: =F28+G26 -> 2287265.5 | H28: =G28+H26 -> 2773197.9 | I28: =H28+I26 -> 3273368.5
A29: PERCENTUAL ACUMULADO | D29: =D27 -> 0.1544 | E29: =E27+D29 -> 0.3029 | F29: =F27+E29 -> 0.5008 | G29: =G27+F29 -> 0.6987 | H29: =H27+G29 -> 0.8472 | I29: =I27+H29 -> 1
C40: 1500000 | E40: =D26+E26 -> 991445.91 | F40: =F26+G26 -> 1295819.6 | G40: =H26+I26 -> 986102.98 | H40: =SUM(E40:G40) -> 3273368.5 | I40: 0.526 | J40: 0.315 | K40: 0.159
C42: =J26-C40 -> 1773368.5 | E42: =C40*I40 -> 789000 | F42: =C40*J40 -> 472500 | G42: =C40*K40 -> 238500 | H42: =SUM(E42:G42) -> 1500000
E44: =C42*I40 -> 932791.82 | F44: =C42*J40 -> 558611.07 | G44: =C42*K40 -> 281965.59 | H44: =SUM(E44:G44) -> 1773368.5

Sheet B.D.I
A4: ='DADOS DA OBRA'!$A$6:$E$6 -> ESTADO DO PARÁ
A5: ='DADOS DA OBRA'!$A$7:$E$7 -> PREFEITURA MUNICIPAL DE ÓBIDOS
A6: ='DADOS DA OBRA'!$A$8:$E$8 -> CNPJ: 05.131.180/0001-64
A8: ='DADOS DA OBRA'!$A$10:$E$10 -> OBJETO: PAVIMENTAÇÃO E QUALIFICAÇÃO ASFALTICA DE VIAS URBANAS NO MUNICIPIO DE ÓBIDOS
A9: ='DADOS DA OBRA'!$A$11:$E$11 -> LOCAL: MUNCÍPIO DE ÓBIDOS
A11: BDI COM DESONERAÇÃO
A13: Item | B13: PARCELA DO BDI
A14: 1 | B14: AC = Taxa de Administração Central | I14: 0.038
A15: 2 | B15: S e G = Taxas de Seguro e Garantia | I15: 0.0032
A16: 3 | B16: R = Taxa de Risco | I16: 0.005
A17: 4 | B17: DF = Taxa de Despesas Financeiras | I17: 0.0102
A18: 5 | B18: L = Taxa de Lucro / Remuneração | I18: 0.0664
A19: 6 | B19: I = Taxa de incidência de Impostos (PIS, COFINS e ISS) | I19: =I26 -> 0.1315
A21: Item | B21: Impostos
A22: 6.1 | B22: ISS | I22: 0.05
A23: 6.2 | B23: PIS | I23: 0.0065
A24: 6.3 | B24: COFINS | I24: 0.03
A25: 6.4 | B25: CPRB | I25: 0.045
G26: Total Impostos = | I26: =SUM(I22:I25) -> 0.1315
A27: Fórmula para o cálculo de BDI
I28: =(((1+I14+I15+I16)*(1+I17)*(1+I18))/(1-I19))-1 -> 0.2977
A30: Notas:
A31: 1) Alíquota de ISS é determinada pela “Relação de Serviços” do município onde se prestará o serviço conforme art. 1º e art.8º da Lei Complementar nº116/2001.
A32: 2) Alíquota máxima de PIS é de até 1,65% conforme Lei nº10.637/02 em consonância com o Regime de Tributação da Empresa
A33: 3) Alíquota máxima de COFINS é de 3% conforme inciso XX do art. 10 da Lei nº10.833/03.
A34: 4) Os percentuais dos itens que compõem analiticamente o BDI são so limites referenciais máximos adotados pela Administração consoante com o art.40 inciso X da Lei 8.666/93.
A35: 5) Antes da aplicação do BDI (Teto Empresa de Lucros Real ) os insumos constantes do art.3º da Lei nº10.637/02 deverão sofrer redução de 1,65%, após 31/12/2008, reduzir também do insumo o percentual de 7,6% da COFINS conforme art. 3º da Lei nº10.833/03 combinado com o inciso XX do art.10 da mesma Lei.
A36: BDI CALCULADO DE ACORDO COM AS RECOMENDAÇÕES DO TRIBUNAL DE CONTAS DA UNIÃO FONTE: - Acórdão Nº 2622/2013-P.

Sheet Enc.Sociais
A6: ='DADOS DA OBRA'!$A$6:$E$6 -> ESTADO DO PARÁ
A7: ='DADOS DA OBRA'!$A$7:$E$7 -> PREFEITURA MUNICIPAL DE ÓBIDOS
A8: ='DADOS DA OBRA'!$A$8:$E$8 -> CNPJ: 05.131.180/0001-64
A10: ='DADOS DA OBRA'!$A$10:$E$10 -> OBJETO: PAVIMENTAÇÃO E QUALIFICAÇÃO ASFALTICA DE VIAS URBANAS NO MUNICIPIO DE ÓBIDOS
A11: ='DADOS DA OBRA'!$A$11:$E$11 -> LOCAL: MUNCÍPIO DE ÓBIDOS
A13: ENCARGOS SOCIAIS - COM DESONERAÇÃO
A15: COD | B15: DESCRIÇÃO | C15: HORISTA % | D15: MENSALISTA %
A16: GRUPO A
A17: A1 | B17: INSS | C17: 0 | D17: 0
A18: A2 | B18: SESI | C18: 0.015 | D18: 0.015
A19: A3 | B19: SENAI | C19: 0.01 | D19: 0.01
A20: A4 | B20: INCRA | C20: 0.002 | D20: 0.002
A21: A5 | B21: SEBRAE | C21: 0.006 | D21: 0.006
A22: A6 | B22: Salário Educação | C22: 0.025 | D22: 0.025
A23: A7 | B23: Seguro Contra Acidentes de Trabalho | C23: 0.03 | D23: 0.03
A24: A8 | B24: FGTS | C24: 0.08 | D24: 0.08
A25: A9 | B25: SECONCI | C25: 0 | D25: 0
A26: A | B26: TOTAL | C26: =SUM(C17:C25) -> 0.168 | D26: =SUM(D17:D25) -> 0.168
A27: GRUPO B
A28: B1 | B28: Repouso Semanal Renumerado | C28: 0.1813 | D28: Não Inside
A29: B2 | B29: Feriados | C29: 0.0416 | D29: Não Inside
A30: B3 | B30: Auxílio - Enfermidade | C30: 0.0089 | D30: 0.0066
A31: B4 | B31: 13° Salário | C31: 0.1123 | D31: 0.0833
A32: B5 | B32: Licença Paternidade | C32: 0.0007 | D32: 0.0005
A33: B6 | B33: Faltas Justificadas | C33: 0.0075 | D33: 0.0056
A34: B7 | B34: Dias de Chuvas | C34: 0.0275 | D34: Não Inside
A35: B8 | B35: Auxílio Acidente de Trabalho | C35: 0.0011 | D35: 0.0008
A36: B9 | B36: Férias Gozadas | C36: 0.1317 | D36: 0.0977
A37: B10 | B37: Salário Maternidade | C37: 0.0004 | D37: 0.0003
A38: B | B38: TOTAL | C38: =SUM(C28:C37) -> 0.513 | D38: =SUM(D28:D37) -> 0.1948
A39: GRUPO C
A40: C1 | B40: Aviso Prévio Indenizado | C40: 0.0582 | D40: 0.0432
A41: C2 | B41: Aviso Prévio Trabalhado | C41: 0.0014 | D41: 0.001
A42: C3 | B42: Férias Indenizadas | C42: 0.0182 | D42: 0.0135
A43: C4 | B43: Depósito Rescisão Sem Justa Causa | C43: 0.0289 | D43: 0.0214
A44: C5 | B44: Indenização Adicional | C44: 0.0049 | D44: 0.0036
B45: TOTAL | C45: =SUM(C40:C44) -> 0.1116 | D45: =SUM(D40:D44) -> 0.0827
A46: GRUPO D
A47: D1 | B47: Reincidência de Grupo A sobre Grupo B | C47: 0.0862 | D47: 0.0327
A48: D2 | B48: Reincidência de Grupo A sobre Aviso Prévio Trabalhado e Reincidência do FGTS sobre Aviso Prévio Indenizado | C48: 0.0049 | D48: 0.0036
A49: D | B49: TOTAL | C49: =SUM(C47:C48) -> 0.0911 | D49: =SUM(D47:D48) -> 0.0363
A50: TOTAL(A+B+C+D) | C50: =C26+C38+C45+C49 -> 0.8837 | D50: =D26+D38+D45+D49 -> 0.4818
